Workbook
Name DEPENDENCIAS: Listas!$B$2:$B$16
Name METEVA: Listas!$D$2:$D$6
Name RESULTADO: Listas!$C$2:$C$4

Sheet RESUMEN
B1: INSTITUTO NACIONAL DE VÍAS
B2: DIRECCIÓN GENERAL
B3: DIRECCIÓN DE CONTRATACIÓN
B4: DIRECCIÓN TÉCNICA - SUBDIRECCIÓN DE PREVENCIÓN Y ATENCIÓN DE EMERGENCIAS
B5: SELECCIÓN ABREVIADA DE MENOR CUANTÍA SA-MC-DT-CAL-009-2019
B7: OBJETO: CONSTRUCCION OBRAS DE SEÑALIZACION PARA LA SEGURIDAD VIAL EN VIAS A CARGO DEL INVIAS EN JURISDICCION DE LA DIRECCIÓN TERRITORIAL CALDAS. (VIAS CON DISPOSITIVOS CONTROL Y SEÑALIZACION- SISTEMA CONTENCION VEHICULARCOMPLEMENTARIAS-ZONAS ESCOLARES).
B10: CUADRO No. 1
B11: RESULTADO FINAL DEL PROCESO DE EVALUACIÓN
B12: CONSECUTIVO | C12: PROPONENTE NÚMERO | D12: NOMBRE PROPONENTE | E12: CALIFICACIÓN OBTENIDA | F12: PUNTAJES OTORGADOS A LOS SIGUIENTES CRITERIOS:
F13: Apoyo a la industria nacional | G13: Factor de Calidad
B15: 1 | C15: 1 | D15: =[1]Hoja1!B10 -> JUAN BERNARDO CAÑON PARRA | E15: ADMISIBLE | F15: 100 | G15: 100
B16: 2 | C16: 2 | D16: =[1]Hoja1!B11 -> LESATH SAS | E16: RECHAZO | I16: =IF(H16="","",IF(H16=10,25,IF(H16=5,35,50)))
B17: 3 | C17: 3 | D17: =[1]Hoja1!B12 -> RAUL EDUARDO GALINDO GARCIA | E17: ADMISIBLE | F17: 100 | G17: 100 | I17: =IF(H17="","",IF(H17=10,25,IF(H17=5,35,50)))
B18: 4 | C18: 4 | D18: =[1]Hoja1!B13 -> JORGE EIVAR TULCAN LOSADA | E18: ADMISIBLE | F18: 100 | G18: 100 | I18: =IF(H18="","",IF(H18=10,25,IF(H18=5,35,50)))
B19: 5 | C19: 5 | D19: =[1]Hoja1!B14 -> CONSORCIO SEDILAS 19 | E19: ADMISIBLE | F19: 100 | G19: 100 | I19: =IF(H19="","",IF(H19=10,25,IF(H19=5,35,50)))
B20: 6 | C20: 6 | D20: =[1]Hoja1!B15 -> CLAUDIA MARIA FERRERO SERRANO | E20: ADMISIBLE | F20: 100 | G20: 100 | I20: =IF(H20="","",IF(H20=10,25,IF(H20=5,35,50)))
B21: 7 | C21: 7 | I21: =IF(H21="","",IF(H21=10,25,IF(H21=5,35,50)))
B22: 8 | C22: 8 | I22: =IF(H22="","",IF(H22=10,25,IF(H22=5,35,50)))
B23: 9 | C23: 9 | I23: =IF(H23="","",IF(H23=10,25,IF(H23=5,35,50)))
B24: 10 | C24: 10
B116: TOTALES | D116: ADMISIBLE | E116: =COUNTIF($E$15:$E$114,D116) -> 5
D117: NO ADMISIBLE | E117: =COUNTIF($E$15:$E$114,D117) -> 0
D118: RECHAZO | E118: =COUNTIF($E$15:$E$114,D118) -> 1
D119: TOTAL | E119: =SUM(E116:E118) -> 6

Sheet VR-PROP
B1: =RESUMEN!B1 -> INSTITUTO NACIONAL DE VÍAS
B2: =RESUMEN!B2 -> DIRECCIÓN GENERAL
B3: =RESUMEN!B3 -> DIRECCIÓN DE CONTRATACIÓN
B4: =RESUMEN!B4 -> DIRECCIÓN TÉCNICA - SUBDIRECCIÓN DE PREVENCIÓN Y ATENCIÓN DE EMERGENCIAS
B5: =RESUMEN!B5 -> SELECCIÓN ABREVIADA DE MENOR CUANTÍA SA-MC-DT-CAL-009-2019
B7: =RESUMEN!B7 -> OBJETO: CONSTRUCCION OBRAS DE SEÑALIZACION PARA LA SEGURIDAD VIAL EN VIAS A CARGO DEL INVIAS EN JURISDICCION DE LA DIRECCIÓN TERRITORIAL CALDAS. (VIAS CON DISPOSITIVOS CONTROL Y SEÑALIZACION- SISTEMA CONTENCION VEHICULARCOMPLEMENTARIAS-ZONAS ESCOLARES).
B9: CUADRO No. 2 - VERIFICACIÓN DE LAS PROPUESTAS ECONÓNICAS
I10: =RESUMEN!$E$15 -> ADMISIBLE | L10: =RESUMEN!$E$16 -> RECHAZO | O10: =RESUMEN!$E$17 -> ADMISIBLE | R10: =RESUMEN!$E$18 -> ADMISIBLE | U10: =RESUMEN!$E$19 -> ADMISIBLE | X10: =RESUMEN!$E$20 -> ADMISIBLE | AA10: =RESUMEN!$E$21 -> 0 | AD10: =RESUMEN!$E$22 -> 0 | AG10: =RESUMEN!$E$23 -> 0 | AJ10: =RESUMEN!$E$24 -> 0 | AM10: =RESUMEN!$E$25 -> 0 | AP10: =RESUMEN!$E$26 -> 0 | AS10: =RESUMEN!$E$27 -> 0 | AV10: =RESUMEN!$E$28 -> 0 | AY10: =RESUMEN!$E$29 -> 0 | BB10: =RESUMEN!$E$30 -> 0 | BE10: =RESUMEN!$E$31 -> 0 | BH10: =RESUMEN!$E$32 -> 0 | BK10: =RESUMEN!$E$33 -> 0 | BN10: =RESUMEN!$E$34 -> 0 | BQ10: =RESUMEN!$E$35 -> 0 | BT10: =RESUMEN!$E$36 -> 0 | BW10: =RESUMEN!$E$37 -> 0 | BZ10: =RESUMEN!$E$38 -> 0 | CC10: =RESUMEN!$E$39 -> 0 | CF10: =RESUMEN!$E$40 -> 0 | CI10: =RESUMEN!$E$41 -> 0 | CL10: =RESUMEN!$E$42 -> 0 | CO10: =RESUMEN!$E$43 -> 0 | CR10: =RESUMEN!$E$44 -> 0 | CU10: =RESUMEN!$E$45 -> 0 | CX10: =RESUMEN!$E$46 -> 0 | DA10: =RESUMEN!$E$47 -> 0 | DD10: =RESUMEN!$E$48 -> 0 | DG10: =RESUMEN!$E$49 -> 0 | DJ10: =RESUMEN!$E$50 -> 0 | DM10: =RESUMEN!$E$51 -> 0 | DP10: =RESUMEN!$E$52 -> 0 | DS10: =RESUMEN!$E$53 -> 0 | DV10: =RESUMEN!$E$54 -> 0 | DY10: =RESUMEN!$E$55 -> 0 | EB10: =RESUMEN!$E$56 -> 0 | EE10: =RESUMEN!$E$57 -> 0 | EH10: =RESUMEN!$E$58 -> 0 | EK10: =RESUMEN!$E$59 -> 0 | EN10: =RESUMEN!$E$60 -> 0 | EQ10: =RESUMEN!$E$61 -> 0 | ET10: =RESUMEN!$E$62 -> 0 | EW10: =RESUMEN!$E$63 -> 0 | EZ10: =RESUMEN!$E$64 -> 0 | FC10: =RESUMEN!$E$65 -> 0 | FF10: =RESUMEN!$E$66 -> 0 | FI10: =RESUMEN!$E$67 -> 0 | FL10: =RESUMEN!$E$68 -> 0 | FO10: =RESUMEN!$E$69 -> 0 | FR10: =RESUMEN!$E$70 -> 0 | FU10: =RESUMEN!$E$71 -> 0 | FX10: =RESUMEN!$E$72 -> 0 | GA10: =RESUMEN!$E$73 -> 0 | GD10: =RESUMEN!$E$74 -> 0 | GG10: =RESUMEN!$E$75 -> 0 | GJ10: =RESUMEN!$E$76 -> 0 | GM10: =RESUMEN!$E$77 -> 0 | GP10: =RESUMEN!$E$78 -> 0 | GS10: =RESUMEN!$E$79 -> 0 | GV10: =RESUMEN!$E$80 -> 0 | GY10: =RESUMEN!$E$81 -> 0 | HB10: =RESUMEN!$E$82 -> 0 | HE10: =RESUMEN!$E$83 -> 0 | HH10: =RESUMEN!$E$84 -> 0 | HK10: =RESUMEN!$E$85 -> 0 | HN10: =RESUMEN!$E$86 -> 0 | HQ10: =RESUMEN!$E$87 -> 0 | HT10: =RESUMEN!$E$88 -> 0 | HW10: =RESUMEN!$E$89 -> 0 | HZ10: =RESUMEN!$E$90 -> 0 | IC10: =RESUMEN!$E$91 -> 0 | IF10: =RESUMEN!$E$92 -> 0 | II10: =RESUMEN!$E$93 -> 0 | IL10: =RESUMEN!$E$94 -> 0 | IO10: =RESUMEN!$E$95 -> 0 | IR10: =RESUMEN!$E$96 -> 0 | IU10: =RESUMEN!$E$97 -> 0 | IX10: =RESUMEN!$E$98 -> 0 | JA10: =RESUMEN!$E$99 -> 0 | JD10: =RESUMEN!$E$100 -> 0 | JG10: =RESUMEN!$E$101 -> 0 | JJ10: =RESUMEN!$E$102 -> 0 | JM10: =RESUMEN!$E$103 -> 0 | JP10: =RESUMEN!$E$104 -> 0 | JS10: =RESUMEN!$E$105 -> 0 | JV10: =RESUMEN!$E$106 -> 0 | JY10: =RESUMEN!$E$107 -> 0 | KB10: =RESUMEN!$E$108 -> 0 | KE10: =RESUMEN!$E$109 -> 0 | KH10: =RESUMEN!$E$110 -> 0 | KK10: =RESUMEN!$E$111 -> 0 | KN10: =RESUMEN!$E$112 -> 0 | KQ10: =RESUMEN!$E$113 -> 0 | KT10: =RESUMEN!$E$114 -> 0
I11: =RESUMEN!$C$15 -> 1 | L11: =RESUMEN!$C$16 -> 2 | O11: =RESUMEN!$C$17 -> 3 | R11: =RESUMEN!$C$18 -> 4 | U11: =RESUMEN!$C$19 -> 5 | X11: =RESUMEN!$C$20 -> 6 | AA11: =RESUMEN!$C$21 -> 7 | AD11: =RESUMEN!$C$22 -> 8 | AG11: =RESUMEN!$C$23 -> 9 | AJ11: =RESUMEN!$C$24 -> 10 | AM11: =RESUMEN!$C$25 -> 0 | AP11: =RESUMEN!$C$26 -> 0 | AS11: =RESUMEN!$C$27 -> 0 | AV11: =RESUMEN!$C$28 -> 0 | AY11: =RESUMEN!$C$29 -> 0 | BB11: =RESUMEN!$C$30 -> 0 | BE11: =RESUMEN!$C$31 -> 0 | BH11: =RESUMEN!$C$32 -> 0 | BK11: =RESUMEN!$C$33 -> 0 | BN11: =RESUMEN!$C$34 -> 0 | BQ11: =RESUMEN!$C$35 -> 0 | BT11: =RESUMEN!$C$36 -> 0 | BW11: =RESUMEN!$C$37 -> 0 | BZ11: =RESUMEN!$C$38 -> 0 | CC11: =RESUMEN!$C$39 -> 0 | CF11: =RESUMEN!$C$40 -> 0 | CI11: =RESUMEN!$C$41 -> 0 | CL11: =RESUMEN!$C$42 -> 0 | CO11: =RESUMEN!$C$43 -> 0 | CR11: =RESUMEN!$C$44 -> 0 | CU11: =RESUMEN!$C$45 -> 0 | CX11: =RESUMEN!$C$46 -> 0 | DA11: =RESUMEN!$C$47 -> 0 | DD11: =RESUMEN!$C$48 -> 0 | DG11: =RESUMEN!$C$49 -> 0 | DJ11: =RESUMEN!$C$50 -> 0 | DM11: =RESUMEN!$C$51 -> 0 | DP11: =RESUMEN!$C$52 -> 0 | DS11: =RESUMEN!$C$53 -> 0 | DV11: =RESUMEN!$C$54 -> 0 | DY11: =RESUMEN!$C$55 -> 0 | EB11: =RESUMEN!$C$56 -> 0 | EE11: =RESUMEN!$C$57 -> 0 | EH11: =RESUMEN!$C$58 -> 0 | EK11: =RESUMEN!$C$59 -> 0 | EN11: =RESUMEN!$C$60 -> 0 | EQ11: =RESUMEN!$C61 -> 0 | ET11: =RESUMEN!$C$62 -> 0 | EW11: =RESUMEN!$C$63 -> 0 | EZ11: =RESUMEN!$C$64 -> 0 | FC11: =RESUMEN!$C$65 -> 0 | FF11: =RESUMEN!$C$66 -> 0 | FI11: =RESUMEN!$C$67 -> 0 | FL11: =RESUMEN!$C$68 -> 0 | FO11: =RESUMEN!$C$69 -> 0 | FR11: =RESUMEN!$C$70 -> 0 | FU11: =RESUMEN!$C$71 -> 0 | FX11: =RESUMEN!$C$72 -> 0 | GA11: =RESUMEN!$C$73 -> 0 | GD11: =RESUMEN!$C$74 -> 0 | GG11: =RESUMEN!$C$75 -> 0 | GJ11: =RESUMEN!$C$76 -> 0 | GM11: =RESUMEN!$C$77 -> 0 | GP11: =RESUMEN!$C$78 -> 0 | GS11: =RESUMEN!$C$79 -> 0 | GV11: =RESUMEN!$C$80 -> 0 | GY11: =RESUMEN!$C$81 -> 0 | HB11: =RESUMEN!$C$82 -> 0 | HE11: =RESUMEN!$C$83 -> 0 | HH11: =RESUMEN!$C$84 -> 0 | HK11: =RESUMEN!$C$85 -> 0 | HN11: =RESUMEN!$C$86 -> 0 | HQ11: =RESUMEN!$C$87 -> 0 | HT11: =RESUMEN!$C$88 -> 0 | HW11: =RESUMEN!$C$89 -> 0 | HZ11: =RESUMEN!$C$90 -> 0 | IC11: =RESUMEN!$C$91 -> 0 | IF11: =RESUMEN!$C$92 -> 0 | II11: =RESUMEN!$C$93 -> 0 | IL11: =RESUMEN!$C$94 -> 0 | IO11: =RESUMEN!$C$95 -> 0 | IR11: =RESUMEN!$C$96 -> 0 | IU11: =RESUMEN!$C$97 -> 0 | IX11: =RESUMEN!$C$98 -> 0 | JA11: =RESUMEN!$C$99 -> 0 | JD11: =RESUMEN!$C$100 -> 0 | JG11: =RESUMEN!$C$101 -> 0 | JJ11: =RESUMEN!$C$102 -> 0 | JM11: =RESUMEN!$C$103 -> 0 | JP11: =RESUMEN!$C$104 -> 0 | JS11: =RESUMEN!$C$105 -> 0 | JV11: =RESUMEN!$C$106 -> 0 | JY11: =RESUMEN!$C$107 -> 0 | KB11: =RESUMEN!$C$108 -> 0 | KE11: =RESUMEN!$C$109 -> 0 | KH11: =RESUMEN!$C$110 -> 0 | KK11: =RESUMEN!$C$111 -> 0 | KN11: =RESUMEN!$C$112 -> 0 | KQ11: =RESUMEN!$C$113 -> 0 | KT11: =RESUMEN!$C$114 -> 0
B12: PRESUPUESTO OFICIAL | I12: =RESUMEN!$D$15 -> JUAN BERNARDO CAÑON PARRA | L12: =RESUMEN!$D$16 -> LESATH SAS | O12: =RESUMEN!$D$17 -> RAUL EDUARDO GALINDO GARCIA | R12: =RESUMEN!$D$18 -> JORGE EIVAR TULCAN LOSADA | U12: =RESUMEN!$D$19 -> CONSORCIO SEDILAS 19 | X12: =RESUMEN!$D$20 -> CLAUDIA MARIA FERRERO SERRANO | AA12: =RESUMEN!$D$21 -> 0 | AD12: =RESUMEN!$D$22 -> 0 | AG12: =RESUMEN!$D$23 -> 0 | AJ12: =RESUMEN!$D$24 -> 0 | AM12: =RESUMEN!$D$25 -> 0 | AP12: =RESUMEN!$D$26 -> 0 | AS12: =RESUMEN!$D$27 -> 0 | AV12: =RESUMEN!$D$28 -> 0 | AY12: =RESUMEN!$D$29 -> 0 | BB12: =RESUMEN!$D$30 -> 0 | BE12: =RESUMEN!$D$31 -> 0 | BH12: =RESUMEN!$D$32 -> 0 | BK12: =RESUMEN!$D$33 -> 0 | BN12: =RESUMEN!$D$34 -> 0 | BQ12: =RESUMEN!$D$35 -> 0 | BT12: =RESUMEN!$D$36 -> 0 | BW12: =RESUMEN!$D$37 -> 0 | BZ12: =RESUMEN!$D$38 -> 0 | CC12: =RESUMEN!$D$39 -> 0 | CF12: =RESUMEN!$D$40 -> 0 | CI12: =RESUMEN!$D$41 -> 0 | CL12: =RESUMEN!$D$42 -> 0 | CO12: =RESUMEN!$D$43 -> 0 | CR12: =RESUMEN!$D$44 -> 0 | CU12: =RESUMEN!$D$45 -> 0 | CX12: =RESUMEN!$D$46 -> 0 | DA12: =RESUMEN!$D$47 -> 0 | DD12: =RESUMEN!$D$48 -> 0 | DG12: =RESUMEN!$D$49 -> 0 | DJ12: =RESUMEN!$D$50 -> 0 | DM12: =RESUMEN!$D$51 -> 0 | DP12: =RESUMEN!$D$52 -> 0 | DS12: =RESUMEN!$D$53 -> 0 | DV12: =RESUMEN!$D$54 -> 0 | DY12: =RESUMEN!$D$55 -> 0 | EB12: =RESUMEN!$D$56 -> 0 | EE12: =RESUMEN!$D$57 -> 0 | EH12: =RESUMEN!$D$58 -> 0 | EK12: =RESUMEN!$D$59 -> 0 | EN12: =RESUMEN!$D$60 -> 0 | EQ12: =RESUMEN!$D$61 -> 0 | ET12: =RESUMEN!$D$62 -> 0 | EW12: =RESUMEN!$D$63 -> 0 | EZ12: =RESUMEN!$D$64 -> 0 | FC12: =RESUMEN!$D$65 -> 0 | FF12: =RESUMEN!$D$66 -> 0 | FI12: =RESUMEN!$D$67 -> 0 | FL12: =RESUMEN!$D$68 -> 0 | FO12: =RESUMEN!$D$69 -> 0 | FR12: =RESUMEN!$D$70 -> 0 | FU12: =RESUMEN!$D$71 -> 0 | FX12: =RESUMEN!$D$72 -> 0 | GA12: =RESUMEN!$D$73 -> 0 | GD12: =RESUMEN!$D$74 -> 0 | GG12: =RESUMEN!$D$75 -> 0 | GJ12: =RESUMEN!$D$76 -> 0 | GM12: =RESUMEN!$D$77 -> 0 | GP12: =RESUMEN!$D$78 -> 0 | GS12: =RESUMEN!$D$79 -> 0 | GV12: =RESUMEN!$D$80 -> 0 | GY12: =RESUMEN!$D$81 -> 0 | HB12: =RESUMEN!$D$82 -> 0 | HE12: =RESUMEN!$D$83 -> 0 | HH12: =RESUMEN!$D$84 -> 0 | HK12: =RESUMEN!$D$85 -> 0 | HN12: =RESUMEN!$D$86 -> 0 | HQ12: =RESUMEN!$D$87 -> 0 | HT12: =RESUMEN!$D$88 -> 0 | HW12: =RESUMEN!$D$89 -> 0 | HZ12: =RESUMEN!$D$90 -> 0 | IC12: =RESUMEN!$D$91 -> 0 | IF12: =RESUMEN!$D$92 -> 0 | II12: =RESUMEN!$D$93 -> 0 | IL12: =RESUMEN!$D$94 -> 0 | IO12: =RESUMEN!$D$95 -> 0 | IR12: =RESUMEN!$D$96 -> 0 | IU12: =RESUMEN!$D$97 -> 0 | IX12: =RESUMEN!$D$98 -> 0 | JA12: =RESUMEN!$D$99 -> 0 | JD12: =RESUMEN!$D$100 -> 0 | JG12: =RESUMEN!$D$101 -> 0 | JJ12: =RESUMEN!$D$102 -> 0 | JM12: =RESUMEN!$D$103 -> 0 | JP12: =RESUMEN!$D$104 -> 0 | JS12: =RESUMEN!$D$105 -> 0 | JV12: =RESUMEN!$D$106 -> 0 | JY12: =RESUMEN!$D$107 -> 0 | KB12: =RESUMEN!$D$108 -> 0 | KE12: =RESUMEN!$D$109 -> 0 | KH12: =RESUMEN!$D$110 -> 0 | KK12: =RESUMEN!$D$111 -> 0 | KN12: =RESUMEN!$D$112 -> 0 | KQ12: =RESUMEN!$D$113 -> 0 | KT12: =RESUMEN!$D$114 -> 0
B13: No. | C13: Ítem Pago | D13: DESCRIPCION | E13: UNIDAD | F13: CANTIDAD | G13: P/UNIT | H13: VR PARCIAL (1) | I13: P/UNIT | J13: VR PARCIAL | K13: PU vs PO | L13: P/UNIT | M13: VR PARCIAL | N13: PU vs PO | O13: P/UNIT | P13: VR PARCIAL | Q13: PU vs PO | R13: P/UNIT | S13: VR PARCIAL | T13: PU vs PO | U13: P/UNIT | V13: VR PARCIAL | W13: PU vs PO | X13: P/UNIT | Y13: VR PARCIAL | Z13: PU vs PO | AA13: P/UNIT | AB13: VR PARCIAL | AC13: PU vs PO | AD13: P/UNIT | AE13: VR PARCIAL | AF13: PU vs PO | AG13: P/UNIT | AH13: VR PARCIAL | AI13: PU vs PO | AJ13: P/UNIT | AK13: VR PARCIAL | AL13: PU vs PO | AM13: P/UNIT | AN13: VR PARCIAL | AO13: PU vs PO | AP13: P/UNIT | AQ13: VR PARCIAL | AR13: PU vs PO | AS13: P/UNIT | AT13: VR PARCIAL | AU13: PU vs PO | AV13: P/UNIT | AW13: VR PARCIAL | AX13: PU vs PO | AY13: P/UNIT | AZ13: VR PARCIAL | BA13: PU vs PO | BB13: P/UNIT | BC13: VR PARCIAL | BD13: PU vs PO | BE13: P/UNIT | BF13: VR PARCIAL | BG13: PU vs PO | BH13: P/UNIT | BI13: VR PARCIAL | BJ13: PU vs PO | BK13: P/UNIT | BL13: VR PARCIAL | BM13: PU vs PO | BN13: P/UNIT | BO13: VR PARCIAL | BP13: PU vs PO | BQ13: P/UNIT | BR13: VR PARCIAL | BS13: PU vs PO | BT13: P/UNIT | BU13: VR PARCIAL | BV13: PU vs PO | BW13: P/UNIT | BX13: VR PARCIAL | BY13: PU vs PO | BZ13: P/UNIT | CA13: VR PARCIAL | CB13: PU vs PO | CC13: P/UNIT | CD13: VR PARCIAL | CE13: PU vs PO | CF13: P/UNIT | CG13: VR PARCIAL | CH13: PU vs PO | CI13: P/UNIT | CJ13: VR PARCIAL | CK13: PU vs PO | CL13: P/UNIT | CM13: VR PARCIAL | CN13: PU vs PO | CO13: P/UNIT | CP13: VR PARCIAL | CQ13: PU vs PO | CR13: P/UNIT | CS13: VR PARCIAL | CT13: PU vs PO | CU13: P/UNIT | CV13: VR PARCIAL | CW13: PU vs PO | CX13: P/UNIT | CY13: VR PARCIAL | CZ13: PU vs PO | DA13: P/UNIT | DB13: VR PARCIAL | DC13: PU vs PO | DD13: P/UNIT | DE13: VR PARCIAL | DF13: PU vs PO | DG13: P/UNIT | DH13: VR PARCIAL | DI13: PU vs PO | DJ13: P/UNIT | DK13: VR PARCIAL | DL13: PU vs PO | DM13: P/UNIT | DN13: VR PARCIAL | DO13: PU vs PO | DP13: P/UNIT | DQ13: VR PARCIAL | DR13: PU vs PO | DS13: P/UNIT | DT13: VR PARCIAL | DU13: PU vs PO | DV13: P/UNIT | DW13: VR PARCIAL | DX13: PU vs PO | DY13: P/UNIT | DZ13: VR PARCIAL | EA13: PU vs PO | EB13: P/UNIT | EC13: VR PARCIAL | ED13: PU vs PO | EE13: P/UNIT | EF13: VR PARCIAL | EG13: PU vs PO | EH13: P/UNIT | EI13: VR PARCIAL | EJ13: PU vs PO | EK13: P/UNIT | EL13: VR PARCIAL | EM13: PU vs PO | EN13: P/UNIT | EO13: VR PARCIAL | EP13: PU vs PO | EQ13: P/UNIT | ER13: VR PARCIAL | ES13: PU vs PO | ET13: P/UNIT | EU13: VR PARCIAL | EV13: PU vs PO | EW13: P/UNIT | EX13: VR PARCIAL | EY13: PU vs PO | EZ13: P/UNIT | FA13: VR PARCIAL | FB13: PU vs PO | FC13: P/UNIT | FD13: VR PARCIAL | FE13: PU vs PO | FF13: P/UNIT | FG13: VR PARCIAL | FH13: PU vs PO | FI13: P/UNIT | FJ13: VR PARCIAL | FK13: PU vs PO | FL13: P/UNIT | FM13: VR PARCIAL | FN13: PU vs PO | FO13: P/UNIT | FP13: VR PARCIAL | FQ13: PU vs PO | FR13: P/UNIT | FS13: VR PARCIAL | FT13: PU vs PO | FU13: P/UNIT | FV13: VR PARCIAL | FW13: PU vs PO | FX13: P/UNIT | FY13: VR PARCIAL | FZ13: PU vs PO | GA13: P/UNIT | GB13: VR PARCIAL | GC13: PU vs PO | GD13: P/UNIT | GE13: VR PARCIAL | GF13: PU vs PO | GG13: P/UNIT | GH13: VR PARCIAL | GI13: PU vs PO | GJ13: P/UNIT | GK13: VR PARCIAL | GL13: PU vs PO | GM13: P/UNIT | GN13: VR PARCIAL | GO13: PU vs PO | GP13: P/UNIT | GQ13: VR PARCIAL | GR13: PU vs PO | GS13: P/UNIT | GT13: VR PARCIAL | GU13: PU vs PO | GV13: P/UNIT | GW13: VR PARCIAL | GX13: PU vs PO | GY13: P/UNIT | GZ13: VR PARCIAL | HA13: PU vs PO | HB13: P/UNIT | HC13: VR PARCIAL | HD13: PU vs PO | HE13: P/UNIT | HF13: VR PARCIAL | HG13: PU vs PO | HH13: P/UNIT | HI13: VR PARCIAL | HJ13: PU vs PO | HK13: P/UNIT | HL13: VR PARCIAL | HM13: PU vs PO | HN13: P/UNIT | HO13: VR PARCIAL | HP13: PU vs PO | HQ13: P/UNIT | HR13: VR PARCIAL | HS13: PU vs PO | HT13: P/UNIT | HU13: VR PARCIAL | HV13: PU vs PO | HW13: P/UNIT | HX13: VR PARCIAL | HY13: PU vs PO | HZ13: P/UNIT | IA13: VR PARCIAL | IB13: PU vs PO | IC13: P/UNIT | ID13: VR PARCIAL | IE13: PU vs PO | IF13: P/UNIT | IG13: VR PARCIAL | IH13: PU vs PO | II13: P/UNIT | IJ13: VR PARCIAL | IK13: PU vs PO | IL13: P/UNIT | IM13: VR PARCIAL | IN13: PU vs PO | IO13: P/UNIT | IP13: VR PARCIAL | IQ13: PU vs PO | IR13: P/UNIT | IS13: VR PARCIAL | IT13: PU vs PO | IU13: P/UNIT | IV13: VR PARCIAL | IW13: PU vs PO | IX13: P/UNIT | IY13: VR PARCIAL | IZ13: PU vs PO | JA13: P/UNIT | JB13: VR PARCIAL | JC13: PU vs PO | JD13: P/UNIT | JE13: VR PARCIAL | JF13: PU vs PO | JG13: P/UNIT | JH13: VR PARCIAL | JI13: PU vs PO | JJ13: P/UNIT | JK13: VR PARCIAL | JL13: PU vs PO | JM13: P/UNIT | JN13: VR PARCIAL | JO13: PU vs PO | JP13: P/UNIT | JQ13: VR PARCIAL | JR13: PU vs PO | JS13: P/UNIT | JT13: VR PARCIAL | JU13: PU vs PO | JV13: P/UNIT | JW13: VR PARCIAL | JX13: PU vs PO | JY13: P/UNIT | JZ13: VR PARCIAL | KA13: PU vs PO | KB13: P/UNIT | KC13: VR PARCIAL | KD13: PU vs PO | KE13: P/UNIT | KF13: VR PARCIAL | KG13: PU vs PO | KH13: P/UNIT | KI13: VR PARCIAL | KJ13: PU vs PO | KK13: P/UNIT | KL13: VR PARCIAL | KM13: PU vs PO | KN13: P/UNIT | KO13: VR PARCIAL | KP13: PU vs PO | KQ13: P/UNIT | KR13: VR PARCIAL | KS13: PU vs PO | KT13: P/UNIT | KU13: VR PARCIAL | KV13: PU vs PO
AN14: =SUM(AN15:AN21) -> 0 | AQ14: =SUM(AQ15:AQ21) -> 0 | AT14: =SUM(AT15:AT21) -> 0 | AW14: =SUM(AW15:AW21) -> 0 | AZ14: =SUM(AZ15:AZ21) -> 0 | BC14: =SUM(BC15:BC21) -> 0 | BF14: =SUM(BF15:BF21) -> 0 | BI14: =SUM(BI15:BI21) -> 0 | BL14: =SUM(BL15:BL21) -> 0 | BO14: =SUM(BO15:BO21) -> 0 | BR14: =SUM(BR15:BR21) -> 0 | BU14: =SUM(BU15:BU21) -> 0 | BX14: =SUM(BX15:BX21) -> 0 | CA14: =SUM(CA15:CA21) -> 0 | CD14: =SUM(CD15:CD21) -> 0 | CG14: =SUM(CG15:CG21) -> 0 | CJ14: =SUM(CJ15:CJ21) -> 0 | CM14: =SUM(CM15:CM21) -> 0 | CP14: =SUM(CP15:CP21) -> 0 | CS14: =SUM(CS15:CS21) -> 0 | CV14: =SUM(CV15:CV21) -> 0 | CY14: =SUM(CY15:CY21) -> 0 | DB14: =SUM(DB15:DB21) -> 0 | DE14: =SUM(DE15:DE21) -> 0 | DH14: =SUM(DH15:DH21) -> 0 | DK14: =SUM(DK15:DK21) -> 0 | DN14: =SUM(DN15:DN21) -> 0 | DQ14: =SUM(DQ15:DQ21) -> 0 | DT14: =SUM(DT15:DT21) -> 0 | DW14: =SUM(DW15:DW21) -> 0 | DZ14: =SUM(DZ15:DZ21) -> 0 | EC14: =SUM(EC15:EC21) -> 0 | EF14: =SUM(EF15:EF21) -> 0 | EI14: =SUM(EI15:EI21) -> 0 | EL14: =SUM(EL15:EL21) -> 0 | EO14: =SUM(EO15:EO21) -> 0 | ER14: =SUM(ER15:ER21) -> 0 | EU14: =SUM(EU15:EU21) -> 0 | EX14: =SUM(EX15:EX21) -> 0 | FA14: =SUM(FA15:FA21) -> 0 | FD14: =SUM(FD15:FD21) -> 0 | FG14: =SUM(FG15:FG21) -> 0 | FJ14: =SUM(FJ15:FJ21) -> 0 | FM14: =SUM(FM15:FM21) -> 0 | FP14: =SUM(FP15:FP21) -> 0 | FS14: =SUM(FS15:FS21) -> 0 | FV14: =SUM(FV15:FV21) -> 0 | FY14: =SUM(FY15:FY21) -> 0 | GB14: =SUM(GB15:GB21) -> 0 | GE14: =SUM(GE15:GE21) -> 0 | GH14: =SUM(GH15:GH21) -> 0 | GK14: =SUM(GK15:GK21) -> 0 | GN14: =SUM(GN15:GN21) -> 0 | GQ14: =SUM(GQ15:GQ21) -> 0 | GT14: =SUM(GT15:GT21) -> 0 | GW14: =SUM(GW15:GW21) -> 0 | GZ14: =SUM(GZ15:GZ21) -> 0 | HC14: =SUM(HC15:HC21) -> 0 | HF14: =SUM(HF15:HF21) -> 0 | HI14: =SUM(HI15:HI21) -> 0 | HL14: =SUM(HL15:HL21) -> 0 | HO14: =SUM(HO15:HO21) -> 0 | HR14: =SUM(HR15:HR21) -> 0 | HU14: =SUM(HU15:HU21) -> 0 | HX14: =SUM(HX15:HX21) -> 0 | IA14: =SUM(IA15:IA21) -> 0 | ID14: =SUM(ID15:ID21) -> 0 | IG14: =SUM(IG15:IG21) -> 0 | IJ14: =SUM(IJ15:IJ21) -> 0 | IM14: =SUM(IM15:IM21) -> 0 | IP14: =SUM(IP15:IP21) -> 0 | IS14: =SUM(IS15:IS21) -> 0 | IV14: =SUM(IV15:IV21) -> 0 | IY14: =SUM(IY15:IY21) -> 0 | JB14: =SUM(JB15:JB21) -> 0 | JE14: =SUM(JE15:JE21) -> 0 | JH14: =SUM(JH15:JH21) -> 0 | JK14: =SUM(JK15:JK21) -> 0 | JN14: =SUM(JN15:JN21) -> 0 | JQ14: =SUM(JQ15:JQ21) -> 0 | JT14: =SUM(JT15:JT21) -> 0 | JW14: =SUM(JW15:JW21) -> 0 | JZ14: =SUM(JZ15:JZ21) -> 0 | KC14: =SUM(KC15:KC21) -> 0 | KF14: =SUM(KF15:KF21) -> 0 | KI14: =SUM(KI15:KI21) -> 0 | KL14: =SUM(KL15:KL21) -> 0 | KO14: =SUM(KO15:KO21) -> 0 | KR14: =SUM(KR15:KR21) -> 0 | KU14: =SUM(KU15:KU21) -> 0
B15: 1 | C15: SV-02 | D15: SUMINISTRO E INSTALACIÓN DE SEÑAL VERTICAL SP, SR Y SI 75 CM X 75 CM | E15: UNIDAD | F15: ='[2]PRESUPUESTO OFICIAL'!I15 -> 54 | G15: 381134 | H15: =+F15*G15 -> 20581236 | I15: 377358 | J15: =ROUND($F15*ROUND(I15,0),0) -> 20377332 | K15: =+IF(I15>0,IF(I15>$G15,"NO VÁLIDA","VÁLIDA"),"NO VÁLIDA") -> VÁLIDA | M15: =ROUND($F15*ROUND(L15,0),0) -> 0 | N15: =+IF(L15>0,IF(L15>$G15,"NO VÁLIDA","VÁLIDA"),"NO VÁLIDA") -> NO VÁLIDA | O15: 368112 | P15: =ROUND($F15*ROUND(O15,0),0) -> 19878048 | Q15: =+IF(O15>0,IF(O15>$G15,"NO VÁLIDA","VÁLIDA"),"NO VÁLIDA") -> VÁLIDA | R15: 371038 | S15: =ROUND($F15*ROUND(R15,0),0) -> 20036052 | T15: =+IF(R15>0,IF(R15>$G15,"NO VÁLIDA","VÁLIDA"),"NO VÁLIDA") -> VÁLIDA | U15: 381134 | V15: =ROUND($F15*ROUND(U15,0),0) -> 20581236 | W15: =+IF(U15>0,IF(U15>$G15,"NO VÁLIDA","VÁLIDA"),"NO VÁLIDA") -> VÁLIDA | X15: 350000 | Y15: =ROUND($F15*ROUND(X15,0),0) -> 18900000 | Z15: =+IF(X15>0,IF(X15>$G15,"NO VÁLIDA","VÁLIDA"),"NO VÁLIDA") -> VÁLIDA | AA15: 324846 | AB15: =ROUND($F15*ROUND(AA15,0),0) -> 17541684 | AC15: =+IF(AA15>0,IF(AA15>$G15,"NO VÁLIDA","VÁLIDA"),"NO VÁLIDA") -> VÁLIDA | AE15: =ROUND($F15*ROUND(AD15,0),0) -> 0 | AF15: =+IF(AD15>0,IF(AD15>$G15,"NO VÁLIDA","VÁLIDA"),"NO VÁLIDA") -> NO VÁLIDA | AH15: =ROUND($F15*ROUND(AG15,0),0) -> 0 | AI15: =+IF(AG15>0,IF(AG15>$G15,"NO VÁLIDA","VÁLIDA"),"NO VÁLIDA") -> NO VÁLIDA | AK15: =ROUND($F15*ROUND(AJ15,0),0) -> 0 | AL15: =+IF(AJ15>0,IF(AJ15>$G15,"NO VÁLIDA","VÁLIDA"),"NO VÁLIDA") -> NO VÁLIDA | AN15: =ROUND($F15*ROUND(AM15,0),0) -> 0 | AO15: =+IF(AM15>0,IF(AM15>$G15,"NO VÁLIDA","VÁLIDA"),"NO VÁLIDA") -> NO VÁLIDA | AQ15: =ROUND($F15*ROUND(AP15,0),0) -> 0 | AR15: =+IF(AP15>0,IF(AP15>$G15,"NO VÁLIDA","VÁLIDA"),"NO VÁLIDA") -> NO VÁLIDA | AT15: =ROUND($F15*ROUND(AS15,0),0) -> 0 | AU15: =+IF(AS15>0,IF(AS15>$G15,"NO VÁLIDA","VÁLIDA"),"NO VÁLIDA") -> NO VÁLIDA | AW15: =ROUND($F15*ROUND(AV15,0),0) -> 0 | AX15: =+IF(AV15>0,IF(AV15>$G15,"NO VÁLIDA","VÁLIDA"),"NO VÁLIDA") -> NO VÁLIDA | AZ15: =ROUND($F15*ROUND(AY15,0),0) -> 0 | BA15: =+IF(AY15>0,IF(AY15>$G15,"NO VÁLIDA","VÁLIDA"),"NO VÁLIDA") -> NO VÁLIDA | BC15: =ROUND($F15*ROUND(BB15,0),0) -> 0 | BD15: =+IF(BB15>0,IF(BB15>$G15,"NO VÁLIDA","VÁLIDA"),"NO VÁLIDA") -> NO VÁLIDA | BF15: =ROUND($F15*ROUND(BE15,0),0) -> 0 | BG15: =+IF(BE15>0,IF(BE15>$G15,"NO VÁLIDA","VÁLIDA"),"NO VÁLIDA") -> NO VÁLIDA | BI15: =ROUND($F15*ROUND(BH15,0),0) -> 0 | BJ15: =+IF(BH15>0,IF(BH15>$G15,"NO VÁLIDA","VÁLIDA"),"NO VÁLIDA") -> NO VÁLIDA | BL15: =ROUND($F15*ROUND(BK15,0),0) -> 0 | BM15: =+IF(BK15>0,IF(BK15>$G15,"NO VÁLIDA","VÁLIDA"),"NO VÁLIDA") -> NO VÁLIDA | BO15: =ROUND($F15*ROUND(BN15,0),0) -> 0 | BP15: =+IF(BN15>0,IF(BN15>$G15,"NO VÁLIDA","VÁLIDA"),"NO VÁLIDA") -> NO VÁLIDA | BR15: =ROUND($F15*ROUND(BQ15,0),0) -> 0 | BS15: =+IF(BQ15>0,IF(BQ15>$G15,"NO VÁLIDA","VÁLIDA"),"NO VÁLIDA") -> NO VÁLIDA | BU15: =ROUND($F15*ROUND(BT15,0),0) -> 0 | BV15: =+IF(BT15>0,IF(BT15>$G15,"NO VÁLIDA","VÁLIDA"),"NO VÁLIDA") -> NO VÁLIDA | BX15: =ROUND($F15*ROUND(BW15,0),0) -> 0 | BY15: =+IF(BW15>0,IF(BW15>$G15,"NO VÁLIDA","VÁLIDA"),"NO VÁLIDA") -> NO VÁLIDA | CA15: =ROUND($F15*ROUND(BZ15,0),0) -> 0 | CB15: =+IF(BZ15>0,IF(BZ15>$G15,"NO VÁLIDA","VÁLIDA"),"NO VÁLIDA") -> NO VÁLIDA | CD15: =ROUND($F15*ROUND(CC15,0),0) -> 0 | CE15: =+IF(CC15>0,IF(CC15>$G15,"NO VÁLIDA","VÁLIDA"),"NO VÁLIDA") -> NO VÁLIDA | CG15: =ROUND($F15*ROUND(CF15,0),0) -> 0 | CH15: =+IF(CF15>0,IF(CF15>$G15,"NO VÁLIDA","VÁLIDA"),"NO VÁLIDA") -> NO VÁLIDA | CJ15: =ROUND($F15*ROUND(CI15,0),0) -> 0 | CK15: =+IF(CI15>0,IF(CI15>$G15,"NO VÁLIDA","VÁLIDA"),"NO VÁLIDA") -> NO VÁLIDA | CM15: =ROUND($F15*ROUND(CL15,0),0) -> 0 | CN15: =+IF(CL15>0,IF(CL15>$G15,"NO VÁLIDA","VÁLIDA"),"NO VÁLIDA") -> NO VÁLIDA | CP15: =ROUND($F15*ROUND(CO15,0),0) -> 0 | CQ15: =+IF(CO15>0,IF(CO15>$G15,"NO VÁLIDA","VÁLIDA"),"NO VÁLIDA") -> NO VÁLIDA | CS15: =ROUND($F15*ROUND(CR15,0),0) -> 0 | CT15: =+IF(CR15>0,IF(CR15>$G15,"NO VÁLIDA","VÁLIDA"),"NO VÁLIDA") -> NO VÁLIDA | CV15: =ROUND($F15*ROUND(CU15,0),0) -> 0 | CW15: =+IF(CU15>0,IF(CU15>$G15,"NO VÁLIDA","VÁLIDA"),"NO VÁLIDA") -> NO VÁLIDA | CY15: =ROUND($F15*ROUND(CX15,0),0) -> 0 | CZ15: =+IF(CX15>0,IF(CX15>$G15,"NO VÁLIDA","VÁLIDA"),"NO VÁLIDA") -> NO VÁLIDA | DB15: =ROUND($F15*ROUND(DA15,0),0) -> 0 | DC15: =+IF(DA15>0,IF(DA15>$G15,"NO VÁLIDA","VÁLIDA"),"NO VÁLIDA") -> NO VÁLIDA | DE15: =ROUND($F15*ROUND(DD15,0),0) -> 0 | DF15: =+IF(DD15>0,IF(DD15>$G15,"NO VÁLIDA","VÁLIDA"),"NO VÁLIDA") -> NO VÁLIDA | DH15: =ROUND($F15*ROUND(DG15,0),0) -> 0 | DI15: =+IF(DG15>0,IF(DG15>$G15,"NO VÁLIDA","VÁLIDA"),"NO VÁLIDA") -> NO VÁLIDA | DK15: =ROUND($F15*ROUND(DJ15,0),0) -> 0 | DL15: =+IF(DJ15>0,IF(DJ15>$G15,"NO VÁLIDA","VÁLIDA"),"NO VÁLIDA") -> NO VÁLIDA | DN15: =ROUND($F15*ROUND(DM15,0),0) -> 0 | DO15: =+IF(DM15>0,IF(DM15>$G15,"NO VÁLIDA","VÁLIDA"),"NO VÁLIDA") -> NO VÁLIDA | DQ15: =ROUND($F15*ROUND(DP15,0),0) -> 0 | DR15: =+IF(DP15>0,IF(DP15>$G15,"NO VÁLIDA","VÁLIDA"),"NO VÁLIDA") -> NO VÁLIDA | DT15: =ROUND($F15*ROUND(DS15,0),0) -> 0 | DU15: =+IF(DS15>0,IF(DS15>$G15,"NO VÁLIDA","VÁLIDA"),"NO VÁLIDA") -> NO VÁLIDA | DW15: =ROUND($F15*ROUND(DV15,0),0) -> 0 | DX15: =+IF(DV15>0,IF(DV15>$G15,"NO VÁLIDA","VÁLIDA"),"NO VÁLIDA") -> NO VÁLIDA | DZ15: =ROUND($F15*ROUND(DY15,0),0) -> 0 | EA15: =+IF(DY15>0,IF(DY15>$G15,"NO VÁLIDA","VÁLIDA"),"NO VÁLIDA") -> NO VÁLIDA | EC15: =ROUND($F15*ROUND(EB15,0),0) -> 0 | ED15: =+IF(EB15>0,IF(EB15>$G15,"NO VÁLIDA","VÁLIDA"),"NO VÁLIDA") -> NO VÁLIDA | EF15: =ROUND($F15*ROUND(EE15,0),0) -> 0 | EG15: =+IF(EE15>0,IF(EE15>$G15,"NO VÁLIDA","VÁLIDA"),"NO VÁLIDA") -> NO VÁLIDA | EI15: =ROUND($F15*ROUND(EH15,0),0) -> 0 | EJ15: =+IF(EH15>0,IF(EH15>$G15,"NO VÁLIDA","VÁLIDA"),"NO VÁLIDA") -> NO VÁLIDA | EL15: =ROUND($F15*ROUND(EK15,0),0) -> 0 | EM15: =+IF(EK15>0,IF(EK15>$G15,"NO VÁLIDA","VÁLIDA"),"NO VÁLIDA") -> NO VÁLIDA | EO15: =ROUND($F15*ROUND(EN15,0),0) -> 0 | EP15: =+IF(EN15>0,IF(EN15>$G15,"NO VÁLIDA","VÁLIDA"),"NO VÁLIDA") -> NO VÁLIDA | ER15: =ROUND($F15*ROUND(EQ15,0),0) -> 0 | ES15: =+IF(EQ15>0,IF(EQ15>$G15,"NO VÁLIDA","VÁLIDA"),"NO VÁLIDA") -> NO VÁLIDA | EU15: =ROUND($F15*ROUND(ET15,0),0) -> 0 | EV15: =+IF(ET15>0,IF(ET15>$G15,"NO VÁLIDA","VÁLIDA"),"NO VÁLIDA") -> NO VÁLIDA | EX15: =ROUND($F15*ROUND(EW15,0),0) -> 0 | EY15: =+IF(EW15>0,IF(EW15>$G15,"NO VÁLIDA","VÁLIDA"),"NO VÁLIDA") -> NO VÁLIDA | FA15: =ROUND($F15*ROUND(EZ15,0),0) -> 0 | FB15: =+IF(EZ15>0,IF(EZ15>$G15,"NO VÁLIDA","VÁLIDA"),"NO VÁLIDA") -> NO VÁLIDA | FD15: =ROUND($F15*ROUND(FC15,0),0) -> 0 | FE15: =+IF(FC15>0,IF(FC15>$G15,"NO VÁLIDA","VÁLIDA"),"NO VÁLIDA") -> NO VÁLIDA | FG15: =ROUND($F15*ROUND(FF15,0),0) -> 0 | FH15: =+IF(FF15>0,IF(FF15>$G15,"NO VÁLIDA","VÁLIDA"),"NO VÁLIDA") -> NO VÁLIDA | FJ15: =ROUND($F15*ROUND(FI15,0),0) -> 0 | FK15: =+IF(FI15>0,IF(FI15>$G15,"NO VÁLIDA","VÁLIDA"),"NO VÁLIDA") -> NO VÁLIDA | FM15: =ROUND($F15*ROUND(FL15,0),0) -> 0 | FN15: =+IF(FL15>0,IF(FL15>$G15,"NO VÁLIDA","VÁLIDA"),"NO VÁLIDA") -> NO VÁLIDA | FP15: =ROUND($F15*ROUND(FO15,0),0) -> 0 | FQ15: =+IF(FO15>0,IF(FO15>$G15,"NO VÁLIDA","VÁLIDA"),"NO VÁLIDA") -> NO VÁLIDA | FS15: =ROUND($F15*ROUND(FR15,0),0) -> 0 | FT15: =+IF(FR15>0,IF(FR15>$G15,"NO VÁLIDA","VÁLIDA"),"NO VÁLIDA") -> NO VÁLIDA | FV15: =ROUND($F15*ROUND(FU15,0),0) -> 0 | FW15: =+IF(FU15>0,IF(FU15>$G15,"NO VÁLIDA","VÁLIDA"),"NO VÁLIDA") -> NO VÁLIDA | FY15: =ROUND($F15*ROUND(FX15,0),0) -> 0 | FZ15: =+IF(FX15>0,IF(FX15>$G15,"NO VÁLIDA","VÁLIDA"),"NO VÁLIDA") -> NO VÁLIDA | GB15: =ROUND($F15*ROUND(GA15,0),0) -> 0 | GC15: =+IF(GA15>0,IF(GA15>$G15,"NO VÁLIDA","VÁLIDA"),"NO VÁLIDA") -> NO VÁLIDA | GE15: =ROUND($F15*ROUND(GD15,0),0) -> 0 | GF15: =+IF(GD15>0,IF(GD15>$G15,"NO VÁLIDA","VÁLIDA"),"NO VÁLIDA") -> NO VÁLIDA | GH15: =ROUND($F15*ROUND(GG15,0),0) -> 0 | GI15: =+IF(GG15>0,IF(GG15>$G15,"NO VÁLIDA","VÁLIDA"),"NO VÁLIDA") -> NO VÁLIDA | GK15: =ROUND($F15*ROUND(GJ15,0),0) -> 0 | GL15: =+IF(GJ15>0,IF(GJ15>$G15,"NO VÁLIDA","VÁLIDA"),"NO VÁLIDA") -> NO VÁLIDA | GN15: =ROUND($F15*ROUND(GM15,0),0) -> 0 | GO15: =+IF(GM15>0,IF(GM15>$G15,"NO VÁLIDA","VÁLIDA"),"NO VÁLIDA") -> NO VÁLIDA | GQ15: =ROUND($F15*ROUND(GP15,0),0) -> 0 | GR15: =+IF(GP15>0,IF(GP15>$G15,"NO VÁLIDA","VÁLIDA"),"NO VÁLIDA") -> NO VÁLIDA | GT15: =ROUND($F15*ROUND(GS15,0),0) -> 0 | GU15: =+IF(GS15>0,IF(GS15>$G15,"NO VÁLIDA","VÁLIDA"),"NO VÁLIDA") -> NO VÁLIDA | GW15: =ROUND($F15*ROUND(GV15,0),0) -> 0 | GX15: =+IF(GV15>0,IF(GV15>$G15,"NO VÁLIDA","VÁLIDA"),"NO VÁLIDA") -> NO VÁLIDA | GZ15: =ROUND($F15*ROUND(GY15,0),0) -> 0 | HA15: =+IF(GY15>0,IF(GY15>$G15,"NO VÁLIDA","VÁLIDA"),"NO VÁLIDA") -> NO VÁLIDA | HC15: =ROUND($F15*ROUND(HB15,0),0) -> 0 | HD15: =+IF(HB15>0,IF(HB15>$G15,"NO VÁLIDA","VÁLIDA"),"NO VÁLIDA") -> NO VÁLIDA | HF15: =ROUND($F15*ROUND(HE15,0),0) -> 0 | HG15: =+IF(HE15>0,IF(HE15>$G15,"NO VÁLIDA","VÁLIDA"),"NO VÁLIDA") -> NO VÁLIDA | HI15: =ROUND($F15*ROUND(HH15,0),0) -> 0 | HJ15: =+IF(HH15>0,IF(HH15>$G15,"NO VÁLIDA","VÁLIDA"),"NO VÁLIDA") -> NO VÁLIDA | HL15: =ROUND($F15*ROUND(HK15,0),0) -> 0 | HM15: =+IF(HK15>0,IF(HK15>$G15,"NO VÁLIDA","VÁLIDA"),"NO VÁLIDA") -> NO VÁLIDA | HO15: =ROUND($F15*ROUND(HN15,0),0) -> 0 | HP15: =+IF(HN15>0,IF(HN15>$G15,"NO VÁLIDA","VÁLIDA"),"NO VÁLIDA") -> NO VÁLIDA | HR15: =ROUND($F15*ROUND(HQ15,0),0) -> 0 | HS15: =+IF(HQ15>0,IF(HQ15>$G15,"NO VÁLIDA","VÁLIDA"),"NO VÁLIDA") -> NO VÁLIDA | HU15: =ROUND($F15*ROUND(HT15,0),0) -> 0 | HV15: =+IF(HT15>0,IF(HT15>$G15,"NO VÁLIDA","VÁLIDA"),"NO VÁLIDA") -> NO VÁLIDA | HX15: =ROUND($F15*ROUND(HW15,0),0) -> 0 | HY15: =+IF(HW15>0,IF(HW15>$G15,"NO VÁLIDA","VÁLIDA"),"NO VÁLIDA") -> NO VÁLIDA | IA15: =ROUND($F15*ROUND(HZ15,0),0) -> 0 | IB15: =+IF(HZ15>0,IF(HZ15>$G15,"NO VÁLIDA","VÁLIDA"),"NO VÁLIDA") -> NO VÁLIDA | ID15: =ROUND($F15*ROUND(IC15,0),0) -> 0 | IE15: =+IF(IC15>0,IF(IC15>$G15,"NO VÁLIDA","VÁLIDA"),"NO VÁLIDA") -> NO VÁLIDA | IG15: =ROUND($F15*ROUND(IF15,0),0) -> 0 | IH15: =+IF(IF15>0,IF(IF15>$G15,"NO VÁLIDA","VÁLIDA"),"NO VÁLIDA") -> NO VÁLIDA | IJ15: =ROUND($F15*ROUND(II15,0),0) -> 0 | IK15: =+IF(II15>0,IF(II15>$G15,"NO VÁLIDA","VÁLIDA"),"NO VÁLIDA") -> NO VÁLIDA | IM15: =ROUND($F15*ROUND(IL15,0),0) -> 0 | IN15: =+IF(IL15>0,IF(IL15>$G15,"NO VÁLIDA","VÁLIDA"),"NO VÁLIDA") -> NO VÁLIDA | IP15: =ROUND($F15*ROUND(IO15,0),0) -> 0 | IQ15: =+IF(IO15>0,IF(IO15>$G15,"NO VÁLIDA","VÁLIDA"),"NO VÁLIDA") -> NO VÁLIDA | IS15: =ROUND($F15*ROUND(IR15,0),0) -> 0 | IT15: =+IF(IR15>0,IF(IR15>$G15,"NO VÁLIDA","VÁLIDA"),"NO VÁLIDA") -> NO VÁLIDA | IV15: =ROUND($F15*ROUND(IU15,0),0) -> 0 | IW15: =+IF(IU15>0,IF(IU15>$G15,"NO VÁLIDA","VÁLIDA"),"NO VÁLIDA") -> NO VÁLIDA | IY15: =ROUND($F15*ROUND(IX15,0),0) -> 0 | IZ15: =+IF(IX15>0,IF(IX15>$G15,"NO VÁLIDA","VÁLIDA"),"NO VÁLIDA") -> NO VÁLIDA | JB15: =ROUND($F15*ROUND(JA15,0),0) -> 0 | JC15: =+IF(JA15>0,IF(JA15>$G15,"NO VÁLIDA","VÁLIDA"),"NO VÁLIDA") -> NO VÁLIDA | JE15: =ROUND($F15*ROUND(JD15,0),0) -> 0 | JF15: =+IF(JD15>0,IF(JD15>$G15,"NO VÁLIDA","VÁLIDA"),"NO VÁLIDA") -> NO VÁLIDA | JH15: =ROUND($F15*ROUND(JG15,0),0) -> 0 | JI15: =+IF(JG15>0,IF(JG15>$G15,"NO VÁLIDA","VÁLIDA"),"NO VÁLIDA") -> NO VÁLIDA | JK15: =ROUND($F15*ROUND(JJ15,0),0) -> 0 | JL15: =+IF(JJ15>0,IF(JJ15>$G15,"NO VÁLIDA","VÁLIDA"),"NO VÁLIDA") -> NO VÁLIDA | JN15: =ROUND($F15*ROUND(JM15,0),0) -> 0 | JO15: =+IF(JM15>0,IF(JM15>$G15,"NO VÁLIDA","VÁLIDA"),"NO VÁLIDA") -> NO VÁLIDA | JQ15: =ROUND($F15*ROUND(JP15,0),0) -> 0 | JR15: =+IF(JP15>0,IF(JP15>$G15,"NO VÁLIDA","VÁLIDA"),"NO VÁLIDA") -> NO VÁLIDA | JT15: =ROUND($F15*ROUND(JS15,0),0) -> 0 | JU15: =+IF(JS15>0,IF(JS15>$G15,"NO VÁLIDA","VÁLIDA"),"NO VÁLIDA") -> NO VÁLIDA | JW15: =ROUND($F15*ROUND(JV15,0),0) -> 0 | JX15: =+IF(JV15>0,IF(JV15>$G15,"NO VÁLIDA","VÁLIDA"),"NO VÁLIDA") -> NO VÁLIDA | JZ15: =ROUND($F15*ROUND(JY15,0),0) -> 0 | KA15: =+IF(JY15>0,IF(JY15>$G15,"NO VÁLIDA","VÁLIDA"),"NO VÁLIDA") -> NO VÁLIDA | KC15: =ROUND($F15*ROUND(KB15,0),0) -> 0 | KD15: =+IF(KB15>0,IF(KB15>$G15,"NO VÁLIDA","VÁLIDA"),"NO VÁLIDA") -> NO VÁLIDA | KF15: =ROUND($F15*ROUND(KE15,0),0) -> 0 | KG15: =+IF(KE15>0,IF(KE15>$G15,"NO VÁLIDA","VÁLIDA"),"NO VÁLIDA") -> NO VÁLIDA | KI15: =ROUND($F15*ROUND(KH15,0),0) -> 0 | KJ15: =+IF(KH15>0,IF(KH15>$G15,"NO VÁLIDA","VÁLIDA"),"NO VÁLIDA") -> NO VÁLIDA | KL15: =ROUND($F15*ROUND(KK15,0),0) -> 0 | KM15: =+IF(KK15>0,IF(KK15>$G15,"NO VÁLIDA","VÁLIDA"),"NO VÁLIDA") -> NO VÁLIDA | KO15: =ROUND($F15*ROUND(KN15,0),0) -> 0 | KP15: =+IF(KN15>0,IF(KN15>$G15,"NO VÁLIDA","VÁLIDA"),"NO VÁLIDA") -> NO VÁLIDA | KR15: =ROUND($F15*ROUND(KQ15,0),0) -> 0 | KS15: =+IF(KQ15>0,IF(KQ15>$G15,"NO VÁLIDA","VÁLIDA"),"NO VÁLIDA") -> NO VÁLIDA | KU15: =ROUND($F15*ROUND(KT15,0),0) -> 0 | KV15: =+IF(KT15>0,IF(KT15>$G15,"NO VÁLIDA","VÁLIDA"),"NO VÁLIDA") -> NO VÁLIDA
B16: 2 | C16: SV-07 | D16: MARCAS VIALES CON PINTURA EN FRIO ACRÍLICA PURA BASE AGUA | E16: M2 | F16: ='[2]PRESUPUESTO OFICIAL'!I16 -> 1958 | G16: 24376 | H16: =+F16*G16 -> 47728208 | I16: 23591 | J16: =ROUND($F16*ROUND(I16,0),0) -> 46191178 | K16: =+IF(I16>0,IF(I16>$G16,"NO VÁLIDA","VÁLIDA"),"NO VÁLIDA") -> VÁLIDA | M16: =ROUND($F16*ROUND(L16,0),0) -> 0 | N16: =+IF(L16>0,IF(L16>$G16,"NO VÁLIDA","VÁLIDA"),"NO VÁLIDA") -> NO VÁLIDA | O16: 24006 | P16: =ROUND($F16*ROUND(O16,0),0) -> 47003748 | Q16: =+IF(O16>0,IF(O16>$G16,"NO VÁLIDA","VÁLIDA"),"NO VÁLIDA") -> VÁLIDA | R16: 22899 | S16: =ROUND($F16*ROUND(R16,0),0) -> 44836242 | T16: =+IF(R16>0,IF(R16>$G16,"NO VÁLIDA","VÁLIDA"),"NO VÁLIDA") -> VÁLIDA | U16: 22825 | V16: =ROUND($F16*ROUND(U16,0),0) -> 44691350 | W16: =+IF(U16>0,IF(U16>$G16,"NO VÁLIDA","VÁLIDA"),"NO VÁLIDA") -> VÁLIDA | X16: 23000 | Y16: =ROUND($F16*ROUND(X16,0),0) -> 45034000 | Z16: =+IF(X16>0,IF(X16>$G16,"NO VÁLIDA","VÁLIDA"),"NO VÁLIDA") -> VÁLIDA | AA16: 15318 | AB16: =ROUND($F16*ROUND(AA16,0),0) -> 29992644 | AC16: =+IF(AA16>0,IF(AA16>$G16,"NO VÁLIDA","VÁLIDA"),"NO VÁLIDA") -> VÁLIDA | AE16: =ROUND($F16*ROUND(AD16,0),0) -> 0 | AF16: =+IF(AD16>0,IF(AD16>$G16,"NO VÁLIDA","VÁLIDA"),"NO VÁLIDA") -> NO VÁLIDA | AH16: =ROUND($F16*ROUND(AG16,0),0) -> 0 | AI16: =+IF(AG16>0,IF(AG16>$G16,"NO VÁLIDA","VÁLIDA"),"NO VÁLIDA") -> NO VÁLIDA | AK16: =ROUND($F16*ROUND(AJ16,0),0) -> 0 | AL16: =+IF(AJ16>0,IF(AJ16>$G16,"NO VÁLIDA","VÁLIDA"),"NO VÁLIDA") -> NO VÁLIDA
B17: 3 | C17: SV-12 | D17: LÍNEA DEMARCACION EN PINTURA ACRILICA CON MICROESFERAS | E17: M | F17: ='[2]PRESUPUESTO OFICIAL'!I17 -> 15000 | G17: 2081 | H17: =+F17*G17 -> 31215000 | I17: 2077 | J17: =ROUND($F17*ROUND(I17,0),0) -> 31155000 | K17: =+IF(I17>0,IF(I17>$G17,"NO VÁLIDA","VÁLIDA"),"NO VÁLIDA") -> VÁLIDA | M17: =ROUND($F17*ROUND(L17,0),0) -> 0 | N17: =+IF(L17>0,IF(L17>$G17,"NO VÁLIDA","VÁLIDA"),"NO VÁLIDA") -> NO VÁLIDA | O17: 2081 | P17: =ROUND($F17*ROUND(O17,0),0) -> 31215000 | Q17: =+IF(O17>0,IF(O17>$G17,"NO VÁLIDA","VÁLIDA"),"NO VÁLIDA") -> VÁLIDA | R17: 2078 | S17: =ROUND($F17*ROUND(R17,0),0) -> 31170000 | T17: =+IF(R17>0,IF(R17>$G17,"NO VÁLIDA","VÁLIDA"),"NO VÁLIDA") -> VÁLIDA | U17: 1978 | V17: =ROUND($F17*ROUND(U17,0),0) -> 29670000 | W17: =+IF(U17>0,IF(U17>$G17,"NO VÁLIDA","VÁLIDA"),"NO VÁLIDA") -> VÁLIDA | X17: 1800 | Y17: =ROUND($F17*ROUND(X17,0),0) -> 27000000 | Z17: =+IF(X17>0,IF(X17>$G17,"NO VÁLIDA","VÁLIDA"),"NO VÁLIDA") -> VÁLIDA | AA17: 1550 | AB17: =ROUND($F17*ROUND(AA17,0),0) -> 23250000 | AC17: =+IF(AA17>0,IF(AA17>$G17,"NO VÁLIDA","VÁLIDA"),"NO VÁLIDA") -> VÁLIDA | AE17: =ROUND($F17*ROUND(AD17,0),0) -> 0 | AF17: =+IF(AD17>0,IF(AD17>$G17,"NO VÁLIDA","VÁLIDA"),"NO VÁLIDA") -> NO VÁLIDA | AH17: =ROUND($F17*ROUND(AG17,0),0) -> 0 | AI17: =+IF(AG17>0,IF(AG17>$G17,"NO VÁLIDA","VÁLIDA"),"NO VÁLIDA") -> NO VÁLIDA | AK17: =ROUND($F17*ROUND(AJ17,0),0) -> 0 | AL17: =+IF(AJ17>0,IF(AJ17>$G17,"NO VÁLIDA","VÁLIDA"),"NO VÁLIDA") -> NO VÁLIDA
B18: 4 | C18: SV-19 | D18: SUMINISTRO E INSTALACIÓN DE SEÑAL VERTICAL SP-47B | E18: UNIDAD | F18: ='[2]PRESUPUESTO OFICIAL'!I18 -> 12 | G18: 413244 | H18: =+F18*G18 -> 4958928 | I18: 410651 | J18: =ROUND($F18*ROUND(I18,0),0) -> 4927812 | K18: =+IF(I18>0,IF(I18>$G18,"NO VÁLIDA","VÁLIDA"),"NO VÁLIDA") -> VÁLIDA | M18: =ROUND($F18*ROUND(L18,0),0) -> 0 | N18: =+IF(L18>0,IF(L18>$G18,"NO VÁLIDA","VÁLIDA"),"NO VÁLIDA") -> NO VÁLIDA | O18: 413244 | P18: =ROUND($F18*ROUND(O18,0),0) -> 4958928 | Q18: =+IF(O18>0,IF(O18>$G18,"NO VÁLIDA","VÁLIDA"),"NO VÁLIDA") -> VÁLIDA | R18: 406387 | S18: =ROUND($F18*ROUND(R18,0),0) -> 4876644 | T18: =+IF(R18>0,IF(R18>$G18,"NO VÁLIDA","VÁLIDA"),"NO VÁLIDA") -> VÁLIDA | U18: 413244 | V18: =ROUND($F18*ROUND(U18,0),0) -> 4958928 | W18: =+IF(U18>0,IF(U18>$G18,"NO VÁLIDA","VÁLIDA"),"NO VÁLIDA") -> VÁLIDA | X18: 403000 | Y18: =ROUND($F18*ROUND(X18,0),0) -> 4836000 | Z18: =+IF(X18>0,IF(X18>$G18,"NO VÁLIDA","VÁLIDA"),"NO VÁLIDA") -> VÁLIDA | AA18: 381227 | AB18: =ROUND($F18*ROUND(AA18,0),0) -> 4574724 | AC18: =+IF(AA18>0,IF(AA18>$G18,"NO VÁLIDA","VÁLIDA"),"NO VÁLIDA") -> VÁLIDA | AE18: =ROUND($F18*ROUND(AD18,0),0) -> 0 | AF18: =+IF(AD18>0,IF(AD18>$G18,"NO VÁLIDA","VÁLIDA"),"NO VÁLIDA") -> NO VÁLIDA | AH18: =ROUND($F18*ROUND(AG18,0),0) -> 0 | AI18: =+IF(AG18>0,IF(AG18>$G18,"NO VÁLIDA","VÁLIDA"),"NO VÁLIDA") -> NO VÁLIDA | AK18: =ROUND($F18*ROUND(AJ18,0),0) -> 0 | AL18: =+IF(AJ18>0,IF(AJ18>$G18,"NO VÁLIDA","VÁLIDA"),"NO VÁLIDA") -> NO VÁLIDA
B19: 5 | C19: SV-20 | D19: SUMINISTRO E INSTALACIÓN DE SEÑAL VERTICAL SP-47C | E19: UNIDAD | F19: ='[2]PRESUPUESTO OFICIAL'!I19 -> 12 | G19: 407053 | H19: =+F19*G19 -> 4884636 | I19: 404522 | J19: =ROUND($F19*ROUND(I19,0),0) -> 4854264 | K19: =+IF(I19>0,IF(I19>$G19,"NO VÁLIDA","VÁLIDA"),"NO VÁLIDA") -> VÁLIDA | M19: =ROUND($F19*ROUND(L19,0),0) -> 0 | N19: =+IF(L19>0,IF(L19>$G19,"NO VÁLIDA","VÁLIDA"),"NO VÁLIDA") -> NO VÁLIDA | O19: 407053 | P19: =ROUND($F19*ROUND(O19,0),0) -> 4884636 | Q19: =+IF(O19>0,IF(O19>$G19,"NO VÁLIDA","VÁLIDA"),"NO VÁLIDA") -> VÁLIDA | R19: 400196 | S19: =ROUND($F19*ROUND(R19,0),0) -> 4802352 | T19: =+IF(R19>0,IF(R19>$G19,"NO VÁLIDA","VÁLIDA"),"NO VÁLIDA") -> VÁLIDA | U19: 407053 | V19: =ROUND($F19*ROUND(U19,0),0) -> 4884636 | W19: =+IF(U19>0,IF(U19>$G19,"NO VÁLIDA","VÁLIDA"),"NO VÁLIDA") -> VÁLIDA | X19: 402000 | Y19: =ROUND($F19*ROUND(X19,0),0) -> 4824000 | Z19: =+IF(X19>0,IF(X19>$G19,"NO VÁLIDA","VÁLIDA"),"NO VÁLIDA") -> VÁLIDA | AA19: 366345 | AB19: =ROUND($F19*ROUND(AA19,0),0) -> 4396140 | AC19: =+IF(AA19>0,IF(AA19>$G19,"NO VÁLIDA","VÁLIDA"),"NO VÁLIDA") -> VÁLIDA | AE19: =ROUND($F19*ROUND(AD19,0),0) -> 0 | AF19: =+IF(AD19>0,IF(AD19>$G19,"NO VÁLIDA","VÁLIDA"),"NO VÁLIDA") -> NO VÁLIDA | AH19: =ROUND($F19*ROUND(AG19,0),0) -> 0 | AI19: =+IF(AG19>0,IF(AG19>$G19,"NO VÁLIDA","VÁLIDA"),"NO VÁLIDA") -> NO VÁLIDA | AK19: =ROUND($F19*ROUND(AJ19,0),0) -> 0 | AL19: =+IF(AJ19>0,IF(AJ19>$G19,"NO VÁLIDA","VÁLIDA"),"NO VÁLIDA") -> NO VÁLIDA
AN20: =ROUND($F20*ROUND(AM20,0),0) -> 0 | AO20: =+IF(AM20>0,IF(AM20>$G20,"NO VÁLIDA","VÁLIDA"),"NO VÁLIDA") -> NO VÁLIDA | AQ20: =ROUND($F20*ROUND(AP20,0),0) -> 0 | AR20: =+IF(AP20>0,IF(AP20>$G20,"NO VÁLIDA","VÁLIDA"),"NO VÁLIDA") -> NO VÁLIDA | AT20: =ROUND($F20*ROUND(AS20,0),0) -> 0 | AU20: =+IF(AS20>0,IF(AS20>$G20,"NO VÁLIDA","VÁLIDA"),"NO VÁLIDA") -> NO VÁLIDA | AW20: =ROUND($F20*ROUND(AV20,0),0) -> 0 | AX20: =+IF(AV20>0,IF(AV20>$G20,"NO VÁLIDA","VÁLIDA"),"NO VÁLIDA") -> NO VÁLIDA | AZ20: =ROUND($F20*ROUND(AY20,0),0) -> 0 | BA20: =+IF(AY20>0,IF(AY20>$G20,"NO VÁLIDA","VÁLIDA"),"NO VÁLIDA") -> NO VÁLIDA | BC20: =ROUND($F20*ROUND(BB20,0),0) -> 0 | BD20: =+IF(BB20>0,IF(BB20>$G20,"NO VÁLIDA","VÁLIDA"),"NO VÁLIDA") -> NO VÁLIDA | BF20: =ROUND($F20*ROUND(BE20,0),0) -> 0 | BG20: =+IF(BE20>0,IF(BE20>$G20,"NO VÁLIDA","VÁLIDA"),"NO VÁLIDA") -> NO VÁLIDA | BI20: =ROUND($F20*ROUND(BH20,0),0) -> 0 | BJ20: =+IF(BH20>0,IF(BH20>$G20,"NO VÁLIDA","VÁLIDA"),"NO VÁLIDA") -> NO VÁLIDA | BL20: =ROUND($F20*ROUND(BK20,0),0) -> 0 | BM20: =+IF(BK20>0,IF(BK20>$G20,"NO VÁLIDA","VÁLIDA"),"NO VÁLIDA") -> NO VÁLIDA | BO20: =ROUND($F20*ROUND(BN20,0),0) -> 0 | BP20: =+IF(BN20>0,IF(BN20>$G20,"NO VÁLIDA","VÁLIDA"),"NO VÁLIDA") -> NO VÁLIDA | BR20: =ROUND($F20*ROUND(BQ20,0),0) -> 0 | BS20: =+IF(BQ20>0,IF(BQ20>$G20,"NO VÁLIDA","VÁLIDA"),"NO VÁLIDA") -> NO VÁLIDA | BU20: =ROUND($F20*ROUND(BT20,0),0) -> 0 | BV20: =+IF(BT20>0,IF(BT20>$G20,"NO VÁLIDA","VÁLIDA"),"NO VÁLIDA") -> NO VÁLIDA | BX20: =ROUND($F20*ROUND(BW20,0),0) -> 0 | BY20: =+IF(BW20>0,IF(BW20>$G20,"NO VÁLIDA","VÁLIDA"),"NO VÁLIDA") -> NO VÁLIDA | CA20: =ROUND($F20*ROUND(BZ20,0),0) -> 0 | CB20: =+IF(BZ20>0,IF(BZ20>$G20,"NO VÁLIDA","VÁLIDA"),"NO VÁLIDA") -> NO VÁLIDA | CD20: =ROUND($F20*ROUND(CC20,0),0) -> 0 | CE20: =+IF(CC20>0,IF(CC20>$G20,"NO VÁLIDA","VÁLIDA"),"NO VÁLIDA") -> NO VÁLIDA | CG20: =ROUND($F20*ROUND(CF20,0),0) -> 0 | CH20: =+IF(CF20>0,IF(CF20>$G20,"NO VÁLIDA","VÁLIDA"),"NO VÁLIDA") -> NO VÁLIDA | CJ20: =ROUND($F20*ROUND(CI20,0),0) -> 0 | CK20: =+IF(CI20>0,IF(CI20>$G20,"NO VÁLIDA","VÁLIDA"),"NO VÁLIDA") -> NO VÁLIDA | CM20: =ROUND($F20*ROUND(CL20,0),0) -> 0 | CN20: =+IF(CL20>0,IF(CL20>$G20,"NO VÁLIDA","VÁLIDA"),"NO VÁLIDA") -> NO VÁLIDA | CP20: =ROUND($F20*ROUND(CO20,0),0) -> 0 | CQ20: =+IF(CO20>0,IF(CO20>$G20,"NO VÁLIDA","VÁLIDA"),"NO VÁLIDA") -> NO VÁLIDA | CS20: =ROUND($F20*ROUND(CR20,0),0) -> 0 | CT20: =+IF(CR20>0,IF(CR20>$G20,"NO VÁLIDA","VÁLIDA"),"NO VÁLIDA") -> NO VÁLIDA | CV20: =ROUND($F20*ROUND(CU20,0),0) -> 0 | CW20: =+IF(CU20>0,IF(CU20>$G20,"NO VÁLIDA","VÁLIDA"),"NO VÁLIDA") -> NO VÁLIDA | CY20: =ROUND($F20*ROUND(CX20,0),0) -> 0 | CZ20: =+IF(CX20>0,IF(CX20>$G20,"NO VÁLIDA","VÁLIDA"),"NO VÁLIDA") -> NO VÁLIDA | DB20: =ROUND($F20*ROUND(DA20,0),0) -> 0 | DC20: =+IF(DA20>0,IF(DA20>$G20,"NO VÁLIDA","VÁLIDA"),"NO VÁLIDA") -> NO VÁLIDA | DE20: =ROUND($F20*ROUND(DD20,0),0) -> 0 | DF20: =+IF(DD20>0,IF(DD20>$G20,"NO VÁLIDA","VÁLIDA"),"NO VÁLIDA") -> NO VÁLIDA | DH20: =ROUND($F20*ROUND(DG20,0),0) -> 0 | DI20: =+IF(DG20>0,IF(DG20>$G20,"NO VÁLIDA","VÁLIDA"),"NO VÁLIDA") -> NO VÁLIDA | DK20: =ROUND($F20*ROUND(DJ20,0),0) -> 0 | DL20: =+IF(DJ20>0,IF(DJ20>$G20,"NO VÁLIDA","VÁLIDA"),"NO VÁLIDA") -> NO VÁLIDA | DN20: =ROUND($F20*ROUND(DM20,0),0) -> 0 | DO20: =+IF(DM20>0,IF(DM20>$G20,"NO VÁLIDA","VÁLIDA"),"NO VÁLIDA") -> NO VÁLIDA | DQ20: =ROUND($F20*ROUND(DP20,0),0) -> 0 | DR20: =+IF(DP20>0,IF(DP20>$G20,"NO VÁLIDA","VÁLIDA"),"NO VÁLIDA") -> NO VÁLIDA | DT20: =ROUND($F20*ROUND(DS20,0),0) -> 0 | DU20: =+IF(DS20>0,IF(DS20>$G20,"NO VÁLIDA","VÁLIDA"),"NO VÁLIDA") -> NO VÁLIDA | DW20: =ROUND($F20*ROUND(DV20,0),0) -> 0 | DX20: =+IF(DV20>0,IF(DV20>$G20,"NO VÁLIDA","VÁLIDA"),"NO VÁLIDA") -> NO VÁLIDA | DZ20: =ROUND($F20*ROUND(DY20,0),0) -> 0 | EA20: =+IF(DY20>0,IF(DY20>$G20,"NO VÁLIDA","VÁLIDA"),"NO VÁLIDA") -> NO VÁLIDA | EC20: =ROUND($F20*ROUND(EB20,0),0) -> 0 | ED20: =+IF(EB20>0,IF(EB20>$G20,"NO VÁLIDA","VÁLIDA"),"NO VÁLIDA") -> NO VÁLIDA | EF20: =ROUND($F20*ROUND(EE20,0),0) -> 0 | EG20: =+IF(EE20>0,IF(EE20>$G20,"NO VÁLIDA","VÁLIDA"),"NO VÁLIDA") -> NO VÁLIDA | EI20: =ROUND($F20*ROUND(EH20,0),0) -> 0 | EJ20: =+IF(EH20>0,IF(EH20>$G20,"NO VÁLIDA","VÁLIDA"),"NO VÁLIDA") -> NO VÁLIDA | EL20: =ROUND($F20*ROUND(EK20,0),0) -> 0 | EM20: =+IF(EK20>0,IF(EK20>$G20,"NO VÁLIDA","VÁLIDA"),"NO VÁLIDA") -> NO VÁLIDA | EO20: =ROUND($F20*ROUND(EN20,0),0) -> 0 | EP20: =+IF(EN20>0,IF(EN20>$G20,"NO VÁLIDA","VÁLIDA"),"NO VÁLIDA") -> NO VÁLIDA | ER20: =ROUND($F20*ROUND(EQ20,0),0) -> 0 | ES20: =+IF(EQ20>0,IF(EQ20>$G20,"NO VÁLIDA","VÁLIDA"),"NO VÁLIDA") -> NO VÁLIDA | EU20: =ROUND($F20*ROUND(ET20,0),0) -> 0 | EV20: =+IF(ET20>0,IF(ET20>$G20,"NO VÁLIDA","VÁLIDA"),"NO VÁLIDA") -> NO VÁLIDA | EX20: =ROUND($F20*ROUND(EW20,0),0) -> 0 | EY20: =+IF(EW20>0,IF(EW20>$G20,"NO VÁLIDA","VÁLIDA"),"NO VÁLIDA") -> NO VÁLIDA | FA20: =ROUND($F20*ROUND(EZ20,0),0) -> 0 | FB20: =+IF(EZ20>0,IF(EZ20>$G20,"NO VÁLIDA","VÁLIDA"),"NO VÁLIDA") -> NO VÁLIDA | FD20: =ROUND($F20*ROUND(FC20,0),0) -> 0 | FE20: =+IF(FC20>0,IF(FC20>$G20,"NO VÁLIDA","VÁLIDA"),"NO VÁLIDA") -> NO VÁLIDA | FG20: =ROUND($F20*ROUND(FF20,0),0) -> 0 | FH20: =+IF(FF20>0,IF(FF20>$G20,"NO VÁLIDA","VÁLIDA"),"NO VÁLIDA") -> NO VÁLIDA | FJ20: =ROUND($F20*ROUND(FI20,0),0) -> 0 | FK20: =+IF(FI20>0,IF(FI20>$G20,"NO VÁLIDA","VÁLIDA"),"NO VÁLIDA") -> NO VÁLIDA | FM20: =ROUND($F20*ROUND(FL20,0),0) -> 0 | FN20: =+IF(FL20>0,IF(FL20>$G20,"NO VÁLIDA","VÁLIDA"),"NO VÁLIDA") -> NO VÁLIDA | FP20: =ROUND($F20*ROUND(FO20,0),0) -> 0 | FQ20: =+IF(FO20>0,IF(FO20>$G20,"NO VÁLIDA","VÁLIDA"),"NO VÁLIDA") -> NO VÁLIDA | FS20: =ROUND($F20*ROUND(FR20,0),0) -> 0 | FT20: =+IF(FR20>0,IF(FR20>$G20,"NO VÁLIDA","VÁLIDA"),"NO VÁLIDA") -> NO VÁLIDA | FV20: =ROUND($F20*ROUND(FU20,0),0) -> 0 | FW20: =+IF(FU20>0,IF(FU20>$G20,"NO VÁLIDA","VÁLIDA"),"NO VÁLIDA") -> NO VÁLIDA | FY20: =ROUND($F20*ROUND(FX20,0),0) -> 0 | FZ20: =+IF(FX20>0,IF(FX20>$G20,"NO VÁLIDA","VÁLIDA"),"NO VÁLIDA") -> NO VÁLIDA | GB20: =ROUND($F20*ROUND(GA20,0),0) -> 0 | GC20: =+IF(GA20>0,IF(GA20>$G20,"NO VÁLIDA","VÁLIDA"),"NO VÁLIDA") -> NO VÁLIDA | GE20: =ROUND($F20*ROUND(GD20,0),0) -> 0 | GF20: =+IF(GD20>0,IF(GD20>$G20,"NO VÁLIDA","VÁLIDA"),"NO VÁLIDA") -> NO VÁLIDA | GH20: =ROUND($F20*ROUND(GG20,0),0) -> 0 | GI20: =+IF(GG20>0,IF(GG20>$G20,"NO VÁLIDA","VÁLIDA"),"NO VÁLIDA") -> NO VÁLIDA | GK20: =ROUND($F20*ROUND(GJ20,0),0) -> 0 | GL20: =+IF(GJ20>0,IF(GJ20>$G20,"NO VÁLIDA","VÁLIDA"),"NO VÁLIDA") -> NO VÁLIDA | GN20: =ROUND($F20*ROUND(GM20,0),0) -> 0 | GO20: =+IF(GM20>0,IF(GM20>$G20,"NO VÁLIDA","VÁLIDA"),"NO VÁLIDA") -> NO VÁLIDA | GQ20: =ROUND($F20*ROUND(GP20,0),0) -> 0 | GR20: =+IF(GP20>0,IF(GP20>$G20,"NO VÁLIDA","VÁLIDA"),"NO VÁLIDA") -> NO VÁLIDA | GT20: =ROUND($F20*ROUND(GS20,0),0) -> 0 | GU20: =+IF(GS20>0,IF(GS20>$G20,"NO VÁLIDA","VÁLIDA"),"NO VÁLIDA") -> NO VÁLIDA | GW20: =ROUND($F20*ROUND(GV20,0),0) -> 0 | GX20: =+IF(GV20>0,IF(GV20>$G20,"NO VÁLIDA","VÁLIDA"),"NO VÁLIDA") -> NO VÁLIDA | GZ20: =ROUND($F20*ROUND(GY20,0),0) -> 0 | HA20: =+IF(GY20>0,IF(GY20>$G20,"NO VÁLIDA","VÁLIDA"),"NO VÁLIDA") -> NO VÁLIDA | HC20: =ROUND($F20*ROUND(HB20,0),0) -> 0 | HD20: =+IF(HB20>0,IF(HB20>$G20,"NO VÁLIDA","VÁLIDA"),"NO VÁLIDA") -> NO VÁLIDA | HF20: =ROUND($F20*ROUND(HE20,0),0) -> 0 | HG20: =+IF(HE20>0,IF(HE20>$G20,"NO VÁLIDA","VÁLIDA"),"NO VÁLIDA") -> NO VÁLIDA | HI20: =ROUND($F20*ROUND(HH20,0),0) -> 0 | HJ20: =+IF(HH20>0,IF(HH20>$G20,"NO VÁLIDA","VÁLIDA"),"NO VÁLIDA") -> NO VÁLIDA | HL20: =ROUND($F20*ROUND(HK20,0),0) -> 0 | HM20: =+IF(HK20>0,IF(HK20>$G20,"NO VÁLIDA","VÁLIDA"),"NO VÁLIDA") -> NO VÁLIDA | HO20: =ROUND($F20*ROUND(HN20,0),0) -> 0 | HP20: =+IF(HN20>0,IF(HN20>$G20,"NO VÁLIDA","VÁLIDA"),"NO VÁLIDA") -> NO VÁLIDA | HR20: =ROUND($F20*ROUND(HQ20,0),0) -> 0 | HS20: =+IF(HQ20>0,IF(HQ20>$G20,"NO VÁLIDA","VÁLIDA"),"NO VÁLIDA") -> NO VÁLIDA | HU20: =ROUND($F20*ROUND(HT20,0),0) -> 0 | HV20: =+IF(HT20>0,IF(HT20>$G20,"NO VÁLIDA","VÁLIDA"),"NO VÁLIDA") -> NO VÁLIDA | HX20: =ROUND($F20*ROUND(HW20,0),0) -> 0 | HY20: =+IF(HW20>0,IF(HW20>$G20,"NO VÁLIDA","VÁLIDA"),"NO VÁLIDA") -> NO VÁLIDA | IA20: =ROUND($F20*ROUND(HZ20,0),0) -> 0 | IB20: =+IF(HZ20>0,IF(HZ20>$G20,"NO VÁLIDA","VÁLIDA"),"NO VÁLIDA") -> NO VÁLIDA | ID20: =ROUND($F20*ROUND(IC20,0),0) -> 0 | IE20: =+IF(IC20>0,IF(IC20>$G20,"NO VÁLIDA","VÁLIDA"),"NO VÁLIDA") -> NO VÁLIDA | IG20: =ROUND($F20*ROUND(IF20,0),0) -> 0 | IH20: =+IF(IF20>0,IF(IF20>$G20,"NO VÁLIDA","VÁLIDA"),"NO VÁLIDA") -> NO VÁLIDA | IJ20: =ROUND($F20*ROUND(II20,0),0) -> 0 | IK20: =+IF(II20>0,IF(II20>$G20,"NO VÁLIDA","VÁLIDA"),"NO VÁLIDA") -> NO VÁLIDA | IM20: =ROUND($F20*ROUND(IL20,0),0) -> 0 | IN20: =+IF(IL20>0,IF(IL20>$G20,"NO VÁLIDA","VÁLIDA"),"NO VÁLIDA") -> NO VÁLIDA | IP20: =ROUND($F20*ROUND(IO20,0),0) -> 0 | IQ20: =+IF(IO20>0,IF(IO20>$G20,"NO VÁLIDA","VÁLIDA"),"NO VÁLIDA") -> NO VÁLIDA | IS20: =ROUND($F20*ROUND(IR20,0),0) -> 0 | IT20: =+IF(IR20>0,IF(IR20>$G20,"NO VÁLIDA","VÁLIDA"),"NO VÁLIDA") -> NO VÁLIDA | IV20: =ROUND($F20*ROUND(IU20,0),0) -> 0 | IW20: =+IF(IU20>0,IF(IU20>$G20,"NO VÁLIDA","VÁLIDA"),"NO VÁLIDA") -> NO VÁLIDA | IY20: =ROUND($F20*ROUND(IX20,0),0) -> 0 | IZ20: =+IF(IX20>0,IF(IX20>$G20,"NO VÁLIDA","VÁLIDA"),"NO VÁLIDA") -> NO VÁLIDA | JB20: =ROUND($F20*ROUND(JA20,0),0) -> 0 | JC20: =+IF(JA20>0,IF(JA20>$G20,"NO VÁLIDA","VÁLIDA"),"NO VÁLIDA") -> NO VÁLIDA | JE20: =ROUND($F20*ROUND(JD20,0),0) -> 0 | JF20: =+IF(JD20>0,IF(JD20>$G20,"NO VÁLIDA","VÁLIDA"),"NO VÁLIDA") -> NO VÁLIDA | JH20: =ROUND($F20*ROUND(JG20,0),0) -> 0 | JI20: =+IF(JG20>0,IF(JG20>$G20,"NO VÁLIDA","VÁLIDA"),"NO VÁLIDA") -> NO VÁLIDA | JK20: =ROUND($F20*ROUND(JJ20,0),0) -> 0 | JL20: =+IF(JJ20>0,IF(JJ20>$G20,"NO VÁLIDA","VÁLIDA"),"NO VÁLIDA") -> NO VÁLIDA | JN20: =ROUND($F20*ROUND(JM20,0),0) -> 0 | JO20: =+IF(JM20>0,IF(JM20>$G20,"NO VÁLIDA","VÁLIDA"),"NO VÁLIDA") -> NO VÁLIDA | JQ20: =ROUND($F20*ROUND(JP20,0),0) -> 0 | JR20: =+IF(JP20>0,IF(JP20>$G20,"NO VÁLIDA","VÁLIDA"),"NO VÁLIDA") -> NO VÁLIDA | JT20: =ROUND($F20*ROUND(JS20,0),0) -> 0 | JU20: =+IF(JS20>0,IF(JS20>$G20,"NO VÁLIDA","VÁLIDA"),"NO VÁLIDA") -> NO VÁLIDA | JW20: =ROUND($F20*ROUND(JV20,0),0) -> 0 | JX20: =+IF(JV20>0,IF(JV20>$G20,"NO VÁLIDA","VÁLIDA"),"NO VÁLIDA") -> NO VÁLIDA | JZ20: =ROUND($F20*ROUND(JY20,0),0) -> 0 | KA20: =+IF(JY20>0,IF(JY20>$G20,"NO VÁLIDA","VÁLIDA"),"NO VÁLIDA") -> NO VÁLIDA | KC20: =ROUND($F20*ROUND(KB20,0),0) -> 0 | KD20: =+IF(KB20>0,IF(KB20>$G20,"NO VÁLIDA","VÁLIDA"),"NO VÁLIDA") -> NO VÁLIDA | KF20: =ROUND($F20*ROUND(KE20,0),0) -> 0 | KG20: =+IF(KE20>0,IF(KE20>$G20,"NO VÁLIDA","VÁLIDA"),"NO VÁLIDA") -> NO VÁLIDA | KI20: =ROUND($F20*ROUND(KH20,0),0) -> 0 | KJ20: =+IF(KH20>0,IF(KH20>$G20,"NO VÁLIDA","VÁLIDA"),"NO VÁLIDA") -> NO VÁLIDA | KL20: =ROUND($F20*ROUND(KK20,0),0) -> 0 | KM20: =+IF(KK20>0,IF(KK20>$G20,"NO VÁLIDA","VÁLIDA"),"NO VÁLIDA") -> NO VÁLIDA | KO20: =ROUND($F20*ROUND(KN20,0),0) -> 0 | KP20: =+IF(KN20>0,IF(KN20>$G20,"NO VÁLIDA","VÁLIDA"),"NO VÁLIDA") -> NO VÁLIDA | KR20: =ROUND($F20*ROUND(KQ20,0),0) -> 0 | KS20: =+IF(KQ20>0,IF(KQ20>$G20,"NO VÁLIDA","VÁLIDA"),"NO VÁLIDA") -> NO VÁLIDA | KU20: =ROUND($F20*ROUND(KT20,0),0) -> 0 | KV20: =+IF(KT20>0,IF(KT20>$G20,"NO VÁLIDA","VÁLIDA"),"NO VÁLIDA") -> NO VÁLIDA
AN21: =ROUND($F21*ROUND(AM21,0),0) -> 0 | AO21: =+IF(AM21>0,IF(AM21>$G21,"NO VÁLIDA","VÁLIDA"),"NO VÁLIDA") -> NO VÁLIDA | AQ21: =ROUND($F21*ROUND(AP21,0),0) -> 0 | AR21: =+IF(AP21>0,IF(AP21>$G21,"NO VÁLIDA","VÁLIDA"),"NO VÁLIDA") -> NO VÁLIDA | AT21: =ROUND($F21*ROUND(AS21,0),0) -> 0 | AU21: =+IF(AS21>0,IF(AS21>$G21,"NO VÁLIDA","VÁLIDA"),"NO VÁLIDA") -> NO VÁLIDA | AW21: =ROUND($F21*ROUND(AV21,0),0) -> 0 | AX21: =+IF(AV21>0,IF(AV21>$G21,"NO VÁLIDA","VÁLIDA"),"NO VÁLIDA") -> NO VÁLIDA | AZ21: =ROUND($F21*ROUND(AY21,0),0) -> 0 | BA21: =+IF(AY21>0,IF(AY21>$G21,"NO VÁLIDA","VÁLIDA"),"NO VÁLIDA") -> NO VÁLIDA | BC21: =ROUND($F21*ROUND(BB21,0),0) -> 0 | BD21: =+IF(BB21>0,IF(BB21>$G21,"NO VÁLIDA","VÁLIDA"),"NO VÁLIDA") -> NO VÁLIDA | BF21: =ROUND($F21*ROUND(BE21,0),0) -> 0 | BG21: =+IF(BE21>0,IF(BE21>$G21,"NO VÁLIDA","VÁLIDA"),"NO VÁLIDA") -> NO VÁLIDA | BI21: =ROUND($F21*ROUND(BH21,0),0) -> 0 | BJ21: =+IF(BH21>0,IF(BH21>$G21,"NO VÁLIDA","VÁLIDA"),"NO VÁLIDA") -> NO VÁLIDA | BL21: =ROUND($F21*ROUND(BK21,0),0) -> 0 | BM21: =+IF(BK21>0,IF(BK21>$G21,"NO VÁLIDA","VÁLIDA"),"NO VÁLIDA") -> NO VÁLIDA | BO21: =ROUND($F21*ROUND(BN21,0),0) -> 0 | BP21: =+IF(BN21>0,IF(BN21>$G21,"NO VÁLIDA","VÁLIDA"),"NO VÁLIDA") -> NO VÁLIDA | BR21: =ROUND($F21*ROUND(BQ21,0),0) -> 0 | BS21: =+IF(BQ21>0,IF(BQ21>$G21,"NO VÁLIDA","VÁLIDA"),"NO VÁLIDA") -> NO VÁLIDA | BU21: =ROUND($F21*ROUND(BT21,0),0) -> 0 | BV21: =+IF(BT21>0,IF(BT21>$G21,"NO VÁLIDA","VÁLIDA"),"NO VÁLIDA") -> NO VÁLIDA | BX21: =ROUND($F21*ROUND(BW21,0),0) -> 0 | BY21: =+IF(BW21>0,IF(BW21>$G21,"NO VÁLIDA","VÁLIDA"),"NO VÁLIDA") -> NO VÁLIDA | CA21: =ROUND($F21*ROUND(BZ21,0),0) -> 0 | CB21: =+IF(BZ21>0,IF(BZ21>$G21,"NO VÁLIDA","VÁLIDA"),"NO VÁLIDA") -> NO VÁLIDA | CD21: =ROUND($F21*ROUND(CC21,0),0) -> 0 | CE21: =+IF(CC21>0,IF(CC21>$G21,"NO VÁLIDA","VÁLIDA"),"NO VÁLIDA") -> NO VÁLIDA | CG21: =ROUND($F21*ROUND(CF21,0),0) -> 0 | CH21: =+IF(CF21>0,IF(CF21>$G21,"NO VÁLIDA","VÁLIDA"),"NO VÁLIDA") -> NO VÁLIDA | CJ21: =ROUND($F21*ROUND(CI21,0),0) -> 0 | CK21: =+IF(CI21>0,IF(CI21>$G21,"NO VÁLIDA","VÁLIDA"),"NO VÁLIDA") -> NO VÁLIDA | CM21: =ROUND($F21*ROUND(CL21,0),0) -> 0 | CN21: =+IF(CL21>0,IF(CL21>$G21,"NO VÁLIDA","VÁLIDA"),"NO VÁLIDA") -> NO VÁLIDA | CP21: =ROUND($F21*ROUND(CO21,0),0) -> 0 | CQ21: =+IF(CO21>0,IF(CO21>$G21,"NO VÁLIDA","VÁLIDA"),"NO VÁLIDA") -> NO VÁLIDA | CS21: =ROUND($F21*ROUND(CR21,0),0) -> 0 | CT21: =+IF(CR21>0,IF(CR21>$G21,"NO VÁLIDA","VÁLIDA"),"NO VÁLIDA") -> NO VÁLIDA | CV21: =ROUND($F21*ROUND(CU21,0),0) -> 0 | CW21: =+IF(CU21>0,IF(CU21>$G21,"NO VÁLIDA","VÁLIDA"),"NO VÁLIDA") -> NO VÁLIDA | CY21: =ROUND($F21*ROUND(CX21,0),0) -> 0 | CZ21: =+IF(CX21>0,IF(CX21>$G21,"NO VÁLIDA","VÁLIDA"),"NO VÁLIDA") -> NO VÁLIDA | DB21: =ROUND($F21*ROUND(DA21,0),0) -> 0 | DC21: =+IF(DA21>0,IF(DA21>$G21,"NO VÁLIDA","VÁLIDA"),"NO VÁLIDA") -> NO VÁLIDA | DE21: =ROUND($F21*ROUND(DD21,0),0) -> 0 | DF21: =+IF(DD21>0,IF(DD21>$G21,"NO VÁLIDA","VÁLIDA"),"NO VÁLIDA") -> NO VÁLIDA | DH21: =ROUND($F21*ROUND(DG21,0),0) -> 0 | DI21: =+IF(DG21>0,IF(DG21>$G21,"NO VÁLIDA","VÁLIDA"),"NO VÁLIDA") -> NO VÁLIDA | DK21: =ROUND($F21*ROUND(DJ21,0),0) -> 0 | DL21: =+IF(DJ21>0,IF(DJ21>$G21,"NO VÁLIDA","VÁLIDA"),"NO VÁLIDA") -> NO VÁLIDA | DN21: =ROUND($F21*ROUND(DM21,0),0) -> 0 | DO21: =+IF(DM21>0,IF(DM21>$G21,"NO VÁLIDA","VÁLIDA"),"NO VÁLIDA") -> NO VÁLIDA | DQ21: =ROUND($F21*ROUND(DP21,0),0) -> 0 | DR21: =+IF(DP21>0,IF(DP21>$G21,"NO VÁLIDA","VÁLIDA"),"NO VÁLIDA") -> NO VÁLIDA | DT21: =ROUND($F21*ROUND(DS21,0),0) -> 0 | DU21: =+IF(DS21>0,IF(DS21>$G21,"NO VÁLIDA","VÁLIDA"),"NO VÁLIDA") -> NO VÁLIDA | DW21: =ROUND($F21*ROUND(DV21,0),0) -> 0 | DX21: =+IF(DV21>0,IF(DV21>$G21,"NO VÁLIDA","VÁLIDA"),"NO VÁLIDA") -> NO VÁLIDA | DZ21: =ROUND($F21*ROUND(DY21,0),0) -> 0 | EA21: =+IF(DY21>0,IF(DY21>$G21,"NO VÁLIDA","VÁLIDA"),"NO VÁLIDA") -> NO VÁLIDA | EC21: =ROUND($F21*ROUND(EB21,0),0) -> 0 | ED21: =+IF(EB21>0,IF(EB21>$G21,"NO VÁLIDA","VÁLIDA"),"NO VÁLIDA") -> NO VÁLIDA | EF21: =ROUND($F21*ROUND(EE21,0),0) -> 0 | EG21: =+IF(EE21>0,IF(EE21>$G21,"NO VÁLIDA","VÁLIDA"),"NO VÁLIDA") -> NO VÁLIDA | EI21: =ROUND($F21*ROUND(EH21,0),0) -> 0 | EJ21: =+IF(EH21>0,IF(EH21>$G21,"NO VÁLIDA","VÁLIDA"),"NO VÁLIDA") -> NO VÁLIDA | EL21: =ROUND($F21*ROUND(EK21,0),0) -> 0 | EM21: =+IF(EK21>0,IF(EK21>$G21,"NO VÁLIDA","VÁLIDA"),"NO VÁLIDA") -> NO VÁLIDA | EO21: =ROUND($F21*ROUND(EN21,0),0) -> 0 | EP21: =+IF(EN21>0,IF(EN21>$G21,"NO VÁLIDA","VÁLIDA"),"NO VÁLIDA") -> NO VÁLIDA | ER21: =ROUND($F21*ROUND(EQ21,0),0) -> 0 | ES21: =+IF(EQ21>0,IF(EQ21>$G21,"NO VÁLIDA","VÁLIDA"),"NO VÁLIDA") -> NO VÁLIDA | EU21: =ROUND($F21*ROUND(ET21,0),0) -> 0 | EV21: =+IF(ET21>0,IF(ET21>$G21,"NO VÁLIDA","VÁLIDA"),"NO VÁLIDA") -> NO VÁLIDA | EX21: =ROUND($F21*ROUND(EW21,0),0) -> 0 | EY21: =+IF(EW21>0,IF(EW21>$G21,"NO VÁLIDA","VÁLIDA"),"NO VÁLIDA") -> NO VÁLIDA | FA21: =ROUND($F21*ROUND(EZ21,0),0) -> 0 | FB21: =+IF(EZ21>0,IF(EZ21>$G21,"NO VÁLIDA","VÁLIDA"),"NO VÁLIDA") -> NO VÁLIDA | FD21: =ROUND($F21*ROUND(FC21,0),0) -> 0 | FE21: =+IF(FC21>0,IF(FC21>$G21,"NO VÁLIDA","VÁLIDA"),"NO VÁLIDA") -> NO VÁLIDA | FG21: =ROUND($F21*ROUND(FF21,0),0) -> 0 | FH21: =+IF(FF21>0,IF(FF21>$G21,"NO VÁLIDA","VÁLIDA"),"NO VÁLIDA") -> NO VÁLIDA | FJ21: =ROUND($F21*ROUND(FI21,0),0) -> 0 | FK21: =+IF(FI21>0,IF(FI21>$G21,"NO VÁLIDA","VÁLIDA"),"NO VÁLIDA") -> NO VÁLIDA | FM21: =ROUND($F21*ROUND(FL21,0),0) -> 0 | FN21: =+IF(FL21>0,IF(FL21>$G21,"NO VÁLIDA","VÁLIDA"),"NO VÁLIDA") -> NO VÁLIDA | FP21: =ROUND($F21*ROUND(FO21,0),0) -> 0 | FQ21: =+IF(FO21>0,IF(FO21>$G21,"NO VÁLIDA","VÁLIDA"),"NO VÁLIDA") -> NO VÁLIDA | FS21: =ROUND($F21*ROUND(FR21,0),0) -> 0 | FT21: =+IF(FR21>0,IF(FR21>$G21,"NO VÁLIDA","VÁLIDA"),"NO VÁLIDA") -> NO VÁLIDA | FV21: =ROUND($F21*ROUND(FU21,0),0) -> 0 | FW21: =+IF(FU21>0,IF(FU21>$G21,"NO VÁLIDA","VÁLIDA"),"NO VÁLIDA") -> NO VÁLIDA | FY21: =ROUND($F21*ROUND(FX21,0),0) -> 0 | FZ21: =+IF(FX21>0,IF(FX21>$G21,"NO VÁLIDA","VÁLIDA"),"NO VÁLIDA") -> NO VÁLIDA | GB21: =ROUND($F21*ROUND(GA21,0),0) -> 0 | GC21: =+IF(GA21>0,IF(GA21>$G21,"NO VÁLIDA","VÁLIDA"),"NO VÁLIDA") -> NO VÁLIDA | GE21: =ROUND($F21*ROUND(GD21,0),0) -> 0 | GF21: =+IF(GD21>0,IF(GD21>$G21,"NO VÁLIDA","VÁLIDA"),"NO VÁLIDA") -> NO VÁLIDA | GH21: =ROUND($F21*ROUND(GG21,0),0) -> 0 | GI21: =+IF(GG21>0,IF(GG21>$G21,"NO VÁLIDA","VÁLIDA"),"NO VÁLIDA") -> NO VÁLIDA | GK21: =ROUND($F21*ROUND(GJ21,0),0) -> 0 | GL21: =+IF(GJ21>0,IF(GJ21>$G21,"NO VÁLIDA","VÁLIDA"),"NO VÁLIDA") -> NO VÁLIDA | GN21: =ROUND($F21*ROUND(GM21,0),0) -> 0 | GO21: =+IF(GM21>0,IF(GM21>$G21,"NO VÁLIDA","VÁLIDA"),"NO VÁLIDA") -> NO VÁLIDA | GQ21: =ROUND($F21*ROUND(GP21,0),0) -> 0 | GR21: =+IF(GP21>0,IF(GP21>$G21,"NO VÁLIDA","VÁLIDA"),"NO VÁLIDA") -> NO VÁLIDA | GT21: =ROUND($F21*ROUND(GS21,0),0) -> 0 | GU21: =+IF(GS21>0,IF(GS21>$G21,"NO VÁLIDA","VÁLIDA"),"NO VÁLIDA") -> NO VÁLIDA | GW21: =ROUND($F21*ROUND(GV21,0),0) -> 0 | GX21: =+IF(GV21>0,IF(GV21>$G21,"NO VÁLIDA","VÁLIDA"),"NO VÁLIDA") -> NO VÁLIDA | GZ21: =ROUND($F21*ROUND(GY21,0),0) -> 0 | HA21: =+IF(GY21>0,IF(GY21>$G21,"NO VÁLIDA","VÁLIDA"),"NO VÁLIDA") -> NO VÁLIDA | HC21: =ROUND($F21*ROUND(HB21,0),0) -> 0 | HD21: =+IF(HB21>0,IF(HB21>$G21,"NO VÁLIDA","VÁLIDA"),"NO VÁLIDA") -> NO VÁLIDA | HF21: =ROUND($F21*ROUND(HE21,0),0) -> 0 | HG21: =+IF(HE21>0,IF(HE21>$G21,"NO VÁLIDA","VÁLIDA"),"NO VÁLIDA") -> NO VÁLIDA | HI21: =ROUND($F21*ROUND(HH21,0),0) -> 0 | HJ21: =+IF(HH21>0,IF(HH21>$G21,"NO VÁLIDA","VÁLIDA"),"NO VÁLIDA") -> NO VÁLIDA | HL21: =ROUND($F21*ROUND(HK21,0),0) -> 0 | HM21: =+IF(HK21>0,IF(HK21>$G21,"NO VÁLIDA","VÁLIDA"),"NO VÁLIDA") -> NO VÁLIDA | HO21: =ROUND($F21*ROUND(HN21,0),0) -> 0 | HP21: =+IF(HN21>0,IF(HN21>$G21,"NO VÁLIDA","VÁLIDA"),"NO VÁLIDA") -> NO VÁLIDA | HR21: =ROUND($F21*ROUND(HQ21,0),0) -> 0 | HS21: =+IF(HQ21>0,IF(HQ21>$G21,"NO VÁLIDA","VÁLIDA"),"NO VÁLIDA") -> NO VÁLIDA | HU21: =ROUND($F21*ROUND(HT21,0),0) -> 0 | HV21: =+IF(HT21>0,IF(HT21>$G21,"NO VÁLIDA","VÁLIDA"),"NO VÁLIDA") -> NO VÁLIDA | HX21: =ROUND($F21*ROUND(HW21,0),0) -> 0 | HY21: =+IF(HW21>0,IF(HW21>$G21,"NO VÁLIDA","VÁLIDA"),"NO VÁLIDA") -> NO VÁLIDA | IA21: =ROUND($F21*ROUND(HZ21,0),0) -> 0 | IB21: =+IF(HZ21>0,IF(HZ21>$G21,"NO VÁLIDA","VÁLIDA"),"NO VÁLIDA") -> NO VÁLIDA | ID21: =ROUND($F21*ROUND(IC21,0),0) -> 0 | IE21: =+IF(IC21>0,IF(IC21>$G21,"NO VÁLIDA","VÁLIDA"),"NO VÁLIDA") -> NO VÁLIDA | IG21: =ROUND($F21*ROUND(IF21,0),0) -> 0 | IH21: =+IF(IF21>0,IF(IF21>$G21,"NO VÁLIDA","VÁLIDA"),"NO VÁLIDA") -> NO VÁLIDA | IJ21: =ROUND($F21*ROUND(II21,0),0) -> 0 | IK21: =+IF(II21>0,IF(II21>$G21,"NO VÁLIDA","VÁLIDA"),"NO VÁLIDA") -> NO VÁLIDA | IM21: =ROUND($F21*ROUND(IL21,0),0) -> 0 | IN21: =+IF(IL21>0,IF(IL21>$G21,"NO VÁLIDA","VÁLIDA"),"NO VÁLIDA") -> NO VÁLIDA | IP21: =ROUND($F21*ROUND(IO21,0),0) -> 0 | IQ21: =+IF(IO21>0,IF(IO21>$G21,"NO VÁLIDA","VÁLIDA"),"NO VÁLIDA") -> NO VÁLIDA | IS21: =ROUND($F21*ROUND(IR21,0),0) -> 0 | IT21: =+IF(IR21>0,IF(IR21>$G21,"NO VÁLIDA","VÁLIDA"),"NO VÁLIDA") -> NO VÁLIDA | IV21: =ROUND($F21*ROUND(IU21,0),0) -> 0 | IW21: =+IF(IU21>0,IF(IU21>$G21,"NO VÁLIDA","VÁLIDA"),"NO VÁLIDA") -> NO VÁLIDA | IY21: =ROUND($F21*ROUND(IX21,0),0) -> 0 | IZ21: =+IF(IX21>0,IF(IX21>$G21,"NO VÁLIDA","VÁLIDA"),"NO VÁLIDA") -> NO VÁLIDA | JB21: =ROUND($F21*ROUND(JA21,0),0) -> 0 | JC21: =+IF(JA21>0,IF(JA21>$G21,"NO VÁLIDA","VÁLIDA"),"NO VÁLIDA") -> NO VÁLIDA | JE21: =ROUND($F21*ROUND(JD21,0),0) -> 0 | JF21: =+IF(JD21>0,IF(JD21>$G21,"NO VÁLIDA","VÁLIDA"),"NO VÁLIDA") -> NO VÁLIDA | JH21: =ROUND($F21*ROUND(JG21,0),0) -> 0 | JI21: =+IF(JG21>0,IF(JG21>$G21,"NO VÁLIDA","VÁLIDA"),"NO VÁLIDA") -> NO VÁLIDA | JK21: =ROUND($F21*ROUND(JJ21,0),0) -> 0 | JL21: =+IF(JJ21>0,IF(JJ21>$G21,"NO VÁLIDA","VÁLIDA"),"NO VÁLIDA") -> NO VÁLIDA | JN21: =ROUND($F21*ROUND(JM21,0),0) -> 0 | JO21: =+IF(JM21>0,IF(JM21>$G21,"NO VÁLIDA","VÁLIDA"),"NO VÁLIDA") -> NO VÁLIDA | JQ21: =ROUND($F21*ROUND(JP21,0),0) -> 0 | JR21: =+IF(JP21>0,IF(JP21>$G21,"NO VÁLIDA","VÁLIDA"),"NO VÁLIDA") -> NO VÁLIDA | JT21: =ROUND($F21*ROUND(JS21,0),0) -> 0 | JU21: =+IF(JS21>0,IF(JS21>$G21,"NO VÁLIDA","VÁLIDA"),"NO VÁLIDA") -> NO VÁLIDA | JW21: =ROUND($F21*ROUND(JV21,0),0) -> 0 | JX21: =+IF(JV21>0,IF(JV21>$G21,"NO VÁLIDA","VÁLIDA"),"NO VÁLIDA") -> NO VÁLIDA | JZ21: =ROUND($F21*ROUND(JY21,0),0) -> 0 | KA21: =+IF(JY21>0,IF(JY21>$G21,"NO VÁLIDA","VÁLIDA"),"NO VÁLIDA") -> NO VÁLIDA | KC21: =ROUND($F21*ROUND(KB21,0),0) -> 0 | KD21: =+IF(KB21>0,IF(KB21>$G21,"NO VÁLIDA","VÁLIDA"),"NO VÁLIDA") -> NO VÁLIDA | KF21: =ROUND($F21*ROUND(KE21,0),0) -> 0 | KG21: =+IF(KE21>0,IF(KE21>$G21,"NO VÁLIDA","VÁLIDA"),"NO VÁLIDA") -> NO VÁLIDA | KI21: =ROUND($F21*ROUND(KH21,0),0) -> 0 | KJ21: =+IF(KH21>0,IF(KH21>$G21,"NO VÁLIDA","VÁLIDA"),"NO VÁLIDA") -> NO VÁLIDA | KL21: =ROUND($F21*ROUND(KK21,0),0) -> 0 | KM21: =+IF(KK21>0,IF(KK21>$G21,"NO VÁLIDA","VÁLIDA"),"NO VÁLIDA") -> NO VÁLIDA | KO21: =ROUND($F21*ROUND(KN21,0),0) -> 0 | KP21: =+IF(KN21>0,IF(KN21>$G21,"NO VÁLIDA","VÁLIDA"),"NO VÁLIDA") -> NO VÁLIDA | KR21: =ROUND($F21*ROUND(KQ21,0),0) -> 0 | KS21: =+IF(KQ21>0,IF(KQ21>$G21,"NO VÁLIDA","VÁLIDA"),"NO VÁLIDA") -> NO VÁLIDA | KU21: =ROUND($F21*ROUND(KT21,0),0) -> 0 | KV21: =+IF(KT21>0,IF(KT21>$G21,"NO VÁLIDA","VÁLIDA"),"NO VÁLIDA") -> NO VÁLIDA
G22: SUBTOTAL VALOR DE LAS OBRAS | H22: =SUM(H15:H21) -> 109368008 | J22: =SUM(J14:J21) -> 107505586 | M22: =SUM(M14:M21) -> 0 | P22: =SUM(P14:P21) -> 107940360 | S22: =SUM(S15:S21) -> 105721290 | V22: =SUM(V14:V21) -> 104786150 | Y22: =SUM(Y14:Y21) -> 100594000 | AB22: =SUM(AB14:AB21) -> 79755192 | AE22: =SUM(AE14:AE21) -> 0 | AH22: =SUM(AH14:AH21) -> 0 | AK22: =SUM(AK14:AK21) -> 0 | AN22: =AN14+#REF!+#REF!+#REF!+#REF!+#REF!+#REF!+#REF!+#REF! -> #REF! | AQ22: =AQ14+#REF!+#REF!+#REF!+#REF!+#REF!+#REF!+#REF!+#REF! -> #REF! | AT22: =AT14+#REF!+#REF!+#REF!+#REF!+#REF!+#REF!+#REF!+#REF! -> #REF! | AW22: =AW14+#REF!+#REF!+#REF!+#REF!+#REF!+#REF!+#REF!+#REF! -> #REF! | AZ22: =AZ14+#REF!+#REF!+#REF!+#REF!+#REF!+#REF!+#REF!+#REF! -> #REF! | BC22: =BC14+#REF!+#REF!+#REF!+#REF!+#REF!+#REF!+#REF!+#REF! -> #REF! | BF22: =BF14+#REF!+#REF!+#REF!+#REF!+#REF!+#REF!+#REF!+#REF! -> #REF! | BI22: =BI14+#REF!+#REF!+#REF!+#REF!+#REF!+#REF!+#REF!+#REF! -> #REF! | BL22: =BL14+#REF!+#REF!+#REF!+#REF!+#REF!+#REF!+#REF!+#REF! -> #REF! | BO22: =BO14+#REF!+#REF!+#REF!+#REF!+#REF!+#REF!+#REF!+#REF! -> #REF! | BR22: =BR14+#REF!+#REF!+#REF!+#REF!+#REF!+#REF!+#REF!+#REF! -> #REF! | BU22: =BU14+#REF!+#REF!+#REF!+#REF!+#REF!+#REF!+#REF!+#REF! -> #REF! | BX22: =BX14+#REF!+#REF!+#REF!+#REF!+#REF!+#REF!+#REF!+#REF! -> #REF! | CA22: =CA14+#REF!+#REF!+#REF!+#REF!+#REF!+#REF!+#REF!+#REF! -> #REF! | CD22: =CD14+#REF!+#REF!+#REF!+#REF!+#REF!+#REF!+#REF!+#REF! -> #REF! | CG22: =CG14+#REF!+#REF!+#REF!+#REF!+#REF!+#REF!+#REF!+#REF! -> #REF! | CJ22: =CJ14+#REF!+#REF!+#REF!+#REF!+#REF!+#REF!+#REF!+#REF! -> #REF! | CM22: =CM14+#REF!+#REF!+#REF!+#REF!+#REF!+#REF!+#REF!+#REF! -> #REF! | CP22: =CP14+#REF!+#REF!+#REF!+#REF!+#REF!+#REF!+#REF!+#REF! -> #REF! | CS22: =CS14+#REF!+#REF!+#REF!+#REF!+#REF!+#REF!+#REF!+#REF! -> #REF! | CV22: =CV14+#REF!+#REF!+#REF!+#REF!+#REF!+#REF!+#REF!+#REF! -> #REF! | CY22: =CY14+#REF!+#REF!+#REF!+#REF!+#REF!+#REF!+#REF!+#REF! -> #REF! | DB22: =DB14+#REF!+#REF!+#REF!+#REF!+#REF!+#REF!+#REF!+#REF! -> #REF! | DE22: =DE14+#REF!+#REF!+#REF!+#REF!+#REF!+#REF!+#REF!+#REF! -> #REF! | DH22: =DH14+#REF!+#REF!+#REF!+#REF!+#REF!+#REF!+#REF!+#REF! -> #REF! | DK22: =DK14+#REF!+#REF!+#REF!+#REF!+#REF!+#REF!+#REF!+#REF! -> #REF! | DN22: =DN14+#REF!+#REF!+#REF!+#REF!+#REF!+#REF!+#REF!+#REF! -> #REF! | DQ22: =DQ14+#REF!+#REF!+#REF!+#REF!+#REF!+#REF!+#REF!+#REF! -> #REF! | DT22: =DT14+#REF!+#REF!+#REF!+#REF!+#REF!+#REF!+#REF!+#REF! -> #REF! | DW22: =DW14+#REF!+#REF!+#REF!+#REF!+#REF!+#REF!+#REF!+#REF! -> #REF! | DZ22: =DZ14+#REF!+#REF!+#REF!+#REF!+#REF!+#REF!+#REF!+#REF! -> #REF! | EC22: =EC14+#REF!+#REF!+#REF!+#REF!+#REF!+#REF!+#REF!+#REF! -> #REF! | EF22: =EF14+#REF!+#REF!+#REF!+#REF!+#REF!+#REF!+#REF!+#REF! -> #REF! | EI22: =EI14+#REF!+#REF!+#REF!+#REF!+#REF!+#REF!+#REF!+#REF! -> #REF! | EL22: =EL14+#REF!+#REF!+#REF!+#REF!+#REF!+#REF!+#REF!+#REF! -> #REF! | EO22: =EO14+#REF!+#REF!+#REF!+#REF!+#REF!+#REF!+#REF!+#REF! -> #REF! | ER22: =ER14+#REF!+#REF!+#REF!+#REF!+#REF!+#REF!+#REF!+#REF! -> #REF! | EU22: =EU14+#REF!+#REF!+#REF!+#REF!+#REF!+#REF!+#REF!+#REF! -> #REF! | EX22: =EX14+#REF!+#REF!+#REF!+#REF!+#REF!+#REF!+#REF!+#REF! -> #REF! | FA22: =FA14+#REF!+#REF!+#REF!+#REF!+#REF!+#REF!+#REF!+#REF! -> #REF! | FD22: =FD14+#REF!+#REF!+#REF!+#REF!+#REF!+#REF!+#REF!+#REF! -> #REF! | FG22: =FG14+#REF!+#REF!+#REF!+#REF!+#REF!+#REF!+#REF!+#REF! -> #REF! | FJ22: =FJ14+#REF!+#REF!+#REF!+#REF!+#REF!+#REF!+#REF!+#REF! -> #REF! | FM22: =FM14+#REF!+#REF!+#REF!+#REF!+#REF!+#REF!+#REF!+#REF! -> #REF! | FP22: =FP14+#REF!+#REF!+#REF!+#REF!+#REF!+#REF!+#REF!+#REF! -> #REF! | FS22: =FS14+#REF!+#REF!+#REF!+#REF!+#REF!+#REF!+#REF!+#REF! -> #REF! | FV22: =FV14+#REF!+#REF!+#REF!+#REF!+#REF!+#REF!+#REF!+#REF! -> #REF! | FY22: =FY14+#REF!+#REF!+#REF!+#REF!+#REF!+#REF!+#REF!+#REF! -> #REF! | GB22: =GB14+#REF!+#REF!+#REF!+#REF!+#REF!+#REF!+#REF!+#REF! -> #REF! | GE22: =GE14+#REF!+#REF!+#REF!+#REF!+#REF!+#REF!+#REF!+#REF! -> #REF! | GH22: =GH14+#REF!+#REF!+#REF!+#REF!+#REF!+#REF!+#REF!+#REF! -> #REF! | GK22: =GK14+#REF!+#REF!+#REF!+#REF!+#REF!+#REF!+#REF!+#REF! -> #REF! | GN22: =GN14+#REF!+#REF!+#REF!+#REF!+#REF!+#REF!+#REF!+#REF! -> #REF! | GQ22: =GQ14+#REF!+#REF!+#REF!+#REF!+#REF!+#REF!+#REF!+#REF! -> #REF! | GT22: =GT14+#REF!+#REF!+#REF!+#REF!+#REF!+#REF!+#REF!+#REF! -> #REF! | GW22: =GW14+#REF!+#REF!+#REF!+#REF!+#REF!+#REF!+#REF!+#REF! -> #REF! | GZ22: =GZ14+#REF!+#REF!+#REF!+#REF!+#REF!+#REF!+#REF!+#REF! -> #REF! | HC22: =HC14+#REF!+#REF!+#REF!+#REF!+#REF!+#REF!+#REF!+#REF! -> #REF! | HF22: =HF14+#REF!+#REF!+#REF!+#REF!+#REF!+#REF!+#REF!+#REF! -> #REF! | HI22: =HI14+#REF!+#REF!+#REF!+#REF!+#REF!+#REF!+#REF!+#REF! -> #REF! | HL22: =HL14+#REF!+#REF!+#REF!+#REF!+#REF!+#REF!+#REF!+#REF! -> #REF! | HO22: =HO14+#REF!+#REF!+#REF!+#REF!+#REF!+#REF!+#REF!+#REF! -> #REF! | HR22: =HR14+#REF!+#REF!+#REF!+#REF!+#REF!+#REF!+#REF!+#REF! -> #REF! | HU22: =HU14+#REF!+#REF!+#REF!+#REF!+#REF!+#REF!+#REF!+#REF! -> #REF! | HX22: =HX14+#REF!+#REF!+#REF!+#REF!+#REF!+#REF!+#REF!+#REF! -> #REF! | IA22: =IA14+#REF!+#REF!+#REF!+#REF!+#REF!+#REF!+#REF!+#REF! -> #REF! | ID22: =ID14+#REF!+#REF!+#REF!+#REF!+#REF!+#REF!+#REF!+#REF! -> #REF! | IG22: =IG14+#REF!+#REF!+#REF!+#REF!+#REF!+#REF!+#REF!+#REF! -> #REF! | IJ22: =IJ14+#REF!+#REF!+#REF!+#REF!+#REF!+#REF!+#REF!+#REF! -> #REF! | IM22: =IM14+#REF!+#REF!+#REF!+#REF!+#REF!+#REF!+#REF!+#REF! -> #REF! | IP22: =IP14+#REF!+#REF!+#REF!+#REF!+#REF!+#REF!+#REF!+#REF! -> #REF! | IS22: =IS14+#REF!+#REF!+#REF!+#REF!+#REF!+#REF!+#REF!+#REF! -> #REF! | IV22: =IV14+#REF!+#REF!+#REF!+#REF!+#REF!+#REF!+#REF!+#REF! -> #REF! | IY22: =IY14+#REF!+#REF!+#REF!+#REF!+#REF!+#REF!+#REF!+#REF! -> #REF! | JB22: =JB14+#REF!+#REF!+#REF!+#REF!+#REF!+#REF!+#REF!+#REF! -> #REF! | JE22: =JE14+#REF!+#REF!+#REF!+#REF!+#REF!+#REF!+#REF!+#REF! -> #REF! | JH22: =JH14+#REF!+#REF!+#REF!+#REF!+#REF!+#REF!+#REF!+#REF! -> #REF! | JK22: =JK14+#REF!+#REF!+#REF!+#REF!+#REF!+#REF!+#REF!+#REF! -> #REF! | JN22: =JN14+#REF!+#REF!+#REF!+#REF!+#REF!+#REF!+#REF!+#REF! -> #REF! | JQ22: =JQ14+#REF!+#REF!+#REF!+#REF!+#REF!+#REF!+#REF!+#REF! -> #REF! | JT22: =JT14+#REF!+#REF!+#REF!+#REF!+#REF!+#REF!+#REF!+#REF! -> #REF! | JW22: =JW14+#REF!+#REF!+#REF!+#REF!+#REF!+#REF!+#REF!+#REF! -> #REF! | JZ22: =JZ14+#REF!+#REF!+#REF!+#REF!+#REF!+#REF!+#REF!+#REF! -> #REF! | KC22: =KC14+#REF!+#REF!+#REF!+#REF!+#REF!+#REF!+#REF!+#REF! -> #REF! | KF22: =KF14+#REF!+#REF!+#REF!+#REF!+#REF!+#REF!+#REF!+#REF! -> #REF! | KI22: =KI14+#REF!+#REF!+#REF!+#REF!+#REF!+#REF!+#REF!+#REF! -> #REF! | KL22: =KL14+#REF!+#REF!+#REF!+#REF!+#REF!+#REF!+#REF!+#REF! -> #REF! | KO22: =KO14+#REF!+#REF!+#REF!+#REF!+#REF!+#REF!+#REF!+#REF! -> #REF! | KR22: =KR14+#REF!+#REF!+#REF!+#REF!+#REF!+#REF!+#REF!+#REF! -> #REF! | KU22: =KU14+#REF!+#REF!+#REF!+#REF!+#REF!+#REF!+#REF!+#REF! -> #REF!
G23: ADMINISTRACIÓN | H23: 0.2 | J23: 0.2 | M23: 0.2 | P23: 0.2 | S23: 0.2 | V23: 0.2 | Y23: 0.2 | AB23: 0.2 | AE23: 0.2 | AH23: 0.2 | AK23: 0.2
G24: IMPREVISTOS | H24: 0.05 | I24: MÍNIMO 5% | J24: 0.05 | K24: =+IF(J24>0,IF(J24<$H24,"NO VÁLIDA","VÁLIDA"),"NO VÁLIDA") -> VÁLIDA | L24: MÍNIMO 5% | M24: 0.05 | N24: =+IF(M24>0,IF(M24<$H24,"NO VÁLIDA","VÁLIDA"),"NO VÁLIDA") -> VÁLIDA | O24: MÍNIMO 5% | P24: 0.05 | Q24: =+IF(P24>0,IF(P24<$H24,"NO VÁLIDA","VÁLIDA"),"NO VÁLIDA") -> VÁLIDA | R24: MÍNIMO 5% | S24: 0.05 | T24: =+IF(S24>0,IF(S24<$H24,"NO VÁLIDA","VÁLIDA"),"NO VÁLIDA") -> VÁLIDA | U24: MÍNIMO 5% | V24: 0.05 | W24: =+IF(V24>0,IF(V24<$H24,"NO VÁLIDA","VÁLIDA"),"NO VÁLIDA") -> VÁLIDA | X24: MÍNIMO 5% | Y24: 0.05 | Z24: =+IF(Y24>0,IF(Y24<$H24,"NO VÁLIDA","VÁLIDA"),"NO VÁLIDA") -> VÁLIDA | AA24: MÍNIMO 5% | AB24: 0.05 | AC24: =+IF(AB24>0,IF(AB24<$H24,"NO VÁLIDA","VÁLIDA"),"NO VÁLIDA") -> VÁLIDA | AD24: MÍNIMO 5% | AE24: 0.05 | AF24: =+IF(AE24>0,IF(AE24<$H24,"NO VÁLIDA","VÁLIDA"),"NO VÁLIDA") -> VÁLIDA | AG24: MÍNIMO 5% | AH24: 0.05 | AI24: =+IF(AH24>0,IF(AH24<$H24,"NO VÁLIDA","VÁLIDA"),"NO VÁLIDA") -> VÁLIDA | AJ24: MÍNIMO 5% | AK24: 0.05 | AL24: =+IF(AK24>0,IF(AK24<$H24,"NO VÁLIDA","VÁLIDA"),"NO VÁLIDA") -> VÁLIDA | AM24: MÍNIMO 5% | AO24: =+IF(AN24>0,IF(AN24<$H24,"NO VÁLIDA","VÁLIDA"),"NO VÁLIDA") -> NO VÁLIDA | AP24: MÍNIMO 5% | AR24: =+IF(AQ24>0,IF(AQ24<$H24,"NO VÁLIDA","VÁLIDA"),"NO VÁLIDA") -> NO VÁLIDA | AS24: MÍNIMO 5% | AU24: =+IF(AT24>0,IF(AT24<$H24,"NO VÁLIDA","VÁLIDA"),"NO VÁLIDA") -> NO VÁLIDA | AV24: MÍNIMO 5% | AX24: =+IF(AW24>0,IF(AW24<$H24,"NO VÁLIDA","VÁLIDA"),"NO VÁLIDA") -> NO VÁLIDA | AY24: MÍNIMO 5% | BA24: =+IF(AZ24>0,IF(AZ24<$H24,"NO VÁLIDA","VÁLIDA"),"NO VÁLIDA") -> NO VÁLIDA | BB24: MÍNIMO 5% | BD24: =+IF(BC24>0,IF(BC24<$H24,"NO VÁLIDA","VÁLIDA"),"NO VÁLIDA") -> NO VÁLIDA | BE24: MÍNIMO 5% | BG24: =+IF(BF24>0,IF(BF24<$H24,"NO VÁLIDA","VÁLIDA"),"NO VÁLIDA") -> NO VÁLIDA | BH24: MÍNIMO 5% | BJ24: =+IF(BI24>0,IF(BI24<$H24,"NO VÁLIDA","VÁLIDA"),"NO VÁLIDA") -> NO VÁLIDA | BK24: MÍNIMO 5% | BM24: =+IF(BL24>0,IF(BL24<$H24,"NO VÁLIDA","VÁLIDA"),"NO VÁLIDA") -> NO VÁLIDA | BN24: MÍNIMO 5% | BP24: =+IF(BO24>0,IF(BO24<$H24,"NO VÁLIDA","VÁLIDA"),"NO VÁLIDA") -> NO VÁLIDA | BQ24: MÍNIMO 5% | BS24: =+IF(BR24>0,IF(BR24<$H24,"NO VÁLIDA","VÁLIDA"),"NO VÁLIDA") -> NO VÁLIDA | BT24: MÍNIMO 5% | BV24: =+IF(BU24>0,IF(BU24<$H24,"NO VÁLIDA","VÁLIDA"),"NO VÁLIDA") -> NO VÁLIDA | BW24: MÍNIMO 5% | BY24: =+IF(BX24>0,IF(BX24<$H24,"NO VÁLIDA","VÁLIDA"),"NO VÁLIDA") -> NO VÁLIDA | BZ24: MÍNIMO 5% | CB24: =+IF(CA24>0,IF(CA24<$H24,"NO VÁLIDA","VÁLIDA"),"NO VÁLIDA") -> NO VÁLIDA | CC24: MÍNIMO 5% | CE24: =+IF(CD24>0,IF(CD24<$H24,"NO VÁLIDA","VÁLIDA"),"NO VÁLIDA") -> NO VÁLIDA | CF24: MÍNIMO 5% | CH24: =+IF(CG24>0,IF(CG24<$H24,"NO VÁLIDA","VÁLIDA"),"NO VÁLIDA") -> NO VÁLIDA | CI24: MÍNIMO 5% | CK24: =+IF(CJ24>0,IF(CJ24<$H24,"NO VÁLIDA","VÁLIDA"),"NO VÁLIDA") -> NO VÁLIDA | CL24: MÍNIMO 5% | CN24: =+IF(CM24>0,IF(CM24<$H24,"NO VÁLIDA","VÁLIDA"),"NO VÁLIDA") -> NO VÁLIDA | CO24: MÍNIMO 5% | CQ24: =+IF(CP24>0,IF(CP24<$H24,"NO VÁLIDA","VÁLIDA"),"NO VÁLIDA") -> NO VÁLIDA | CR24: MÍNIMO 5% | CT24: =+IF(CS24>0,IF(CS24<$H24,"NO VÁLIDA","VÁLIDA"),"NO VÁLIDA") -> NO VÁLIDA | CU24: MÍNIMO 5% | CW24: =+IF(CV24>0,IF(CV24<$H24,"NO VÁLIDA","VÁLIDA"),"NO VÁLIDA") -> NO VÁLIDA | CX24: MÍNIMO 5% | CZ24: =+IF(CY24>0,IF(CY24<$H24,"NO VÁLIDA","VÁLIDA"),"NO VÁLIDA") -> NO VÁLIDA | DA24: MÍNIMO 5% | DC24: =+IF(DB24>0,IF(DB24<$H24,"NO VÁLIDA","VÁLIDA"),"NO VÁLIDA") -> NO VÁLIDA | DD24: MÍNIMO 5% | DF24: =+IF(DE24>0,IF(DE24<$H24,"NO VÁLIDA","VÁLIDA"),"NO VÁLIDA") -> NO VÁLIDA | DG24: MÍNIMO 5% | DI24: =+IF(DH24>0,IF(DH24<$H24,"NO VÁLIDA","VÁLIDA"),"NO VÁLIDA") -> NO VÁLIDA | DJ24: MÍNIMO 5% | DL24: =+IF(DK24>0,IF(DK24<$H24,"NO VÁLIDA","VÁLIDA"),"NO VÁLIDA") -> NO VÁLIDA | DM24: MÍNIMO 5% | DO24: =+IF(DN24>0,IF(DN24<$H24,"NO VÁLIDA","VÁLIDA"),"NO VÁLIDA") -> NO VÁLIDA | DP24: MÍNIMO 5% | DR24: =+IF(DQ24>0,IF(DQ24<$H24,"NO VÁLIDA","VÁLIDA"),"NO VÁLIDA") -> NO VÁLIDA | DS24: MÍNIMO 5% | DU24: =+IF(DT24>0,IF(DT24<$H24,"NO VÁLIDA","VÁLIDA"),"NO VÁLIDA") -> NO VÁLIDA | DV24: MÍNIMO 5% | DX24: =+IF(DW24>0,IF(DW24<$H24,"NO VÁLIDA","VÁLIDA"),"NO VÁLIDA") -> NO VÁLIDA | DY24: MÍNIMO 5% | EA24: =+IF(DZ24>0,IF(DZ24<$H24,"NO VÁLIDA","VÁLIDA"),"NO VÁLIDA") -> NO VÁLIDA | EB24: MÍNIMO 5% | ED24: =+IF(EC24>0,IF(EC24<$H24,"NO VÁLIDA","VÁLIDA"),"NO VÁLIDA") -> NO VÁLIDA | EE24: MÍNIMO 5% | EG24: =+IF(EF24>0,IF(EF24<$H24,"NO VÁLIDA","VÁLIDA"),"NO VÁLIDA") -> NO VÁLIDA | EH24: MÍNIMO 5% | EJ24: =+IF(EI24>0,IF(EI24<$H24,"NO VÁLIDA","VÁLIDA"),"NO VÁLIDA") -> NO VÁLIDA | EK24: MÍNIMO 5% | EM24: =+IF(EL24>0,IF(EL24<$H24,"NO VÁLIDA","VÁLIDA"),"NO VÁLIDA") -> NO VÁLIDA | EN24: MÍNIMO 5% | EP24: =+IF(EO24>0,IF(EO24<$H24,"NO VÁLIDA","VÁLIDA"),"NO VÁLIDA") -> NO VÁLIDA | EQ24: MÍNIMO 5% | ES24: =+IF(ER24>0,IF(ER24<$H24,"NO VÁLIDA","VÁLIDA"),"NO VÁLIDA") -> NO VÁLIDA | ET24: MÍNIMO 5% | EV24: =+IF(EU24>0,IF(EU24<$H24,"NO VÁLIDA","VÁLIDA"),"NO VÁLIDA") -> NO VÁLIDA | EW24: MÍNIMO 5% | EY24: =+IF(EX24>0,IF(EX24<$H24,"NO VÁLIDA","VÁLIDA"),"NO VÁLIDA") -> NO VÁLIDA | EZ24: MÍNIMO 5% | FB24: =+IF(FA24>0,IF(FA24<$H24,"NO VÁLIDA","VÁLIDA"),"NO VÁLIDA") -> NO VÁLIDA | FC24: MÍNIMO 5% | FE24: =+IF(FD24>0,IF(FD24<$H24,"NO VÁLIDA","VÁLIDA"),"NO VÁLIDA") -> NO VÁLIDA | FF24: MÍNIMO 5% | FH24: =+IF(FG24>0,IF(FG24<$H24,"NO VÁLIDA","VÁLIDA"),"NO VÁLIDA") -> NO VÁLIDA | FI24: MÍNIMO 5% | FK24: =+IF(FJ24>0,IF(FJ24<$H24,"NO VÁLIDA","VÁLIDA"),"NO VÁLIDA") -> NO VÁLIDA | FL24: MÍNIMO 5% | FN24: =+IF(FM24>0,IF(FM24<$H24,"NO VÁLIDA","VÁLIDA"),"NO VÁLIDA") -> NO VÁLIDA | FO24: MÍNIMO 5% | FQ24: =+IF(FP24>0,IF(FP24<$H24,"NO VÁLIDA","VÁLIDA"),"NO VÁLIDA") -> NO VÁLIDA | FR24: MÍNIMO 5% | FT24: =+IF(FS24>0,IF(FS24<$H24,"NO VÁLIDA","VÁLIDA"),"NO VÁLIDA") -> NO VÁLIDA | FU24: MÍNIMO 5% | FW24: =+IF(FV24>0,IF(FV24<$H24,"NO VÁLIDA","VÁLIDA"),"NO VÁLIDA") -> NO VÁLIDA | FX24: MÍNIMO 5% | FZ24: =+IF(FY24>0,IF(FY24<$H24,"NO VÁLIDA","VÁLIDA"),"NO VÁLIDA") -> NO VÁLIDA | GA24: MÍNIMO 5% | GC24: =+IF(GB24>0,IF(GB24<$H24,"NO VÁLIDA","VÁLIDA"),"NO VÁLIDA") -> NO VÁLIDA | GD24: MÍNIMO 5% | GF24: =+IF(GE24>0,IF(GE24<$H24,"NO VÁLIDA","VÁLIDA"),"NO VÁLIDA") -> NO VÁLIDA | GG24: MÍNIMO 5% | GI24: =+IF(GH24>0,IF(GH24<$H24,"NO VÁLIDA","VÁLIDA"),"NO VÁLIDA") -> NO VÁLIDA | GJ24: MÍNIMO 5% | GL24: =+IF(GK24>0,IF(GK24<$H24,"NO VÁLIDA","VÁLIDA"),"NO VÁLIDA") -> NO VÁLIDA | GM24: MÍNIMO 5% | GO24: =+IF(GN24>0,IF(GN24<$H24,"NO VÁLIDA","VÁLIDA"),"NO VÁLIDA") -> NO VÁLIDA | GP24: MÍNIMO 5% | GR24: =+IF(GQ24>0,IF(GQ24<$H24,"NO VÁLIDA","VÁLIDA"),"NO VÁLIDA") -> NO VÁLIDA | GS24: MÍNIMO 5% | GU24: =+IF(GT24>0,IF(GT24<$H24,"NO VÁLIDA","VÁLIDA"),"NO VÁLIDA") -> NO VÁLIDA | GV24: MÍNIMO 5% | GX24: =+IF(GW24>0,IF(GW24<$H24,"NO VÁLIDA","VÁLIDA"),"NO VÁLIDA") -> NO VÁLIDA | GY24: MÍNIMO 5% | HA24: =+IF(GZ24>0,IF(GZ24<$H24,"NO VÁLIDA","VÁLIDA"),"NO VÁLIDA") -> NO VÁLIDA | HB24: MÍNIMO 5% | HD24: =+IF(HC24>0,IF(HC24<$H24,"NO VÁLIDA","VÁLIDA"),"NO VÁLIDA") -> NO VÁLIDA | HE24: MÍNIMO 5% | HG24: =+IF(HF24>0,IF(HF24<$H24,"NO VÁLIDA","VÁLIDA"),"NO VÁLIDA") -> NO VÁLIDA | HH24: MÍNIMO 5% | HJ24: =+IF(HI24>0,IF(HI24<$H24,"NO VÁLIDA","VÁLIDA"),"NO VÁLIDA") -> NO VÁLIDA | HK24: MÍNIMO 5% | HM24: =+IF(HL24>0,IF(HL24<$H24,"NO VÁLIDA","VÁLIDA"),"NO VÁLIDA") -> NO VÁLIDA | HN24: MÍNIMO 5% | HP24: =+IF(HO24>0,IF(HO24<$H24,"NO VÁLIDA","VÁLIDA"),"NO VÁLIDA") -> NO VÁLIDA | HQ24: MÍNIMO 5% | HS24: =+IF(HR24>0,IF(HR24<$H24,"NO VÁLIDA","VÁLIDA"),"NO VÁLIDA") -> NO VÁLIDA | HT24: MÍNIMO 5% | HV24: =+IF(HU24>0,IF(HU24<$H24,"NO VÁLIDA","VÁLIDA"),"NO VÁLIDA") -> NO VÁLIDA | HW24: MÍNIMO 5% | HY24: =+IF(HX24>0,IF(HX24<$H24,"NO VÁLIDA","VÁLIDA"),"NO VÁLIDA") -> NO VÁLIDA | HZ24: MÍNIMO 5% | IB24: =+IF(IA24>0,IF(IA24<$H24,"NO VÁLIDA","VÁLIDA"),"NO VÁLIDA") -> NO VÁLIDA | IC24: MÍNIMO 5% | IE24: =+IF(ID24>0,IF(ID24<$H24,"NO VÁLIDA","VÁLIDA"),"NO VÁLIDA") -> NO VÁLIDA | IF24: MÍNIMO 5% | IH24: =+IF(IG24>0,IF(IG24<$H24,"NO VÁLIDA","VÁLIDA"),"NO VÁLIDA") -> NO VÁLIDA | II24: MÍNIMO 5% | IK24: =+IF(IJ24>0,IF(IJ24<$H24,"NO VÁLIDA","VÁLIDA"),"NO VÁLIDA") -> NO VÁLIDA | IL24: MÍNIMO 5% | IN24: =+IF(IM24>0,IF(IM24<$H24,"NO VÁLIDA","VÁLIDA"),"NO VÁLIDA") -> NO VÁLIDA | IO24: MÍNIMO 5% | IQ24: =+IF(IP24>0,IF(IP24<$H24,"NO VÁLIDA","VÁLIDA"),"NO VÁLIDA") -> NO VÁLIDA | IR24: MÍNIMO 5% | IT24: =+IF(IS24>0,IF(IS24<$H24,"NO VÁLIDA","VÁLIDA"),"NO VÁLIDA") -> NO VÁLIDA | IU24: MÍNIMO 5% | IW24: =+IF(IV24>0,IF(IV24<$H24,"NO VÁLIDA","VÁLIDA"),"NO VÁLIDA") -> NO VÁLIDA | IX24: MÍNIMO 5% | IZ24: =+IF(IY24>0,IF(IY24<$H24,"NO VÁLIDA","VÁLIDA"),"NO VÁLIDA") -> NO VÁLIDA | JA24: MÍNIMO 5% | JC24: =+IF(JB24>0,IF(JB24<$H24,"NO VÁLIDA","VÁLIDA"),"NO VÁLIDA") -> NO VÁLIDA | JD24: MÍNIMO 5% | JF24: =+IF(JE24>0,IF(JE24<$H24,"NO VÁLIDA","VÁLIDA"),"NO VÁLIDA") -> NO VÁLIDA | JG24: MÍNIMO 5% | JI24: =+IF(JH24>0,IF(JH24<$H24,"NO VÁLIDA","VÁLIDA"),"NO VÁLIDA") -> NO VÁLIDA | JJ24: MÍNIMO 5% | JL24: =+IF(JK24>0,IF(JK24<$H24,"NO VÁLIDA","VÁLIDA"),"NO VÁLIDA") -> NO VÁLIDA | JM24: MÍNIMO 5% | JO24: =+IF(JN24>0,IF(JN24<$H24,"NO VÁLIDA","VÁLIDA"),"NO VÁLIDA") -> NO VÁLIDA | JP24: MÍNIMO 5% | JR24: =+IF(JQ24>0,IF(JQ24<$H24,"NO VÁLIDA","VÁLIDA"),"NO VÁLIDA") -> NO VÁLIDA | JS24: MÍNIMO 5% | JU24: =+IF(JT24>0,IF(JT24<$H24,"NO VÁLIDA","VÁLIDA"),"NO VÁLIDA") -> NO VÁLIDA | JV24: MÍNIMO 5% | JX24: =+IF(JW24>0,IF(JW24<$H24,"NO VÁLIDA","VÁLIDA"),"NO VÁLIDA") -> NO VÁLIDA | JY24: MÍNIMO 5% | KA24: =+IF(JZ24>0,IF(JZ24<$H24,"NO VÁLIDA","VÁLIDA"),"NO VÁLIDA") -> NO VÁLIDA | KB24: MÍNIMO 5% | KD24: =+IF(KC24>0,IF(KC24<$H24,"NO VÁLIDA","VÁLIDA"),"NO VÁLIDA") -> NO VÁLIDA | KE24: MÍNIMO 5% | KG24: =+IF(KF24>0,IF(KF24<$H24,"NO VÁLIDA","VÁLIDA"),"NO VÁLIDA") -> NO VÁLIDA | KH24: MÍNIMO 5% | KJ24: =+IF(KI24>0,IF(KI24<$H24,"NO VÁLIDA","VÁLIDA"),"NO VÁLIDA") -> NO VÁLIDA | KK24: MÍNIMO 5% | KM24: =+IF(KL24>0,IF(KL24<$H24,"NO VÁLIDA","VÁLIDA"),"NO VÁLIDA") -> NO VÁLIDA | KN24: MÍNIMO 5% | KP24: =+IF(KO24>0,IF(KO24<$H24,"NO VÁLIDA","VÁLIDA"),"NO VÁLIDA") -> NO VÁLIDA | KQ24: MÍNIMO 5% | KS24: =+IF(KR24>0,IF(KR24<$H24,"NO VÁLIDA","VÁLIDA"),"NO VÁLIDA") -> NO VÁLIDA | KT24: MÍNIMO 5% | KV24: =+IF(KU24>0,IF(KU24<$H24,"NO VÁLIDA","VÁLIDA"),"NO VÁLIDA") -> NO VÁLIDA
G25: UTILIDAD | H25: 0.05 | J25: 0.05 | M25: 0.05 | P25: 0.05 | S25: 0.05 | V25: 0.05 | Y25: 0.05 | AB25: 0.05 | AE25: 0.05 | AH25: 0.05 | AK25: 0.05
G26: AIU | H26: =SUM(H23:H25) -> 0.3 | J26: =SUM(J23:J25) -> 0.3 | K26: =IF(OR(J26<0.85*$H26,J26>1.1*$H26),"NO VÁLIDA","VÁLIDA") -> VÁLIDA | M26: =SUM(M23:M25) -> 0.3 | N26: =IF(OR(M26<0.85*$H26,M26>1.1*$H26),"NO VÁLIDA","VÁLIDA") -> VÁLIDA | P26: =SUM(P23:P25) -> 0.3 | Q26: =IF(OR(P26<0.85*$H26,P26>1.1*$H26),"NO VÁLIDA","VÁLIDA") -> VÁLIDA | S26: =SUM(S23:S25) -> 0.3 | T26: =IF(OR(S26<0.85*$H26,S26>1.1*$H26),"NO VÁLIDA","VÁLIDA") -> VÁLIDA | V26: 0.3 | W26: =IF(OR(V26<0.85*$H26,V26>1.1*$H26),"NO VÁLIDA","VÁLIDA") -> VÁLIDA | Y26: =SUM(Y23:Y25) -> 0.3 | Z26: =IF(OR(Y26<0.85*$H26,Y26>1.1*$H26),"NO VÁLIDA","VÁLIDA") -> VÁLIDA | AB26: =SUM(AB23:AB25) -> 0.3 | AC26: =IF(OR(AB26<0.85*$H26,AB26>1.1*$H26),"NO VÁLIDA","VÁLIDA") -> VÁLIDA | AE26: =SUM(AE23:AE25) -> 0.3 | AF26: =IF(OR(AE26<0.85*$H26,AE26>1.1*$H26),"NO VÁLIDA","VÁLIDA") -> VÁLIDA | AH26: =SUM(AH23:AH25) -> 0.3 | AI26: =IF(OR(AH26<0.85*$H26,AH26>1.1*$H26),"NO VÁLIDA","VÁLIDA") -> VÁLIDA | AK26: =SUM(AK23:AK25) -> 0.3 | AL26: =IF(OR(AK26<0.85*$H26,AK26>1.1*$H26),"NO VÁLIDA","VÁLIDA") -> VÁLIDA | AN26: =SUM(AN23:AN25) -> 0 | AO26: =IF(OR(AN26<0.85*$H26,AN26>1.1*$H26),"NO VÁLIDA","VÁLIDA") -> NO VÁLIDA | AQ26: =SUM(AQ23:AQ25) -> 0 | AR26: =IF(OR(AQ26<0.85*$H26,AQ26>1.1*$H26),"NO VÁLIDA","VÁLIDA") -> NO VÁLIDA | AT26: =SUM(AT23:AT25) -> 0 | AU26: =IF(OR(AT26<0.85*$H26,AT26>1.1*$H26),"NO VÁLIDA","VÁLIDA") -> NO VÁLIDA | AW26: =SUM(AW23:AW25) -> 0 | AX26: =IF(OR(AW26<0.85*$H26,AW26>1.1*$H26),"NO VÁLIDA","VÁLIDA") -> NO VÁLIDA | AZ26: =SUM(AZ23:AZ25) -> 0 | BA26: =IF(OR(AZ26<0.85*$H26,AZ26>1.1*$H26),"NO VÁLIDA","VÁLIDA") -> NO VÁLIDA | BC26: =SUM(BC23:BC25) -> 0 | BD26: =IF(OR(BC26<0.85*$H26,BC26>1.1*$H26),"NO VÁLIDA","VÁLIDA") -> NO VÁLIDA | BF26: =SUM(BF23:BF25) -> 0 | BG26: =IF(OR(BF26<0.85*$H26,BF26>1.1*$H26),"NO VÁLIDA","VÁLIDA") -> NO VÁLIDA | BI26: =SUM(BI23:BI25) -> 0 | BJ26: =IF(OR(BI26<0.85*$H26,BI26>1.1*$H26),"NO VÁLIDA","VÁLIDA") -> NO VÁLIDA | BL26: =SUM(BL23:BL25) -> 0 | BM26: =IF(OR(BL26<0.85*$H26,BL26>1.1*$H26),"NO VÁLIDA","VÁLIDA") -> NO VÁLIDA | BO26: =SUM(BO23:BO25) -> 0 | BP26: =IF(OR(BO26<0.85*$H26,BO26>1.1*$H26),"NO VÁLIDA","VÁLIDA") -> NO VÁLIDA | BR26: =SUM(BR23:BR25) -> 0 | BS26: =IF(OR(BR26<0.85*$H26,BR26>1.1*$H26),"NO VÁLIDA","VÁLIDA") -> NO VÁLIDA | BU26: =SUM(BU23:BU25) -> 0 | BV26: =IF(OR(BU26<0.85*$H26,BU26>1.1*$H26),"NO VÁLIDA","VÁLIDA") -> NO VÁLIDA | BX26: =SUM(BX23:BX25) -> 0 | BY26: =IF(OR(BX26<0.85*$H26,BX26>1.1*$H26),"NO VÁLIDA","VÁLIDA") -> NO VÁLIDA | CA26: =SUM(CA23:CA25) -> 0 | CB26: =IF(OR(CA26<0.85*$H26,CA26>1.1*$H26),"NO VÁLIDA","VÁLIDA") -> NO VÁLIDA | CD26: =SUM(CD23:CD25) -> 0 | CE26: =IF(OR(CD26<0.85*$H26,CD26>1.1*$H26),"NO VÁLIDA","VÁLIDA") -> NO VÁLIDA | CG26: =SUM(CG23:CG25) -> 0 | CH26: =IF(OR(CG26<0.85*$H26,CG26>1.1*$H26),"NO VÁLIDA","VÁLIDA") -> NO VÁLIDA | CJ26: =SUM(CJ23:CJ25) -> 0 | CK26: =IF(OR(CJ26<0.85*$H26,CJ26>1.1*$H26),"NO VÁLIDA","VÁLIDA") -> NO VÁLIDA | CM26: =SUM(CM23:CM25) -> 0 | CN26: =IF(OR(CM26<0.85*$H26,CM26>1.1*$H26),"NO VÁLIDA","VÁLIDA") -> NO VÁLIDA | CP26: =SUM(CP23:CP25) -> 0 | CQ26: =IF(OR(CP26<0.85*$H26,CP26>1.1*$H26),"NO VÁLIDA","VÁLIDA") -> NO VÁLIDA | CS26: =SUM(CS23:CS25) -> 0 | CT26: =IF(OR(CS26<0.85*$H26,CS26>1.1*$H26),"NO VÁLIDA","VÁLIDA") -> NO VÁLIDA | CV26: =SUM(CV23:CV25) -> 0 | CW26: =IF(OR(CV26<0.85*$H26,CV26>1.1*$H26),"NO VÁLIDA","VÁLIDA") -> NO VÁLIDA | CY26: =SUM(CY23:CY25) -> 0 | CZ26: =IF(OR(CY26<0.85*$H26,CY26>1.1*$H26),"NO VÁLIDA","VÁLIDA") -> NO VÁLIDA | DB26: =SUM(DB23:DB25) -> 0 | DC26: =IF(OR(DB26<0.85*$H26,DB26>1.1*$H26),"NO VÁLIDA","VÁLIDA") -> NO VÁLIDA | DE26: =SUM(DE23:DE25) -> 0 | DF26: =IF(OR(DE26<0.85*$H26,DE26>1.1*$H26),"NO VÁLIDA","VÁLIDA") -> NO VÁLIDA | DH26: =SUM(DH23:DH25) -> 0 | DI26: =IF(OR(DH26<0.85*$H26,DH26>1.1*$H26),"NO VÁLIDA","VÁLIDA") -> NO VÁLIDA | DK26: =SUM(DK23:DK25) -> 0 | DL26: =IF(OR(DK26<0.85*$H26,DK26>1.1*$H26),"NO VÁLIDA","VÁLIDA") -> NO VÁLIDA | DN26: =SUM(DN23:DN25) -> 0 | DO26: =IF(OR(DN26<0.85*$H26,DN26>1.1*$H26),"NO VÁLIDA","VÁLIDA") -> NO VÁLIDA | DQ26: =SUM(DQ23:DQ25) -> 0 | DR26: =IF(OR(DQ26<0.85*$H26,DQ26>1.1*$H26),"NO VÁLIDA","VÁLIDA") -> NO VÁLIDA | DT26: =SUM(DT23:DT25) -> 0 | DU26: =IF(OR(DT26<0.85*$H26,DT26>1.1*$H26),"NO VÁLIDA","VÁLIDA") -> NO VÁLIDA | DW26: =SUM(DW23:DW25) -> 0 | DX26: =IF(OR(DW26<0.85*$H26,DW26>1.1*$H26),"NO VÁLIDA","VÁLIDA") -> NO VÁLIDA | DZ26: =SUM(DZ23:DZ25) -> 0 | EA26: =IF(OR(DZ26<0.85*$H26,DZ26>1.1*$H26),"NO VÁLIDA","VÁLIDA") -> NO VÁLIDA | EC26: =SUM(EC23:EC25) -> 0 | ED26: =IF(OR(EC26<0.85*$H26,EC26>1.1*$H26),"NO VÁLIDA","VÁLIDA") -> NO VÁLIDA | EF26: =SUM(EF23:EF25) -> 0 | EG26: =IF(OR(EF26<0.85*$H26,EF26>1.1*$H26),"NO VÁLIDA","VÁLIDA") -> NO VÁLIDA | EI26: =SUM(EI23:EI25) -> 0 | EJ26: =IF(OR(EI26<0.85*$H26,EI26>1.1*$H26),"NO VÁLIDA","VÁLIDA") -> NO VÁLIDA | EL26: =SUM(EL23:EL25) -> 0 | EM26: =IF(OR(EL26<0.85*$H26,EL26>1.1*$H26),"NO VÁLIDA","VÁLIDA") -> NO VÁLIDA | EO26: =SUM(EO23:EO25) -> 0 | EP26: =IF(OR(EO26<0.85*$H26,EO26>1.1*$H26),"NO VÁLIDA","VÁLIDA") -> NO VÁLIDA | ER26: =SUM(ER23:ER25) -> 0 | ES26: =IF(OR(ER26<0.85*$H26,ER26>1.1*$H26),"NO VÁLIDA","VÁLIDA") -> NO VÁLIDA | EU26: =SUM(EU23:EU25) -> 0 | EV26: =IF(OR(EU26<0.85*$H26,EU26>1.1*$H26),"NO VÁLIDA","VÁLIDA") -> NO VÁLIDA | EX26: =SUM(EX23:EX25) -> 0 | EY26: =IF(OR(EX26<0.85*$H26,EX26>1.1*$H26),"NO VÁLIDA","VÁLIDA") -> NO VÁLIDA | FA26: =SUM(FA23:FA25) -> 0 | FB26: =IF(OR(FA26<0.85*$H26,FA26>1.1*$H26),"NO VÁLIDA","VÁLIDA") -> NO VÁLIDA | FD26: =SUM(FD23:FD25) -> 0 | FE26: =IF(OR(FD26<0.85*$H26,FD26>1.1*$H26),"NO VÁLIDA","VÁLIDA") -> NO VÁLIDA | FG26: =SUM(FG23:FG25) -> 0 | FH26: =IF(OR(FG26<0.85*$H26,FG26>1.1*$H26),"NO VÁLIDA","VÁLIDA") -> NO VÁLIDA | FJ26: =SUM(FJ23:FJ25) -> 0 | FK26: =IF(OR(FJ26<0.85*$H26,FJ26>1.1*$H26),"NO VÁLIDA","VÁLIDA") -> NO VÁLIDA | FM26: =SUM(FM23:FM25) -> 0 | FN26: =IF(OR(FM26<0.85*$H26,FM26>1.1*$H26),"NO VÁLIDA","VÁLIDA") -> NO VÁLIDA | FP26: =SUM(FP23:FP25) -> 0 | FQ26: =IF(OR(FP26<0.85*$H26,FP26>1.1*$H26),"NO VÁLIDA","VÁLIDA") -> NO VÁLIDA | FS26: =SUM(FS23:FS25) -> 0 | FT26: =IF(OR(FS26<0.85*$H26,FS26>1.1*$H26),"NO VÁLIDA","VÁLIDA") -> NO VÁLIDA | FV26: =SUM(FV23:FV25) -> 0 | FW26: =IF(OR(FV26<0.85*$H26,FV26>1.1*$H26),"NO VÁLIDA","VÁLIDA") -> NO VÁLIDA | FY26: =SUM(FY23:FY25) -> 0 | FZ26: =IF(OR(FY26<0.85*$H26,FY26>1.1*$H26),"NO VÁLIDA","VÁLIDA") -> NO VÁLIDA | GB26: =SUM(GB23:GB25) -> 0 | GC26: =IF(OR(GB26<0.85*$H26,GB26>1.1*$H26),"NO VÁLIDA","VÁLIDA") -> NO VÁLIDA | GE26: =SUM(GE23:GE25) -> 0 | GF26: =IF(OR(GE26<0.85*$H26,GE26>1.1*$H26),"NO VÁLIDA","VÁLIDA") -> NO VÁLIDA | GH26: =SUM(GH23:GH25) -> 0 | GI26: =IF(OR(GH26<0.85*$H26,GH26>1.1*$H26),"NO VÁLIDA","VÁLIDA") -> NO VÁLIDA | GK26: =SUM(GK23:GK25) -> 0 | GL26: =IF(OR(GK26<0.85*$H26,GK26>1.1*$H26),"NO VÁLIDA","VÁLIDA") -> NO VÁLIDA | GN26: =SUM(GN23:GN25) -> 0 | GO26: =IF(OR(GN26<0.85*$H26,GN26>1.1*$H26),"NO VÁLIDA","VÁLIDA") -> NO VÁLIDA | GQ26: =SUM(GQ23:GQ25) -> 0 | GR26: =IF(OR(GQ26<0.85*$H26,GQ26>1.1*$H26),"NO VÁLIDA","VÁLIDA") -> NO VÁLIDA | GT26: =SUM(GT23:GT25) -> 0 | GU26: =IF(OR(GT26<0.85*$H26,GT26>1.1*$H26),"NO VÁLIDA","VÁLIDA") -> NO VÁLIDA | GW26: =SUM(GW23:GW25) -> 0 | GX26: =IF(OR(GW26<0.85*$H26,GW26>1.1*$H26),"NO VÁLIDA","VÁLIDA") -> NO VÁLIDA | GZ26: =SUM(GZ23:GZ25) -> 0 | HA26: =IF(OR(GZ26<0.85*$H26,GZ26>1.1*$H26),"NO VÁLIDA","VÁLIDA") -> NO VÁLIDA | HC26: =SUM(HC23:HC25) -> 0 | HD26: =IF(OR(HC26<0.85*$H26,HC26>1.1*$H26),"NO VÁLIDA","VÁLIDA") -> NO VÁLIDA | HF26: =SUM(HF23:HF25) -> 0 | HG26: =IF(OR(HF26<0.85*$H26,HF26>1.1*$H26),"NO VÁLIDA","VÁLIDA") -> NO VÁLIDA | HI26: =SUM(HI23:HI25) -> 0 | HJ26: =IF(OR(HI26<0.85*$H26,HI26>1.1*$H26),"NO VÁLIDA","VÁLIDA") -> NO VÁLIDA | HL26: =SUM(HL23:HL25) -> 0 | HM26: =IF(OR(HL26<0.85*$H26,HL26>1.1*$H26),"NO VÁLIDA","VÁLIDA") -> NO VÁLIDA | HO26: =SUM(HO23:HO25) -> 0 | HP26: =IF(OR(HO26<0.85*$H26,HO26>1.1*$H26),"NO VÁLIDA","VÁLIDA") -> NO VÁLIDA | HR26: =SUM(HR23:HR25) -> 0 | HS26: =IF(OR(HR26<0.85*$H26,HR26>1.1*$H26),"NO VÁLIDA","VÁLIDA") -> NO VÁLIDA | HU26: =SUM(HU23:HU25) -> 0 | HV26: =IF(OR(HU26<0.85*$H26,HU26>1.1*$H26),"NO VÁLIDA","VÁLIDA") -> NO VÁLIDA | HX26: =SUM(HX23:HX25) -> 0 | HY26: =IF(OR(HX26<0.85*$H26,HX26>1.1*$H26),"NO VÁLIDA","VÁLIDA") -> NO VÁLIDA | IA26: =SUM(IA23:IA25) -> 0 | IB26: =IF(OR(IA26<0.85*$H26,IA26>1.1*$H26),"NO VÁLIDA","VÁLIDA") -> NO VÁLIDA | ID26: =SUM(ID23:ID25) -> 0 | IE26: =IF(OR(ID26<0.85*$H26,ID26>1.1*$H26),"NO VÁLIDA","VÁLIDA") -> NO VÁLIDA | IG26: =SUM(IG23:IG25) -> 0 | IH26: =IF(OR(IG26<0.85*$H26,IG26>1.1*$H26),"NO VÁLIDA","VÁLIDA") -> NO VÁLIDA | IJ26: =SUM(IJ23:IJ25) -> 0 | IK26: =IF(OR(IJ26<0.85*$H26,IJ26>1.1*$H26),"NO VÁLIDA","VÁLIDA") -> NO VÁLIDA | IM26: =SUM(IM23:IM25) -> 0 | IN26: =IF(OR(IM26<0.85*$H26,IM26>1.1*$H26),"NO VÁLIDA","VÁLIDA") -> NO VÁLIDA | IP26: =SUM(IP23:IP25) -> 0 | IQ26: =IF(OR(IP26<0.85*$H26,IP26>1.1*$H26),"NO VÁLIDA","VÁLIDA") -> NO VÁLIDA | IS26: =SUM(IS23:IS25) -> 0 | IT26: =IF(OR(IS26<0.85*$H26,IS26>1.1*$H26),"NO VÁLIDA","VÁLIDA") -> NO VÁLIDA | IV26: =SUM(IV23:IV25) -> 0 | IW26: =IF(OR(IV26<0.85*$H26,IV26>1.1*$H26),"NO VÁLIDA","VÁLIDA") -> NO VÁLIDA | IY26: =SUM(IY23:IY25) -> 0 | IZ26: =IF(OR(IY26<0.85*$H26,IY26>1.1*$H26),"NO VÁLIDA","VÁLIDA") -> NO VÁLIDA | JB26: =SUM(JB23:JB25) -> 0 | JC26: =IF(OR(JB26<0.85*$H26,JB26>1.1*$H26),"NO VÁLIDA","VÁLIDA") -> NO VÁLIDA | JE26: =SUM(JE23:JE25) -> 0 | JF26: =IF(OR(JE26<0.85*$H26,JE26>1.1*$H26),"NO VÁLIDA","VÁLIDA") -> NO VÁLIDA | JH26: =SUM(JH23:JH25) -> 0 | JI26: =IF(OR(JH26<0.85*$H26,JH26>1.1*$H26),"NO VÁLIDA","VÁLIDA") -> NO VÁLIDA | JK26: =SUM(JK23:JK25) -> 0 | JL26: =IF(OR(JK26<0.85*$H26,JK26>1.1*$H26),"NO VÁLIDA","VÁLIDA") -> NO VÁLIDA | JN26: =SUM(JN23:JN25) -> 0 | JO26: =IF(OR(JN26<0.85*$H26,JN26>1.1*$H26),"NO VÁLIDA","VÁLIDA") -> NO VÁLIDA | JQ26: =SUM(JQ23:JQ25) -> 0 | JR26: =IF(OR(JQ26<0.85*$H26,JQ26>1.1*$H26),"NO VÁLIDA","VÁLIDA") -> NO VÁLIDA | JT26: =SUM(JT23:JT25) -> 0 | JU26: =IF(OR(JT26<0.85*$H26,JT26>1.1*$H26),"NO VÁLIDA","VÁLIDA") -> NO VÁLIDA | JW26: =SUM(JW23:JW25) -> 0 | JX26: =IF(OR(JW26<0.85*$H26,JW26>1.1*$H26),"NO VÁLIDA","VÁLIDA") -> NO VÁLIDA | JZ26: =SUM(JZ23:JZ25) -> 0 | KA26: =IF(OR(JZ26<0.85*$H26,JZ26>1.1*$H26),"NO VÁLIDA","VÁLIDA") -> NO VÁLIDA | KC26: =SUM(KC23:KC25) -> 0 | KD26: =IF(OR(KC26<0.85*$H26,KC26>1.1*$H26),"NO VÁLIDA","VÁLIDA") -> NO VÁLIDA | KF26: =SUM(KF23:KF25) -> 0 | KG26: =IF(OR(KF26<0.85*$H26,KF26>1.1*$H26),"NO VÁLIDA","VÁLIDA") -> NO VÁLIDA | KI26: =SUM(KI23:KI25) -> 0 | KJ26: =IF(OR(KI26<0.85*$H26,KI26>1.1*$H26),"NO VÁLIDA","VÁLIDA") -> NO VÁLIDA | KL26: =SUM(KL23:KL25) -> 0 | KM26: =IF(OR(KL26<0.85*$H26,KL26>1.1*$H26),"NO VÁLIDA","VÁLIDA") -> NO VÁLIDA | KO26: =SUM(KO23:KO25) -> 0 | KP26: =IF(OR(KO26<0.85*$H26,KO26>1.1*$H26),"NO VÁLIDA","VÁLIDA") -> NO VÁLIDA | KR26: =SUM(KR23:KR25) -> 0 | KS26: =IF(OR(KR26<0.85*$H26,KR26>1.1*$H26),"NO VÁLIDA","VÁLIDA") -> NO VÁLIDA | KU26: =SUM(KU23:KU25) -> 0 | KV26: =IF(OR(KU26<0.85*$H26,KU26>1.1*$H26),"NO VÁLIDA","VÁLIDA") -> NO VÁLIDA
G27: IVA COSTOS OBRA (19% SOBRE UTILIDAD OBRA) | H27: =ROUND((H22)*0.19*H25/(1+H26),0) -> 799228 | J27: =ROUND((J22)*0.19*J25/(1+J26),0) -> 785618 | M27: =ROUND((M22)*0.19*M25/(1+M26),0) -> 0 | P27: =ROUND((P22)*0.19*P25/(1+P26),0) -> 788795 | S27: =ROUND((S22)*0.19*S25/(1+S26),0) -> 772579 | V27: =ROUND((V22)*0.19*V25/(1+V26),0) -> 765745 | Y27: =ROUND((Y22)*0.19*Y25/(1+Y26),0) -> 735110 | AB27: =ROUND((AB22)*0.19*AB25/(1+AB26),0) -> 582826 | AE27: =ROUND((AE22)*0.19*AE25/(1+AE26),0) -> 0 | AH27: =ROUND((AH22)*0.16*AH25/(1+AH26),0) -> 0 | AK27: =ROUND((AK22)*0.19*AK25/(1+AK26),0) -> 0 | AN27: =ROUND((AN22)*0.16*AN25/(1+AN26),0) -> #REF! | AQ27: =ROUND((AQ22)*0.16*AQ25/(1+AQ26),0) -> #REF! | AT27: =ROUND((AT22)*0.16*AT25/(1+AT26),0) -> #REF! | AW27: =ROUND((AW22)*0.16*AW25/(1+AW26),0) -> #REF! | AZ27: =ROUND((AZ22)*0.16*AZ25/(1+AZ26),0) -> #REF! | BC27: =ROUND((BC22)*0.16*BC25/(1+BC26),0) -> #REF! | BF27: =ROUND((BF22)*0.16*BF25/(1+BF26),0) -> #REF! | BI27: =ROUND((BI22)*0.16*BI25/(1+BI26),0) -> #REF! | BL27: =ROUND((BL22)*0.16*BL25/(1+BL26),0) -> #REF! | BO27: =ROUND((BO22)*0.16*BO25/(1+BO26),0) -> #REF! | BR27: =ROUND((BR22)*0.16*BR25/(1+BR26),0) -> #REF! | BU27: =ROUND((BU22)*0.16*BU25/(1+BU26),0) -> #REF! | BX27: =ROUND((BX22)*0.16*BX25/(1+BX26),0) -> #REF! | CA27: =ROUND((CA22)*0.16*CA25/(1+CA26),0) -> #REF! | CD27: =ROUND((CD22)*0.16*CD25/(1+CD26),0) -> #REF! | CG27: =ROUND((CG22)*0.16*CG25/(1+CG26),0) -> #REF! | CJ27: =ROUND((CJ22)*0.16*CJ25/(1+CJ26),0) -> #REF! | CM27: =ROUND((CM22)*0.16*CM25/(1+CM26),0) -> #REF! | CP27: =ROUND((CP22)*0.16*CP25/(1+CP26),0) -> #REF! | CS27: =ROUND((CS22)*0.16*CS25/(1+CS26),0) -> #REF! | CV27: =ROUND((CV22)*0.16*CV25/(1+CV26),0) -> #REF! | CY27: =ROUND((CY22)*0.16*CY25/(1+CY26),0) -> #REF! | DB27: =ROUND((DB22)*0.16*DB25/(1+DB26),0) -> #REF! | DE27: =ROUND((DE22)*0.16*DE25/(1+DE26),0) -> #REF! | DH27: =ROUND((DH22)*0.16*DH25/(1+DH26),0) -> #REF! | DK27: =ROUND((DK22)*0.16*DK25/(1+DK26),0) -> #REF! | DN27: =ROUND((DN22)*0.16*DN25/(1+DN26),0) -> #REF! | DQ27: =ROUND((DQ22)*0.16*DQ25/(1+DQ26),0) -> #REF! | DT27: =ROUND((DT22)*0.16*DT25/(1+DT26),0) -> #REF! | DW27: =ROUND((DW22)*0.16*DW25/(1+DW26),0) -> #REF! | DZ27: =ROUND((DZ22)*0.16*DZ25/(1+DZ26),0) -> #REF! | EC27: =ROUND((EC22)*0.16*EC25/(1+EC26),0) -> #REF! | EF27: =ROUND((EF22)*0.16*EF25/(1+EF26),0) -> #REF! | EI27: =ROUND((EI22)*0.16*EI25/(1+EI26),0) -> #REF! | EL27: =ROUND((EL22)*0.16*EL25/(1+EL26),0) -> #REF! | EO27: =ROUND((EO22)*0.16*EO25/(1+EO26),0) -> #REF! | ER27: =ROUND((ER22)*0.16*ER25/(1+ER26),0) -> #REF! | EU27: =ROUND((EU22)*0.16*EU25/(1+EU26),0) -> #REF! | EX27: =ROUND((EX22)*0.16*EX25/(1+EX26),0) -> #REF! | FA27: =ROUND((FA22)*0.16*FA25/(1+FA26),0) -> #REF! | FD27: =ROUND((FD22)*0.16*FD25/(1+FD26),0) -> #REF! | FG27: =ROUND((FG22)*0.16*FG25/(1+FG26),0) -> #REF! | FJ27: =ROUND((FJ22)*0.16*FJ25/(1+FJ26),0) -> #REF! | FM27: =ROUND((FM22)*0.16*FM25/(1+FM26),0) -> #REF! | FP27: =ROUND((FP22)*0.16*FP25/(1+FP26),0) -> #REF! | FS27: =ROUND((FS22)*0.16*FS25/(1+FS26),0) -> #REF! | FV27: =ROUND((FV22)*0.16*FV25/(1+FV26),0) -> #REF! | FY27: =ROUND((FY22)*0.16*FY25/(1+FY26),0) -> #REF! | GB27: =ROUND((GB22)*0.16*GB25/(1+GB26),0) -> #REF! | GE27: =ROUND((GE22)*0.16*GE25/(1+GE26),0) -> #REF! | GH27: =ROUND((GH22)*0.16*GH25/(1+GH26),0) -> #REF! | GK27: =ROUND((GK22)*0.16*GK25/(1+GK26),0) -> #REF! | GN27: =ROUND((GN22)*0.16*GN25/(1+GN26),0) -> #REF! | GQ27: =ROUND((GQ22)*0.16*GQ25/(1+GQ26),0) -> #REF! | GT27: =ROUND((GT22)*0.16*GT25/(1+GT26),0) -> #REF! | GW27: =ROUND((GW22)*0.16*GW25/(1+GW26),0) -> #REF! | GZ27: =ROUND((GZ22)*0.16*GZ25/(1+GZ26),0) -> #REF! | HC27: =ROUND((HC22)*0.16*HC25/(1+HC26),0) -> #REF! | HF27: =ROUND((HF22)*0.16*HF25/(1+HF26),0) -> #REF! | HI27: =ROUND((HI22)*0.16*HI25/(1+HI26),0) -> #REF! | HL27: =ROUND((HL22)*0.16*HL25/(1+HL26),0) -> #REF! | HO27: =ROUND((HO22)*0.16*HO25/(1+HO26),0) -> #REF! | HR27: =ROUND((HR22)*0.16*HR25/(1+HR26),0) -> #REF! | HU27: =ROUND((HU22)*0.16*HU25/(1+HU26),0) -> #REF! | HX27: =ROUND((HX22)*0.16*HX25/(1+HX26),0) -> #REF! | IA27: =ROUND((IA22)*0.16*IA25/(1+IA26),0) -> #REF! | ID27: =ROUND((ID22)*0.16*ID25/(1+ID26),0) -> #REF! | IG27: =ROUND((IG22)*0.16*IG25/(1+IG26),0) -> #REF! | IJ27: =ROUND((IJ22)*0.16*IJ25/(1+IJ26),0) -> #REF! | IM27: =ROUND((IM22)*0.16*IM25/(1+IM26),0) -> #REF! | IP27: =ROUND((IP22)*0.16*IP25/(1+IP26),0) -> #REF! | IS27: =ROUND((IS22)*0.16*IS25/(1+IS26),0) -> #REF! | IV27: =ROUND((IV22)*0.16*IV25/(1+IV26),0) -> #REF! | IY27: =ROUND((IY22)*0.16*IY25/(1+IY26),0) -> #REF! | JB27: =ROUND((JB22)*0.16*JB25/(1+JB26),0) -> #REF! | JE27: =ROUND((JE22)*0.16*JE25/(1+JE26),0) -> #REF! | JH27: =ROUND((JH22)*0.16*JH25/(1+JH26),0) -> #REF! | JK27: =ROUND((JK22)*0.16*JK25/(1+JK26),0) -> #REF! | JN27: =ROUND((JN22)*0.16*JN25/(1+JN26),0) -> #REF! | JQ27: =ROUND((JQ22)*0.16*JQ25/(1+JQ26),0) -> #REF! | JT27: =ROUND((JT22)*0.16*JT25/(1+JT26),0) -> #REF! | JW27: =ROUND((JW22)*0.16*JW25/(1+JW26),0) -> #REF! | JZ27: =ROUND((JZ22)*0.16*JZ25/(1+JZ26),0) -> #REF! | KC27: =ROUND((KC22)*0.16*KC25/(1+KC26),0) -> #REF! | KF27: =ROUND((KF22)*0.16*KF25/(1+KF26),0) -> #REF! | KI27: =ROUND((KI22)*0.16*KI25/(1+KI26),0) -> #REF! | KL27: =ROUND((KL22)*0.16*KL25/(1+KL26),0) -> #REF! | KO27: =ROUND((KO22)*0.16*KO25/(1+KO26),0) -> #REF! | KR27: =ROUND((KR22)*0.16*KR25/(1+KR26),0) -> #REF! | KU27: =ROUND((KU22)*0.16*KU25/(1+KU26),0) -> #REF!
G28: TOTAL IVA | H28: =ROUND(SUM(H27,H22),0) -> 110167236 | J28: =ROUND(SUM(J27,J22),0) -> 108291204 | M28: =ROUND(SUM(M27,M22),0) -> 0 | P28: =ROUND(SUM(P27,P22),0) -> 108729155 | S28: =ROUND(SUM(S27,S22),0) -> 106493869 | V28: =ROUND(SUM(V27,V22),0) -> 105551895 | Y28: =ROUND(SUM(Y27,Y22),0) -> 101329110 | AB28: =ROUND(SUM(AB27,AB22),0) -> 80338018 | AE28: =ROUND(SUM(AE27,AE22),0) -> 0 | AH28: =ROUND(SUM(AH27,AH22),0) -> 0 | AK28: =ROUND(SUM(AK27,AK22),0) -> 0 | AN28: =ROUND(SUM(AN27,AN22),0) -> #REF! | AQ28: =ROUND(SUM(AQ27,AQ22),0) -> #REF! | AT28: =ROUND(SUM(AT27,AT22),0) -> #REF! | AW28: =ROUND(SUM(AW27,AW22),0) -> #REF! | AZ28: =ROUND(SUM(AZ27,AZ22),0) -> #REF! | BC28: =ROUND(SUM(BC27,BC22),0) -> #REF! | BF28: =ROUND(SUM(BF27,BF22),0) -> #REF! | BI28: =ROUND(SUM(BI27,BI22),0) -> #REF! | BL28: =ROUND(SUM(BL27,BL22),0) -> #REF! | BO28: =ROUND(SUM(BO27,BO22),0) -> #REF! | BR28: =ROUND(SUM(BR27,BR22),0) -> #REF! | BU28: =ROUND(SUM(BU27,BU22),0) -> #REF! | BX28: =ROUND(SUM(BX27,BX22),0) -> #REF! | CA28: =ROUND(SUM(CA27,CA22),0) -> #REF! | CD28: =ROUND(SUM(CD27,CD22),0) -> #REF! | CG28: =ROUND(SUM(CG27,CG22),0) -> #REF! | CJ28: =ROUND(SUM(CJ27,CJ22),0) -> #REF! | CM28: =ROUND(SUM(CM27,CM22),0) -> #REF! | CP28: =ROUND(SUM(CP27,CP22),0) -> #REF! | CS28: =ROUND(SUM(CS27,CS22),0) -> #REF! | CV28: =ROUND(SUM(CV27,CV22),0) -> #REF! | CY28: =ROUND(SUM(CY27,CY22),0) -> #REF! | DB28: =ROUND(SUM(DB27,DB22),0) -> #REF! | DE28: =ROUND(SUM(DE27,DE22),0) -> #REF! | DH28: =ROUND(SUM(DH27,DH22),0) -> #REF! | DK28: =ROUND(SUM(DK27,DK22),0) -> #REF! | DN28: =ROUND(SUM(DN27,DN22),0) -> #REF! | DQ28: =ROUND(SUM(DQ27,DQ22),0) -> #REF! | DT28: =ROUND(SUM(DT27,DT22),0) -> #REF! | DW28: =ROUND(SUM(DW27,DW22),0) -> #REF! | DZ28: =ROUND(SUM(DZ27,DZ22),0) -> #REF! | EC28: =ROUND(SUM(EC27,EC22),0) -> #REF! | EF28: =ROUND(SUM(EF27,EF22),0) -> #REF! | EI28: =ROUND(SUM(EI27,EI22),0) -> #REF! | EL28: =ROUND(SUM(EL27,EL22),0) -> #REF! | EO28: =ROUND(SUM(EO27,EO22),0) -> #REF! | ER28: =ROUND(SUM(ER27,ER22),0) -> #REF! | EU28: =ROUND(SUM(EU27,EU22),0) -> #REF! | EX28: =ROUND(SUM(EX27,EX22),0) -> #REF! | FA28: =ROUND(SUM(FA27,FA22),0) -> #REF! | FD28: =ROUND(SUM(FD27,FD22),0) -> #REF! | FG28: =ROUND(SUM(FG27,FG22),0) -> #REF! | FJ28: =ROUND(SUM(FJ27,FJ22),0) -> #REF! | FM28: =ROUND(SUM(FM27,FM22),0) -> #REF! | FP28: =ROUND(SUM(FP27,FP22),0) -> #REF! | FS28: =ROUND(SUM(FS27,FS22),0) -> #REF! | FV28: =ROUND(SUM(FV27,FV22),0) -> #REF! | FY28: =ROUND(SUM(FY27,FY22),0) -> #REF! | GB28: =ROUND(SUM(GB27,GB22),0) -> #REF! | GE28: =ROUND(SUM(GE27,GE22),0) -> #REF! | GH28: =ROUND(SUM(GH27,GH22),0) -> #REF! | GK28: =ROUND(SUM(GK27,GK22),0) -> #REF! | GN28: =ROUND(SUM(GN27,GN22),0) -> #REF! | GQ28: =ROUND(SUM(GQ27,GQ22),0) -> #REF! | GT28: =ROUND(SUM(GT27,GT22),0) -> #REF! | GW28: =ROUND(SUM(GW27,GW22),0) -> #REF! | GZ28: =ROUND(SUM(GZ27,GZ22),0) -> #REF! | HC28: =ROUND(SUM(HC27,HC22),0) -> #REF! | HF28: =ROUND(SUM(HF27,HF22),0) -> #REF! | HI28: =ROUND(SUM(HI27,HI22),0) -> #REF! | HL28: =ROUND(SUM(HL27,HL22),0) -> #REF! | HO28: =ROUND(SUM(HO27,HO22),0) -> #REF! | HR28: =ROUND(SUM(HR27,HR22),0) -> #REF! | HU28: =ROUND(SUM(HU27,HU22),0) -> #REF! | HX28: =ROUND(SUM(HX27,HX22),0) -> #REF! | IA28: =ROUND(SUM(IA27,IA22),0) -> #REF! | ID28: =ROUND(SUM(ID27,ID22),0) -> #REF! | IG28: =ROUND(SUM(IG27,IG22),0) -> #REF! | IJ28: =ROUND(SUM(IJ27,IJ22),0) -> #REF! | IM28: =ROUND(SUM(IM27,IM22),0) -> #REF! | IP28: =ROUND(SUM(IP27,IP22),0) -> #REF! | IS28: =ROUND(SUM(IS27,IS22),0) -> #REF! | IV28: =ROUND(SUM(IV27,IV22),0) -> #REF! | IY28: =ROUND(SUM(IY27,IY22),0) -> #REF! | JB28: =ROUND(SUM(JB27,JB22),0) -> #REF! | JE28: =ROUND(SUM(JE27,JE22),0) -> #REF! | JH28: =ROUND(SUM(JH27,JH22),0) -> #REF! | JK28: =ROUND(SUM(JK27,JK22),0) -> #REF! | JN28: =ROUND(SUM(JN27,JN22),0) -> #REF! | JQ28: =ROUND(SUM(JQ27,JQ22),0) -> #REF! | JT28: =ROUND(SUM(JT27,JT22),0) -> #REF! | JW28: =ROUND(SUM(JW27,JW22),0) -> #REF! | JZ28: =ROUND(SUM(JZ27,JZ22),0) -> #REF! | KC28: =ROUND(SUM(KC27,KC22),0) -> #REF! | KF28: =ROUND(SUM(KF27,KF22),0) -> #REF! | KI28: =ROUND(SUM(KI27,KI22),0) -> #REF! | KL28: =ROUND(SUM(KL27,KL22),0) -> #REF! | KO28: =ROUND(SUM(KO27,KO22),0) -> #REF! | KR28: =ROUND(SUM(KR27,KR22),0) -> #REF! | KU28: =ROUND(SUM(KU27,KU22),0) -> #REF!
G29: VALOR TOTAL OBRA | H29: =ROUND(H28,0) -> 110167236 | J29: =ROUND(J28,0) -> 108291204 | M29: =ROUND(M28,0) -> 0 | P29: =ROUND(P28,0) -> 108729155 | S29: =ROUND(S28,0) -> 106493869 | V29: =ROUND(V28,0) -> 105551895 | Y29: =ROUND(Y28,0) -> 101329110 | AB29: =ROUND(AB28,0) -> 80338018 | AE29: =ROUND(AE28,0) -> 0 | AH29: =ROUND(AH28,0) -> 0 | AK29: =ROUND(AK28,0) -> 0 | AN29: =ROUND(AN28,0) -> #REF! | AQ29: =ROUND(AQ28,0) -> #REF! | AT29: =ROUND(AT28,0) -> #REF! | AW29: =ROUND(AW28,0) -> #REF! | AZ29: =ROUND(AZ28,0) -> #REF! | BC29: =ROUND(BC28,0) -> #REF! | BF29: =ROUND(BF28,0) -> #REF! | BI29: =ROUND(BI28,0) -> #REF! | BL29: =ROUND(BL28,0) -> #REF! | BO29: =ROUND(BO28,0) -> #REF! | BR29: =ROUND(BR28,0) -> #REF! | BU29: =ROUND(BU28,0) -> #REF! | BX29: =ROUND(BX28,0) -> #REF! | CA29: =ROUND(CA28,0) -> #REF! | CD29: =ROUND(CD28,0) -> #REF! | CG29: =ROUND(CG28,0) -> #REF! | CJ29: =ROUND(CJ28,0) -> #REF! | CM29: =ROUND(CM28,0) -> #REF! | CP29: =ROUND(CP28,0) -> #REF! | CS29: =ROUND(CS28,0) -> #REF! | CV29: =ROUND(CV28,0) -> #REF! | CY29: =ROUND(CY28,0) -> #REF! | DB29: =ROUND(DB28,0) -> #REF! | DE29: =ROUND(DE28,0) -> #REF! | DH29: =ROUND(DH28,0) -> #REF! | DK29: =ROUND(DK28,0) -> #REF! | DN29: =ROUND(DN28,0) -> #REF! | DQ29: =ROUND(DQ28,0) -> #REF! | DT29: =ROUND(DT28,0) -> #REF! | DW29: =ROUND(DW28,0) -> #REF! | DZ29: =ROUND(DZ28,0) -> #REF! | EC29: =ROUND(EC28,0) -> #REF! | EF29: =ROUND(EF28,0) -> #REF! | EI29: =ROUND(EI28,0) -> #REF! | EL29: =ROUND(EL28,0) -> #REF! | EO29: =ROUND(EO28,0) -> #REF! | ER29: =ROUND(ER28,0) -> #REF! | EU29: =ROUND(EU28,0) -> #REF! | EX29: =ROUND(EX28,0) -> #REF! | FA29: =ROUND(FA28,0) -> #REF! | FD29: =ROUND(FD28,0) -> #REF! | FG29: =ROUND(FG28,0) -> #REF! | FJ29: =ROUND(FJ28,0) -> #REF! | FM29: =ROUND(FM28,0) -> #REF! | FP29: =ROUND(FP28,0) -> #REF! | FS29: =ROUND(FS28,0) -> #REF! | FV29: =ROUND(FV28,0) -> #REF! | FY29: =ROUND(FY28,0) -> #REF! | GB29: =ROUND(GB28,0) -> #REF! | GE29: =ROUND(GE28,0) -> #REF! | GH29: =ROUND(GH28,0) -> #REF! | GK29: =ROUND(GK28,0) -> #REF! | GN29: =ROUND(GN28,0) -> #REF! | GQ29: =ROUND(GQ28,0) -> #REF! | GT29: =ROUND(GT28,0) -> #REF! | GW29: =ROUND(GW28,0) -> #REF! | GZ29: =ROUND(GZ28,0) -> #REF! | HC29: =ROUND(HC28,0) -> #REF! | HF29: =ROUND(HF28,0) -> #REF! | HI29: =ROUND(HI28,0) -> #REF! | HL29: =ROUND(HL28,0) -> #REF! | HO29: =ROUND(HO28,0) -> #REF! | HR29: =ROUND(HR28,0) -> #REF! | HU29: =ROUND(HU28,0) -> #REF! | HX29: =ROUND(HX28,0) -> #REF! | IA29: =ROUND(IA28,0) -> #REF! | ID29: =ROUND(ID28,0) -> #REF! | IG29: =ROUND(IG28,0) -> #REF! | IJ29: =ROUND(IJ28,0) -> #REF! | IM29: =ROUND(IM28,0) -> #REF! | IP29: =ROUND(IP28,0) -> #REF! | IS29: =ROUND(IS28,0) -> #REF! | IV29: =ROUND(IV28,0) -> #REF! | IY29: =ROUND(IY28,0) -> #REF! | JB29: =ROUND(JB28,0) -> #REF! | JE29: =ROUND(JE28,0) -> #REF! | JH29: =ROUND(JH28,0) -> #REF! | JK29: =ROUND(JK28,0) -> #REF! | JN29: =ROUND(JN28,0) -> #REF! | JQ29: =ROUND(JQ28,0) -> #REF! | JT29: =ROUND(JT28,0) -> #REF! | JW29: =ROUND(JW28,0) -> #REF! | JZ29: =ROUND(JZ28,0) -> #REF! | KC29: =ROUND(KC28,0) -> #REF! | KF29: =ROUND(KF28,0) -> #REF! | KI29: =ROUND(KI28,0) -> #REF! | KL29: =ROUND(KL28,0) -> #REF! | KO29: =ROUND(KO28,0) -> #REF! | KR29: =ROUND(KR28,0) -> #REF! | KU29: =ROUND(KU28,0) -> #REF!
B30: VALOR INICIAL DE LA PROPUESTA ECONÓMICA SEGÚN FORMULARIO No. 1 | J30: 108291204 | M30: 84584150 | P30: 108729155 | S30: 106493869 | V30: 105551895 | Y30: 101329110 | AB30: 83189032 | AK30: 392359844
B31: % DE ERROR FRENTE AL VALOR DE LA OFERTA ECONÓMICA INICIAL | J31: =IF(OR(J29=0,J30=""),0,ABS(1-(J29/J30))) -> 0 | M31: =IF(OR(M29=0,M30=""),0,ABS(1-(M29/M30))) -> 0 | P31: =IF(OR(P29=0,P30=""),0,ABS(1-(P29/P30))) -> 0 | S31: =IF(OR(S29=0,S30=""),0,ABS(1-(S29/S30))) -> 0 | V31: =IF(OR(V29=0,V30=""),0,ABS(1-(V29/V30))) -> 0 | Y31: =IF(OR(Y29=0,Y30=""),0,ABS(1-(Y29/Y30))) -> 0 | AB31: =IF(OR(AB29=0,AB30=""),0,ABS(1-(AB29/AB30))) -> 0.034271513 | AE31: =IF(OR(AE29=0,AE30=""),0,ABS(1-(AE29/AE30))) -> 0 | AH31: =IF(OR(AH29=0,AH30=""),0,ABS(1-(AH29/AH30))) -> 0 | AK31: =IF(OR(AK29=0,AK30=""),0,ABS(1-(AK29/AK30))) -> 0 | AN31: =IF(OR(AN29=0,AN30=""),0,ABS(1-(AN29/AN30))) -> #REF! | AQ31: =IF(OR(AQ29=0,AQ30=""),0,ABS(1-(AQ29/AQ30))) -> #REF! | AT31: =IF(OR(AT29=0,AT30=""),0,ABS(1-(AT29/AT30))) -> #REF! | AW31: =IF(OR(AW29=0,AW30=""),0,ABS(1-(AW29/AW30))) -> #REF! | AZ31: =IF(OR(AZ29=0,AZ30=""),0,ABS(1-(AZ29/AZ30))) -> #REF! | BC31: =IF(OR(BC29=0,BC30=""),0,ABS(1-(BC29/BC30))) -> #REF! | BF31: =IF(OR(BF29=0,BF30=""),0,ABS(1-(BF29/BF30))) -> #REF! | BI31: =IF(OR(BI29=0,BI30=""),0,ABS(1-(BI29/BI30))) -> #REF! | BL31: =IF(OR(BL29=0,BL30=""),0,ABS(1-(BL29/BL30))) -> #REF! | BO31: =IF(OR(BO29=0,BO30=""),0,ABS(1-(BO29/BO30))) -> #REF! | BR31: =IF(OR(BR29=0,BR30=""),0,ABS(1-(BR29/BR30))) -> #REF! | BU31: =IF(OR(BU29=0,BU30=""),0,ABS(1-(BU29/BU30))) -> #REF! | BX31: =IF(OR(BX29=0,BX30=""),0,ABS(1-(BX29/BX30))) -> #REF! | CA31: =IF(OR(CA29=0,CA30=""),0,ABS(1-(CA29/CA30))) -> #REF! | CD31: =IF(OR(CD29=0,CD30=""),0,ABS(1-(CD29/CD30))) -> #REF! | CG31: =IF(OR(CG29=0,CG30=""),0,ABS(1-(CG29/CG30))) -> #REF! | CJ31: =IF(OR(CJ29=0,CJ30=""),0,ABS(1-(CJ29/CJ30))) -> #REF! | CM31: =IF(OR(CM29=0,CM30=""),0,ABS(1-(CM29/CM30))) -> #REF! | CP31: =IF(OR(CP29=0,CP30=""),0,ABS(1-(CP29/CP30))) -> #REF! | CS31: =IF(OR(CS29=0,CS30=""),0,ABS(1-(CS29/CS30))) -> #REF! | CV31: =IF(OR(CV29=0,CV30=""),0,ABS(1-(CV29/CV30))) -> #REF! | CY31: =IF(OR(CY29=0,CY30=""),0,ABS(1-(CY29/CY30))) -> #REF! | DB31: =IF(OR(DB29=0,DB30=""),0,ABS(1-(DB29/DB30))) -> #REF! | DE31: =IF(OR(DE29=0,DE30=""),0,ABS(1-(DE29/DE30))) -> #REF! | DH31: =IF(OR(DH29=0,DH30=""),0,ABS(1-(DH29/DH30))) -> #REF! | DK31: =IF(OR(DK29=0,DK30=""),0,ABS(1-(DK29/DK30))) -> #REF! | DN31: =IF(OR(DN29=0,DN30=""),0,ABS(1-(DN29/DN30))) -> #REF! | DQ31: =IF(OR(DQ29=0,DQ30=""),0,ABS(1-(DQ29/DQ30))) -> #REF! | DT31: =IF(OR(DT29=0,DT30=""),0,ABS(1-(DT29/DT30))) -> #REF! | DW31: =IF(OR(DW29=0,DW30=""),0,ABS(1-(DW29/DW30))) -> #REF! | DZ31: =IF(OR(DZ29=0,DZ30=""),0,ABS(1-(DZ29/DZ30))) -> #REF! | EC31: =IF(OR(EC29=0,EC30=""),0,ABS(1-(EC29/EC30))) -> #REF! | EF31: =IF(OR(EF29=0,EF30=""),0,ABS(1-(EF29/EF30))) -> #REF! | EI31: =IF(OR(EI29=0,EI30=""),0,ABS(1-(EI29/EI30))) -> #REF! | EL31: =IF(OR(EL29=0,EL30=""),0,ABS(1-(EL29/EL30))) -> #REF! | EO31: =IF(OR(EO29=0,EO30=""),0,ABS(1-(EO29/EO30))) -> #REF! | ER31: =IF(OR(ER29=0,ER30=""),0,ABS(1-(ER29/ER30))) -> #REF! | EU31: =IF(OR(EU29=0,EU30=""),0,ABS(1-(EU29/EU30))) -> #REF! | EX31: =IF(OR(EX29=0,EX30=""),0,ABS(1-(EX29/EX30))) -> #REF! | FA31: =IF(OR(FA29=0,FA30=""),0,ABS(1-(FA29/FA30))) -> #REF! | FD31: =IF(OR(FD29=0,FD30=""),0,ABS(1-(FD29/FD30))) -> #REF! | FG31: =IF(OR(FG29=0,FG30=""),0,ABS(1-(FG29/FG30))) -> #REF! | FJ31: =IF(OR(FJ29=0,FJ30=""),0,ABS(1-(FJ29/FJ30))) -> #REF! | FM31: =IF(OR(FM29=0,FM30=""),0,ABS(1-(FM29/FM30))) -> #REF! | FP31: =IF(OR(FP29=0,FP30=""),0,ABS(1-(FP29/FP30))) -> #REF! | FS31: =IF(OR(FS29=0,FS30=""),0,ABS(1-(FS29/FS30))) -> #REF! | FV31: =IF(OR(FV29=0,FV30=""),0,ABS(1-(FV29/FV30))) -> #REF! | FY31: =IF(OR(FY29=0,FY30=""),0,ABS(1-(FY29/FY30))) -> #REF! | GB31: =IF(OR(GB29=0,GB30=""),0,ABS(1-(GB29/GB30))) -> #REF! | GE31: =IF(OR(GE29=0,GE30=""),0,ABS(1-(GE29/GE30))) -> #REF! | GH31: =IF(OR(GH29=0,GH30=""),0,ABS(1-(GH29/GH30))) -> #REF! | GK31: =IF(OR(GK29=0,GK30=""),0,ABS(1-(GK29/GK30))) -> #REF! | GN31: =IF(OR(GN29=0,GN30=""),0,ABS(1-(GN29/GN30))) -> #REF! | GQ31: =IF(OR(GQ29=0,GQ30=""),0,ABS(1-(GQ29/GQ30))) -> #REF! | GT31: =IF(OR(GT29=0,GT30=""),0,ABS(1-(GT29/GT30))) -> #REF! | GW31: =IF(OR(GW29=0,GW30=""),0,ABS(1-(GW29/GW30))) -> #REF! | GZ31: =IF(OR(GZ29=0,GZ30=""),0,ABS(1-(GZ29/GZ30))) -> #REF! | HC31: =IF(OR(HC29=0,HC30=""),0,ABS(1-(HC29/HC30))) -> #REF! | HF31: =IF(OR(HF29=0,HF30=""),0,ABS(1-(HF29/HF30))) -> #REF! | HI31: =IF(OR(HI29=0,HI30=""),0,ABS(1-(HI29/HI30))) -> #REF! | HL31: =IF(OR(HL29=0,HL30=""),0,ABS(1-(HL29/HL30))) -> #REF! | HO31: =IF(OR(HO29=0,HO30=""),0,ABS(1-(HO29/HO30))) -> #REF! | HR31: =IF(OR(HR29=0,HR30=""),0,ABS(1-(HR29/HR30))) -> #REF! | HU31: =IF(OR(HU29=0,HU30=""),0,ABS(1-(HU29/HU30))) -> #REF! | HX31: =IF(OR(HX29=0,HX30=""),0,ABS(1-(HX29/HX30))) -> #REF! | IA31: =IF(OR(IA29=0,IA30=""),0,ABS(1-(IA29/IA30))) -> #REF! | ID31: =IF(OR(ID29=0,ID30=""),0,ABS(1-(ID29/ID30))) -> #REF! | IG31: =IF(OR(IG29=0,IG30=""),0,ABS(1-(IG29/IG30))) -> #REF! | IJ31: =IF(OR(IJ29=0,IJ30=""),0,ABS(1-(IJ29/IJ30))) -> #REF! | IM31: =IF(OR(IM29=0,IM30=""),0,ABS(1-(IM29/IM30))) -> #REF! | IP31: =IF(OR(IP29=0,IP30=""),0,ABS(1-(IP29/IP30))) -> #REF! | IS31: =IF(OR(IS29=0,IS30=""),0,ABS(1-(IS29/IS30))) -> #REF! | IV31: =IF(OR(IV29=0,IV30=""),0,ABS(1-(IV29/IV30))) -> #REF! | IY31: =IF(OR(IY29=0,IY30=""),0,ABS(1-(IY29/IY30))) -> #REF! | JB31: =IF(OR(JB29=0,JB30=""),0,ABS(1-(JB29/JB30))) -> #REF! | JE31: =IF(OR(JE29=0,JE30=""),0,ABS(1-(JE29/JE30))) -> #REF! | JH31: =IF(OR(JH29=0,JH30=""),0,ABS(1-(JH29/JH30))) -> #REF! | JK31: =IF(OR(JK29=0,JK30=""),0,ABS(1-(JK29/JK30))) -> #REF! | JN31: =IF(OR(JN29=0,JN30=""),0,ABS(1-(JN29/JN30))) -> #REF! | JQ31: =IF(OR(JQ29=0,JQ30=""),0,ABS(1-(JQ29/JQ30))) -> #REF! | JT31: =IF(OR(JT29=0,JT30=""),0,ABS(1-(JT29/JT30))) -> #REF! | JW31: =IF(OR(JW29=0,JW30=""),0,ABS(1-(JW29/JW30))) -> #REF! | JZ31: =IF(OR(JZ29=0,JZ30=""),0,ABS(1-(JZ29/JZ30))) -> #REF! | KC31: =IF(OR(KC29=0,KC30=""),0,ABS(1-(KC29/KC30))) -> #REF! | KF31: =IF(OR(KF29=0,KF30=""),0,ABS(1-(KF29/KF30))) -> #REF! | KI31: =IF(OR(KI29=0,KI30=""),0,ABS(1-(KI29/KI30))) -> #REF! | KL31: =IF(OR(KL29=0,KL30=""),0,ABS(1-(KL29/KL30))) -> #REF! | KO31: =IF(OR(KO29=0,KO30=""),0,ABS(1-(KO29/KO30))) -> #REF! | KR31: =IF(OR(KR29=0,KR30=""),0,ABS(1-(KR29/KR30))) -> #REF! | KU31: =IF(OR(KU29=0,KU30=""),0,ABS(1-(KU29/KU30))) -> #REF!
B32: PRESUPUESTO OFICIAL | H32: =ROUND(H29,0) -> 110167236 | J32: =IF(I10="ADMISIBLE",IF(AND(K32="VÁLIDA",J29<=$H$32,I34="",J31<0.01),J29,"DESCARTADO"),I10) -> 108291204 | K32: =IF(COUNTIF(K15:K27,"NO VÁLIDA")>0,"NO VÁLIDA","VÁLIDA") -> VÁLIDA | M32: =IF(L10="ADMISIBLE",IF(AND(N32="VÁLIDA",M29<=$H$32,L34="",M31<0.01),M29,"DESCARTADO"),L10) -> RECHAZO | N32: =IF(COUNTIF(N15:N27,"NO VÁLIDA")>0,"NO VÁLIDA","VÁLIDA") -> NO VÁLIDA | P32: =IF(O10="ADMISIBLE",IF(AND(Q32="VÁLIDA",P29<=$H$32,O34="",P31<0.01),P29,"DESCARTADO"),O10) -> 108729155 | Q32: =IF(COUNTIF(Q15:Q27,"NO VÁLIDA")>0,"NO VÁLIDA","VÁLIDA") -> VÁLIDA | S32: =IF(R10="ADMISIBLE",IF(AND(T32="VÁLIDA",S29<=$H$32,R34="",S31<0.01),S29,"DESCARTADO"),R10) -> 106493869 | T32: =IF(COUNTIF(T15:T27,"NO VÁLIDA")>0,"NO VÁLIDA","VÁLIDA") -> VÁLIDA | V32: =IF(U10="ADMISIBLE",IF(AND(W32="VÁLIDA",V29<=$H$32,U34="",V31<0.01),V29,"DESCARTADO"),U10) -> 105551895 | W32: =IF(COUNTIF(W15:W27,"NO VÁLIDA")>0,"NO VÁLIDA","VÁLIDA") -> VÁLIDA | Y32: =IF(X10="ADMISIBLE",IF(AND(Z32="VÁLIDA",Y29<=$H$32,X34="",Y31<0.01),Y29,"DESCARTADO"),X10) -> 101329110 | Z32: =IF(COUNTIF(Z15:Z27,"NO VÁLIDA")>0,"NO VÁLIDA","VÁLIDA") -> VÁLIDA | AB32: =IF(AA10="ADMISIBLE",IF(AND(AC32="VÁLIDA",AB29<=$H$32,AA34="",AB31<0.01),AB29,"DESCARTADO"),AA10) -> 0 | AC32: =IF(COUNTIF(AC15:AC27,"NO VÁLIDA")>0,"NO VÁLIDA","VÁLIDA") -> VÁLIDA | AE32: =IF(AD10="ADMISIBLE",IF(AND(AF32="VÁLIDA",AE29<=$H$32,AD34="",AE31<0.01),AE29,"DESCARTADO"),AD10) -> 0 | AF32: =IF(COUNTIF(AF15:AF27,"NO VÁLIDA")>0,"NO VÁLIDA","VÁLIDA") -> NO VÁLIDA | AH32: =IF(AG10="ADMISIBLE",IF(AND(AI32="VÁLIDA",AH29<=$H$32,AG34="",AH31<0.01),AH29,"DESCARTADO"),AG10) -> 0 | AI32: =IF(COUNTIF(AI15:AI27,"NO VÁLIDA")>0,"NO VÁLIDA","VÁLIDA") -> NO VÁLIDA | AK32: =IF(AJ10="ADMISIBLE",IF(AND(AL32="VÁLIDA",AK29<=$H$32,AJ34="",AK31<0.01),AK29,"DESCARTADO"),AJ10) -> 0 | AL32: =IF(COUNTIF(AL15:AL27,"NO VÁLIDA")>0,"NO VÁLIDA","VÁLIDA") -> NO VÁLIDA | AN32: =IF(AM10="ADMISIBLE",IF(AND(AO32="VÁLIDA",AN29<=$H$32,AM34="",AN31<0.01),AN29,"DESCARTADO"),AM10) -> 0 | AO32: =IF(COUNTIF(AO15:AO27,"NO VÁLIDA")>0,"NO VÁLIDA","VÁLIDA") -> NO VÁLIDA | AQ32: =IF(AP10="ADMISIBLE",IF(AND(AR32="VÁLIDA",AQ29<=$H$32,AP34="",AQ31<0.01),AQ29,"DESCARTADO"),AP10) -> 0 | AR32: =IF(COUNTIF(AR15:AR27,"NO VÁLIDA")>0,"NO VÁLIDA","VÁLIDA") -> NO VÁLIDA | AT32: =IF(AS10="ADMISIBLE",IF(AND(AU32="VÁLIDA",AT29<=$H$32,AS34="",AT31<0.01),AT29,"DESCARTADO"),AS10) -> 0 | AU32: =IF(COUNTIF(AU15:AU27,"NO VÁLIDA")>0,"NO VÁLIDA","VÁLIDA") -> NO VÁLIDA | AW32: =IF(AV10="ADMISIBLE",IF(AND(AX32="VÁLIDA",AW29<=$H$32,AV34="",AW31<0.01),AW29,"DESCARTADO"),AV10) -> 0 | AX32: =IF(COUNTIF(AX15:AX27,"NO VÁLIDA")>0,"NO VÁLIDA","VÁLIDA") -> NO VÁLIDA | AZ32: =IF(AY10="ADMISIBLE",IF(AND(BA32="VÁLIDA",AZ29<=$H$32,AY34="",AZ31<0.01),AZ29,"DESCARTADO"),AY10) -> 0 | BA32: =IF(COUNTIF(BA15:BA27,"NO VÁLIDA")>0,"NO VÁLIDA","VÁLIDA") -> NO VÁLIDA | BC32: =IF(BB10="ADMISIBLE",IF(AND(BD32="VÁLIDA",BC29<=$H$32,BB34="",BC31<0.01),BC29,"DESCARTADO"),BB10) -> 0 | BD32: =IF(COUNTIF(BD15:BD27,"NO VÁLIDA")>0,"NO VÁLIDA","VÁLIDA") -> NO VÁLIDA | BF32: =IF(BE10="ADMISIBLE",IF(AND(BG32="VÁLIDA",BF29<=$H$32,BE34="",BF31<0.01),BF29,"DESCARTADO"),BE10) -> 0 | BG32: =IF(COUNTIF(BG15:BG27,"NO VÁLIDA")>0,"NO VÁLIDA","VÁLIDA") -> NO VÁLIDA | BI32: =IF(BH10="ADMISIBLE",IF(AND(BJ32="VÁLIDA",BI29<=$H$32,BH34="",BI31<0.01),BI29,"DESCARTADO"),BH10) -> 0 | BJ32: =IF(COUNTIF(BJ15:BJ27,"NO VÁLIDA")>0,"NO VÁLIDA","VÁLIDA") -> NO VÁLIDA | BL32: =IF(BK10="ADMISIBLE",IF(AND(BM32="VÁLIDA",BL29<=$H$32,BK34="",BL31<0.01),BL29,"DESCARTADO"),BK10) -> 0 | BM32: =IF(COUNTIF(BM15:BM27,"NO VÁLIDA")>0,"NO VÁLIDA","VÁLIDA") -> NO VÁLIDA | BO32: =IF(BN10="ADMISIBLE",IF(AND(BP32="VÁLIDA",BO29<=$H$32,BN34="",BO31<0.01),BO29,"DESCARTADO"),BN10) -> 0 | BP32: =IF(COUNTIF(BP15:BP27,"NO VÁLIDA")>0,"NO VÁLIDA","VÁLIDA") -> NO VÁLIDA | BR32: =IF(BQ10="ADMISIBLE",IF(AND(BS32="VÁLIDA",BR29<=$H$32,BQ34="",BR31<0.01),BR29,"DESCARTADO"),BQ10) -> 0 | BS32: =IF(COUNTIF(BS15:BS27,"NO VÁLIDA")>0,"NO VÁLIDA","VÁLIDA") -> NO VÁLIDA | BU32: =IF(BT10="ADMISIBLE",IF(AND(BV32="VÁLIDA",BU29<=$H$32,BT34="",BU31<0.01),BU29,"DESCARTADO"),BT10) -> 0 | BV32: =IF(COUNTIF(BV15:BV27,"NO VÁLIDA")>0,"NO VÁLIDA","VÁLIDA") -> NO VÁLIDA | BX32: =IF(BW10="ADMISIBLE",IF(AND(BY32="VÁLIDA",BX29<=$H$32,BW34="",BX31<0.01),BX29,"DESCARTADO"),BW10) -> 0 | BY32: =IF(COUNTIF(BY15:BY27,"NO VÁLIDA")>0,"NO VÁLIDA","VÁLIDA") -> NO VÁLIDA | CA32: =IF(BZ10="ADMISIBLE",IF(AND(CB32="VÁLIDA",CA29<=$H$32,BZ34="",CA31<0.01),CA29,"DESCARTADO"),BZ10) -> 0 | CB32: =IF(COUNTIF(CB15:CB27,"NO VÁLIDA")>0,"NO VÁLIDA","VÁLIDA") -> NO VÁLIDA | CD32: =IF(CC10="ADMISIBLE",IF(AND(CE32="VÁLIDA",CD29<=$H$32,CC34="",CD31<0.01),CD29,"DESCARTADO"),CC10) -> 0 | CE32: =IF(COUNTIF(CE15:CE27,"NO VÁLIDA")>0,"NO VÁLIDA","VÁLIDA") -> NO VÁLIDA | CG32: =IF(CF10="ADMISIBLE",IF(AND(CH32="VÁLIDA",CG29<=$H$32,CF34="",CG31<0.01),CG29,"DESCARTADO"),CF10) -> 0 | CH32: =IF(COUNTIF(CH15:CH27,"NO VÁLIDA")>0,"NO VÁLIDA","VÁLIDA") -> NO VÁLIDA | CJ32: =IF(CI10="ADMISIBLE",IF(AND(CK32="VÁLIDA",CJ29<=$H$32,CI34="",CJ31<0.01),CJ29,"DESCARTADO"),CI10) -> 0 | CK32: =IF(COUNTIF(CK15:CK27,"NO VÁLIDA")>0,"NO VÁLIDA","VÁLIDA") -> NO VÁLIDA | CM32: =IF(CL10="ADMISIBLE",IF(AND(CN32="VÁLIDA",CM29<=$H$32,CL34="",CM31<0.01),CM29,"DESCARTADO"),CL10) -> 0 | CN32: =IF(COUNTIF(CN15:CN27,"NO VÁLIDA")>0,"NO VÁLIDA","VÁLIDA") -> NO VÁLIDA | CP32: =IF(CO10="ADMISIBLE",IF(AND(CQ32="VÁLIDA",CP29<=$H$32,CO34="",CP31<0.01),CP29,"DESCARTADO"),CO10) -> 0 | CQ32: =IF(COUNTIF(CQ15:CQ27,"NO VÁLIDA")>0,"NO VÁLIDA","VÁLIDA") -> NO VÁLIDA | CS32: =IF(CR10="ADMISIBLE",IF(AND(CT32="VÁLIDA",CS29<=$H$32,CR34="",CS31<0.01),CS29,"DESCARTADO"),CR10) -> 0 | CT32: =IF(COUNTIF(CT15:CT27,"NO VÁLIDA")>0,"NO VÁLIDA","VÁLIDA") -> NO VÁLIDA | CV32: =IF(CU10="ADMISIBLE",IF(AND(CW32="VÁLIDA",CV29<=$H$32,CU34="",CV31<0.01),CV29,"DESCARTADO"),CU10) -> 0 | CW32: =IF(COUNTIF(CW15:CW27,"NO VÁLIDA")>0,"NO VÁLIDA","VÁLIDA") -> NO VÁLIDA | CY32: =IF(CX10="ADMISIBLE",IF(AND(CZ32="VÁLIDA",CY29<=$H$32,CX34="",CY31<0.01),CY29,"DESCARTADO"),CX10) -> 0 | CZ32: =IF(COUNTIF(CZ15:CZ27,"NO VÁLIDA")>0,"NO VÁLIDA","VÁLIDA") -> NO VÁLIDA | DB32: =IF(DA10="ADMISIBLE",IF(AND(DC32="VÁLIDA",DB29<=$H$32,DA34="",DB31<0.01),DB29,"DESCARTADO"),DA10) -> 0 | DC32: =IF(COUNTIF(DC15:DC27,"NO VÁLIDA")>0,"NO VÁLIDA","VÁLIDA") -> NO VÁLIDA | DE32: =IF(DD10="ADMISIBLE",IF(AND(DF32="VÁLIDA",DE29<=$H$32,DD34="",DE31<0.01),DE29,"DESCARTADO"),DD10) -> 0 | DF32: =IF(COUNTIF(DF15:DF27,"NO VÁLIDA")>0,"NO VÁLIDA","VÁLIDA") -> NO VÁLIDA | DH32: =IF(DG10="ADMISIBLE",IF(AND(DI32="VÁLIDA",DH29<=$H$32,DG34="",DH31<0.01),DH29,"DESCARTADO"),DG10) -> 0 | DI32: =IF(COUNTIF(DI15:DI27,"NO VÁLIDA")>0,"NO VÁLIDA","VÁLIDA") -> NO VÁLIDA | DK32: =IF(DJ10="ADMISIBLE",IF(AND(DL32="VÁLIDA",DK29<=$H$32,DJ34="",DK31<0.01),DK29,"DESCARTADO"),DJ10) -> 0 | DL32: =IF(COUNTIF(DL15:DL27,"NO VÁLIDA")>0,"NO VÁLIDA","VÁLIDA") -> NO VÁLIDA | DN32: =IF(DM10="ADMISIBLE",IF(AND(DO32="VÁLIDA",DN29<=$H$32,DM34="",DN31<0.01),DN29,"DESCARTADO"),DM10) -> 0 | DO32: =IF(COUNTIF(DO15:DO27,"NO VÁLIDA")>0,"NO VÁLIDA","VÁLIDA") -> NO VÁLIDA | DQ32: =IF(DP10="ADMISIBLE",IF(AND(DR32="VÁLIDA",DQ29<=$H$32,DP34="",DQ31<0.01),DQ29,"DESCARTADO"),DP10) -> 0 | DR32: =IF(COUNTIF(DR15:DR27,"NO VÁLIDA")>0,"NO VÁLIDA","VÁLIDA") -> NO VÁLIDA | DT32: =IF(DS10="ADMISIBLE",IF(AND(DU32="VÁLIDA",DT29<=$H$32,DS34="",DT31<0.01),DT29,"DESCARTADO"),DS10) -> 0 | DU32: =IF(COUNTIF(DU15:DU27,"NO VÁLIDA")>0,"NO VÁLIDA","VÁLIDA") -> NO VÁLIDA | DW32: =IF(DV10="ADMISIBLE",IF(AND(DX32="VÁLIDA",DW29<=$H$32,DV34="",DW31<0.01),DW29,"DESCARTADO"),DV10) -> 0 | DX32: =IF(COUNTIF(DX15:DX27,"NO VÁLIDA")>0,"NO VÁLIDA","VÁLIDA") -> NO VÁLIDA | DZ32: =IF(DY10="ADMISIBLE",IF(AND(EA32="VÁLIDA",DZ29<=$H$32,DY34="",DZ31<0.01),DZ29,"DESCARTADO"),DY10) -> 0 | EA32: =IF(COUNTIF(EA15:EA27,"NO VÁLIDA")>0,"NO VÁLIDA","VÁLIDA") -> NO VÁLIDA | EC32: =IF(EB10="ADMISIBLE",IF(AND(ED32="VÁLIDA",EC29<=$H$32,EB34="",EC31<0.01),EC29,"DESCARTADO"),EB10) -> 0 | ED32: =IF(COUNTIF(ED15:ED27,"NO VÁLIDA")>0,"NO VÁLIDA","VÁLIDA") -> NO VÁLIDA | EF32: =IF(EE10="ADMISIBLE",IF(AND(EG32="VÁLIDA",EF29<=$H$32,EE34="",EF31<0.01),EF29,"DESCARTADO"),EE10) -> 0 | EG32: =IF(COUNTIF(EG15:EG27,"NO VÁLIDA")>0,"NO VÁLIDA","VÁLIDA") -> NO VÁLIDA | EI32: =IF(EH10="ADMISIBLE",IF(AND(EJ32="VÁLIDA",EI29<=$H$32,EH34="",EI31<0.01),EI29,"DESCARTADO"),EH10) -> 0 | EJ32: =IF(COUNTIF(EJ15:EJ27,"NO VÁLIDA")>0,"NO VÁLIDA","VÁLIDA") -> NO VÁLIDA | EL32: =IF(EK10="ADMISIBLE",IF(AND(EM32="VÁLIDA",EL29<=$H$32,EK34="",EL31<0.01),EL29,"DESCARTADO"),EK10) -> 0 | EM32: =IF(COUNTIF(EM15:EM27,"NO VÁLIDA")>0,"NO VÁLIDA","VÁLIDA") -> NO VÁLIDA | EO32: =IF(EN10="ADMISIBLE",IF(AND(EP32="VÁLIDA",EO29<=$H$32,EN34="",EO31<0.01),EO29,"DESCARTADO"),EN10) -> 0 | EP32: =IF(COUNTIF(EP15:EP27,"NO VÁLIDA")>0,"NO VÁLIDA","VÁLIDA") -> NO VÁLIDA | ER32: =IF(EQ10="ADMISIBLE",IF(AND(ES32="VÁLIDA",ER29<=$H$32,EQ34="",ER31<0.01),ER29,"DESCARTADO"),EQ10) -> 0 | ES32: =IF(COUNTIF(ES15:ES27,"NO VÁLIDA")>0,"NO VÁLIDA","VÁLIDA") -> NO VÁLIDA | EU32: =IF(ET10="ADMISIBLE",IF(AND(EV32="VÁLIDA",EU29<=$H$32,ET34="",EU31<0.01),EU29,"DESCARTADO"),ET10) -> 0 | EV32: =IF(COUNTIF(EV15:EV27,"NO VÁLIDA")>0,"NO VÁLIDA","VÁLIDA") -> NO VÁLIDA | EX32: =IF(EW10="ADMISIBLE",IF(AND(EY32="VÁLIDA",EX29<=$H$32,EW34="",EX31<0.01),EX29,"DESCARTADO"),EW10) -> 0 | EY32: =IF(COUNTIF(EY15:EY27,"NO VÁLIDA")>0,"NO VÁLIDA","VÁLIDA") -> NO VÁLIDA | FA32: =IF(EZ10="ADMISIBLE",IF(AND(FB32="VÁLIDA",FA29<=$H$32,EZ34="",FA31<0.01),FA29,"DESCARTADO"),EZ10) -> 0 | FB32: =IF(COUNTIF(FB15:FB27,"NO VÁLIDA")>0,"NO VÁLIDA","VÁLIDA") -> NO VÁLIDA | FD32: =IF(FC10="ADMISIBLE",IF(AND(FE32="VÁLIDA",FD29<=$H$32,FC34="",FD31<0.01),FD29,"DESCARTADO"),FC10) -> 0 | FE32: =IF(COUNTIF(FE15:FE27,"NO VÁLIDA")>0,"NO VÁLIDA","VÁLIDA") -> NO VÁLIDA | FG32: =IF(FF10="ADMISIBLE",IF(AND(FH32="VÁLIDA",FG29<=$H$32,FF34="",FG31<0.01),FG29,"DESCARTADO"),FF10) -> 0 | FH32: =IF(COUNTIF(FH15:FH27,"NO VÁLIDA")>0,"NO VÁLIDA","VÁLIDA") -> NO VÁLIDA | FJ32: =IF(FI10="ADMISIBLE",IF(AND(FK32="VÁLIDA",FJ29<=$H$32,FI34="",FJ31<0.01),FJ29,"DESCARTADO"),FI10) -> 0 | FK32: =IF(COUNTIF(FK15:FK27,"NO VÁLIDA")>0,"NO VÁLIDA","VÁLIDA") -> NO VÁLIDA | FM32: =IF(FL10="ADMISIBLE",IF(AND(FN32="VÁLIDA",FM29<=$H$32,FL34="",FM31<0.01),FM29,"DESCARTADO"),FL10) -> 0 | FN32: =IF(COUNTIF(FN15:FN27,"NO VÁLIDA")>0,"NO VÁLIDA","VÁLIDA") -> NO VÁLIDA | FP32: =IF(FO10="ADMISIBLE",IF(AND(FQ32="VÁLIDA",FP29<=$H$32,FO34="",FP31<0.01),FP29,"DESCARTADO"),FO10) -> 0 | FQ32: =IF(COUNTIF(FQ15:FQ27,"NO VÁLIDA")>0,"NO VÁLIDA","VÁLIDA") -> NO VÁLIDA | FS32: =IF(FR10="ADMISIBLE",IF(AND(FT32="VÁLIDA",FS29<=$H$32,FR34="",FS31<0.01),FS29,"DESCARTADO"),FR10) -> 0 | FT32: =IF(COUNTIF(FT15:FT27,"NO VÁLIDA")>0,"NO VÁLIDA","VÁLIDA") -> NO VÁLIDA | FV32: =IF(FU10="ADMISIBLE",IF(AND(FW32="VÁLIDA",FV29<=$H$32,FU34="",FV31<0.01),FV29,"DESCARTADO"),FU10) -> 0 | FW32: =IF(COUNTIF(FW15:FW27,"NO VÁLIDA")>0,"NO VÁLIDA","VÁLIDA") -> NO VÁLIDA | FY32: =IF(FX10="ADMISIBLE",IF(AND(FZ32="VÁLIDA",FY29<=$H$32,FX34="",FY31<0.01),FY29,"DESCARTADO"),FX10) -> 0 | FZ32: =IF(COUNTIF(FZ15:FZ27,"NO VÁLIDA")>0,"NO VÁLIDA","VÁLIDA") -> NO VÁLIDA | GB32: =IF(GA10="ADMISIBLE",IF(AND(GC32="VÁLIDA",GB29<=$H$32,GA34="",GB31<0.01),GB29,"DESCARTADO"),GA10) -> 0 | GC32: =IF(COUNTIF(GC15:GC27,"NO VÁLIDA")>0,"NO VÁLIDA","VÁLIDA") -> NO VÁLIDA | GE32: =IF(GD10="ADMISIBLE",IF(AND(GF32="VÁLIDA",GE29<=$H$32,GD34="",GE31<0.01),GE29,"DESCARTADO"),GD10) -> 0 | GF32: =IF(COUNTIF(GF15:GF27,"NO VÁLIDA")>0,"NO VÁLIDA","VÁLIDA") -> NO VÁLIDA | GH32: =IF(GG10="ADMISIBLE",IF(AND(GI32="VÁLIDA",GH29<=$H$32,GG34="",GH31<0.01),GH29,"DESCARTADO"),GG10) -> 0 | GI32: =IF(COUNTIF(GI15:GI27,"NO VÁLIDA")>0,"NO VÁLIDA","VÁLIDA") -> NO VÁLIDA | GK32: =IF(GJ10="ADMISIBLE",IF(AND(GL32="VÁLIDA",GK29<=$H$32,GJ34="",GK31<0.01),GK29,"DESCARTADO"),GJ10) -> 0 | GL32: =IF(COUNTIF(GL15:GL27,"NO VÁLIDA")>0,"NO VÁLIDA","VÁLIDA") -> NO VÁLIDA | GN32: =IF(GM10="ADMISIBLE",IF(AND(GO32="VÁLIDA",GN29<=$H$32,GM34="",GN31<0.01),GN29,"DESCARTADO"),GM10) -> 0 | GO32: =IF(COUNTIF(GO15:GO27,"NO VÁLIDA")>0,"NO VÁLIDA","VÁLIDA") -> NO VÁLIDA | GQ32: =IF(GP10="ADMISIBLE",IF(AND(GR32="VÁLIDA",GQ29<=$H$32,GP34="",GQ31<0.01),GQ29,"DESCARTADO"),GP10) -> 0 | GR32: =IF(COUNTIF(GR15:GR27,"NO VÁLIDA")>0,"NO VÁLIDA","VÁLIDA") -> NO VÁLIDA | GT32: =IF(GS10="ADMISIBLE",IF(AND(GU32="VÁLIDA",GT29<=$H$32,GS34="",GT31<0.01),GT29,"DESCARTADO"),GS10) -> 0 | GU32: =IF(COUNTIF(GU15:GU27,"NO VÁLIDA")>0,"NO VÁLIDA","VÁLIDA") -> NO VÁLIDA | GW32: =IF(GV10="ADMISIBLE",IF(AND(GX32="VÁLIDA",GW29<=$H$32,GV34="",GW31<0.01),GW29,"DESCARTADO"),GV10) -> 0 | GX32: =IF(COUNTIF(GX15:GX27,"NO VÁLIDA")>0,"NO VÁLIDA","VÁLIDA") -> NO VÁLIDA | GZ32: =IF(GY10="ADMISIBLE",IF(AND(HA32="VÁLIDA",GZ29<=$H$32,GY34="",GZ31<0.01),GZ29,"DESCARTADO"),GY10) -> 0 | HA32: =IF(COUNTIF(HA15:HA27,"NO VÁLIDA")>0,"NO VÁLIDA","VÁLIDA") -> NO VÁLIDA | HC32: =IF(HB10="ADMISIBLE",IF(AND(HD32="VÁLIDA",HC29<=$H$32,HB34="",HC31<0.01),HC29,"DESCARTADO"),HB10) -> 0 | HD32: =IF(COUNTIF(HD15:HD27,"NO VÁLIDA")>0,"NO VÁLIDA","VÁLIDA") -> NO VÁLIDA | HF32: =IF(HE10="ADMISIBLE",IF(AND(HG32="VÁLIDA",HF29<=$H$32,HE34="",HF31<0.01),HF29,"DESCARTADO"),HE10) -> 0 | HG32: =IF(COUNTIF(HG15:HG27,"NO VÁLIDA")>0,"NO VÁLIDA","VÁLIDA") -> NO VÁLIDA | HI32: =IF(HH10="ADMISIBLE",IF(AND(HJ32="VÁLIDA",HI29<=$H$32,HH34="",HI31<0.01),HI29,"DESCARTADO"),HH10) -> 0 | HJ32: =IF(COUNTIF(HJ15:HJ27,"NO VÁLIDA")>0,"NO VÁLIDA","VÁLIDA") -> NO VÁLIDA | HL32: =IF(HK10="ADMISIBLE",IF(AND(HM32="VÁLIDA",HL29<=$H$32,HK34="",HL31<0.01),HL29,"DESCARTADO"),HK10) -> 0 | HM32: =IF(COUNTIF(HM15:HM27,"NO VÁLIDA")>0,"NO VÁLIDA","VÁLIDA") -> NO VÁLIDA | HO32: =IF(HN10="ADMISIBLE",IF(AND(HP32="VÁLIDA",HO29<=$H$32,HN34="",HO31<0.01),HO29,"DESCARTADO"),HN10) -> 0 | HP32: =IF(COUNTIF(HP15:HP27,"NO VÁLIDA")>0,"NO VÁLIDA","VÁLIDA") -> NO VÁLIDA | HR32: =IF(HQ10="ADMISIBLE",IF(AND(HS32="VÁLIDA",HR29<=$H$32,HQ34="",HR31<0.01),HR29,"DESCARTADO"),HQ10) -> 0 | HS32: =IF(COUNTIF(HS15:HS27,"NO VÁLIDA")>0,"NO VÁLIDA","VÁLIDA") -> NO VÁLIDA | HU32: =IF(HT10="ADMISIBLE",IF(AND(HV32="VÁLIDA",HU29<=$H$32,HT34="",HU31<0.01),HU29,"DESCARTADO"),HT10) -> 0 | HV32: =IF(COUNTIF(HV15:HV27,"NO VÁLIDA")>0,"NO VÁLIDA","VÁLIDA") -> NO VÁLIDA | HX32: =IF(HW10="ADMISIBLE",IF(AND(HY32="VÁLIDA",HX29<=$H$32,HW34="",HX31<0.01),HX29,"DESCARTADO"),HW10) -> 0 | HY32: =IF(COUNTIF(HY15:HY27,"NO VÁLIDA")>0,"NO VÁLIDA","VÁLIDA") -> NO VÁLIDA | IA32: =IF(HZ10="ADMISIBLE",IF(AND(IB32="VÁLIDA",IA29<=$H$32,HZ34="",IA31<0.01),IA29,"DESCARTADO"),HZ10) -> 0 | IB32: =IF(COUNTIF(IB15:IB27,"NO VÁLIDA")>0,"NO VÁLIDA","VÁLIDA") -> NO VÁLIDA | ID32: =IF(IC10="ADMISIBLE",IF(AND(IE32="VÁLIDA",ID29<=$H$32,IC34="",ID31<0.01),ID29,"DESCARTADO"),IC10) -> 0 | IE32: =IF(COUNTIF(IE15:IE27,"NO VÁLIDA")>0,"NO VÁLIDA","VÁLIDA") -> NO VÁLIDA | IG32: =IF(IF10="ADMISIBLE",IF(AND(IH32="VÁLIDA",IG29<=$H$32,IF34="",IG31<0.01),IG29,"DESCARTADO"),IF10) -> 0 | IH32: =IF(COUNTIF(IH15:IH27,"NO VÁLIDA")>0,"NO VÁLIDA","VÁLIDA") -> NO VÁLIDA | IJ32: =IF(II10="ADMISIBLE",IF(AND(IK32="VÁLIDA",IJ29<=$H$32,II34="",IJ31<0.01),IJ29,"DESCARTADO"),II10) -> 0 | IK32: =IF(COUNTIF(IK15:IK27,"NO VÁLIDA")>0,"NO VÁLIDA","VÁLIDA") -> NO VÁLIDA | IM32: =IF(IL10="ADMISIBLE",IF(AND(IN32="VÁLIDA",IM29<=$H$32,IL34="",IM31<0.01),IM29,"DESCARTADO"),IL10) -> 0 | IN32: =IF(COUNTIF(IN15:IN27,"NO VÁLIDA")>0,"NO VÁLIDA","VÁLIDA") -> NO VÁLIDA | IP32: =IF(IO10="ADMISIBLE",IF(AND(IQ32="VÁLIDA",IP29<=$H$32,IO34="",IP31<0.01),IP29,"DESCARTADO"),IO10) -> 0 | IQ32: =IF(COUNTIF(IQ15:IQ27,"NO VÁLIDA")>0,"NO VÁLIDA","VÁLIDA") -> NO VÁLIDA | IS32: =IF(IR10="ADMISIBLE",IF(AND(IT32="VÁLIDA",IS29<=$H$32,IR34="",IS31<0.01),IS29,"DESCARTADO"),IR10) -> 0 | IT32: =IF(COUNTIF(IT15:IT27,"NO VÁLIDA")>0,"NO VÁLIDA","VÁLIDA") -> NO VÁLIDA | IV32: =IF(IU10="ADMISIBLE",IF(AND(IW32="VÁLIDA",IV29<=$H$32,IU34="",IV31<0.01),IV29,"DESCARTADO"),IU10) -> 0 | IW32: =IF(COUNTIF(IW15:IW27,"NO VÁLIDA")>0,"NO VÁLIDA","VÁLIDA") -> NO VÁLIDA | IY32: =IF(IX10="ADMISIBLE",IF(AND(IZ32="VÁLIDA",IY29<=$H$32,IX34="",IY31<0.01),IY29,"DESCARTADO"),IX10) -> 0 | IZ32: =IF(COUNTIF(IZ15:IZ27,"NO VÁLIDA")>0,"NO VÁLIDA","VÁLIDA") -> NO VÁLIDA | JB32: =IF(JA10="ADMISIBLE",IF(AND(JC32="VÁLIDA",JB29<=$H$32,JA34="",JB31<0.01),JB29,"DESCARTADO"),JA10) -> 0 | JC32: =IF(COUNTIF(JC15:JC27,"NO VÁLIDA")>0,"NO VÁLIDA","VÁLIDA") -> NO VÁLIDA | JE32: =IF(JD10="ADMISIBLE",IF(AND(JF32="VÁLIDA",JE29<=$H$32,JD34="",JE31<0.01),JE29,"DESCARTADO"),JD10) -> 0 | JF32: =IF(COUNTIF(JF15:JF27,"NO VÁLIDA")>0,"NO VÁLIDA","VÁLIDA") -> NO VÁLIDA | JH32: =IF(JG10="ADMISIBLE",IF(AND(JI32="VÁLIDA",JH29<=$H$32,JG34="",JH31<0.01),JH29,"DESCARTADO"),JG10) -> 0 | JI32: =IF(COUNTIF(JI15:JI27,"NO VÁLIDA")>0,"NO VÁLIDA","VÁLIDA") -> NO VÁLIDA | JK32: =IF(JJ10="ADMISIBLE",IF(AND(JL32="VÁLIDA",JK29<=$H$32,JJ34="",JK31<0.01),JK29,"DESCARTADO"),JJ10) -> 0 | JL32: =IF(COUNTIF(JL15:JL27,"NO VÁLIDA")>0,"NO VÁLIDA","VÁLIDA") -> NO VÁLIDA | JN32: =IF(JM10="ADMISIBLE",IF(AND(JO32="VÁLIDA",JN29<=$H$32,JM34="",JN31<0.01),JN29,"DESCARTADO"),JM10) -> 0 | JO32: =IF(COUNTIF(JO15:JO27,"NO VÁLIDA")>0,"NO VÁLIDA","VÁLIDA") -> NO VÁLIDA | JQ32: =IF(JP10="ADMISIBLE",IF(AND(JR32="VÁLIDA",JQ29<=$H$32,JP34="",JQ31<0.01),JQ29,"DESCARTADO"),JP10) -> 0 | JR32: =IF(COUNTIF(JR15:JR27,"NO VÁLIDA")>0,"NO VÁLIDA","VÁLIDA") -> NO VÁLIDA | JT32: =IF(JS10="ADMISIBLE",IF(AND(JU32="VÁLIDA",JT29<=$H$32,JS34="",JT31<0.01),JT29,"DESCARTADO"),JS10) -> 0 | JU32: =IF(COUNTIF(JU15:JU27,"NO VÁLIDA")>0,"NO VÁLIDA","VÁLIDA") -> NO VÁLIDA | JW32: =IF(JV10="ADMISIBLE",IF(AND(JX32="VÁLIDA",JW29<=$H$32,JV34="",JW31<0.01),JW29,"DESCARTADO"),JV10) -> 0 | JX32: =IF(COUNTIF(JX15:JX27,"NO VÁLIDA")>0,"NO VÁLIDA","VÁLIDA") -> NO VÁLIDA | JZ32: =IF(JY10="ADMISIBLE",IF(AND(KA32="VÁLIDA",JZ29<=$H$32,JY34="",JZ31<0.01),JZ29,"DESCARTADO"),JY10) -> 0 | KA32: =IF(COUNTIF(KA15:KA27,"NO VÁLIDA")>0,"NO VÁLIDA","VÁLIDA") -> NO VÁLIDA | KC32: =IF(KB10="ADMISIBLE",IF(AND(KD32="VÁLIDA",KC29<=$H$32,KB34="",KC31<0.01),KC29,"DESCARTADO"),KB10) -> 0 | KD32: =IF(COUNTIF(KD15:KD27,"NO VÁLIDA")>0,"NO VÁLIDA","VÁLIDA") -> NO VÁLIDA | KF32: =IF(KE10="ADMISIBLE",IF(AND(KG32="VÁLIDA",KF29<=$H$32,KE34="",KF31<0.01),KF29,"DESCARTADO"),KE10) -> 0 | KG32: =IF(COUNTIF(KG15:KG27,"NO VÁLIDA")>0,"NO VÁLIDA","VÁLIDA") -> NO VÁLIDA | KI32: =IF(KH10="ADMISIBLE",IF(AND(KJ32="VÁLIDA",KI29<=$H$32,KH34="",KI31<0.01),KI29,"DESCARTADO"),KH10) -> 0 | KJ32: =IF(COUNTIF(KJ15:KJ27,"NO VÁLIDA")>0,"NO VÁLIDA","VÁLIDA") -> NO VÁLIDA | KL32: =IF(KK10="ADMISIBLE",IF(AND(KM32="VÁLIDA",KL29<=$H$32,KK34="",KL31<0.01),KL29,"DESCARTADO"),KK10) -> 0 | KM32: =IF(COUNTIF(KM15:KM27,"NO VÁLIDA")>0,"NO VÁLIDA","VÁLIDA") -> NO VÁLIDA | KO32: =IF(KN10="ADMISIBLE",IF(AND(KP32="VÁLIDA",KO29<=$H$32,KN34="",KO31<0.01),KO29,"DESCARTADO"),KN10) -> 0 | KP32: =IF(COUNTIF(KP15:KP27,"NO VÁLIDA")>0,"NO VÁLIDA","VÁLIDA") -> NO VÁLIDA | KR32: =IF(KQ10="ADMISIBLE",IF(AND(KS32="VÁLIDA",KR29<=$H$32,KQ34="",KR31<0.01),KR29,"DESCARTADO"),KQ10) -> 0 | KS32: =IF(COUNTIF(KS15:KS27,"NO VÁLIDA")>0,"NO VÁLIDA","VÁLIDA") -> NO VÁLIDA | KU32: =IF(KT10="ADMISIBLE",IF(AND(KV32="VÁLIDA",KU29<=$H$32,KT34="",KU31<0.01),KU29,"DESCARTADO"),KT10) -> 0 | KV32: =IF(COUNTIF(KV15:KV27,"NO VÁLIDA")>0,"NO VÁLIDA","VÁLIDA") -> NO VÁLIDA
I33: =I11 -> 1 | L33: =L11 -> 2 | O33: =O11 -> 3 | R33: =R11 -> 4 | U33: =U11 -> 5 | X33: =X11 -> 6 | AA33: =AA11 -> 7 | AD33: =AD11 -> 8 | AG33: =AG11 -> 9 | AJ33: =AJ11 -> 10 | AM33: =AM11 -> 0 | AP33: =AP11 -> 0 | AS33: =AS11 -> 0 | AV33: =AV11 -> 0 | AY33: =AY11 -> 0 | BB33: =BB11 -> 0 | BE33: =BE11 -> 0 | BH33: =BH11 -> 0 | BK33: =BK11 -> 0 | BN33: =BN11 -> 0 | BQ33: =BQ11 -> 0 | BT33: =BT11 -> 0 | BW33: =BW11 -> 0 | BZ33: =BZ11 -> 0 | CC33: =CC11 -> 0 | CF33: =CF11 -> 0 | CI33: =CI11 -> 0 | CL33: =CL11 -> 0 | CO33: =CO11 -> 0 | CR33: =CR11 -> 0 | CU33: =CU11 -> 0 | CX33: =CX11 -> 0 | DA33: =DA11 -> 0 | DD33: =DD11 -> 0 | DG33: =DG11 -> 0 | DJ33: =DJ11 -> 0 | DM33: =DM11 -> 0 | DP33: =DP11 -> 0 | DS33: =DS11 -> 0 | DV33: =DV11 -> 0 | DY33: =DY11 -> 0 | EB33: =EB11 -> 0 | EE33: =EE11 -> 0 | EH33: =EH11 -> 0 | EK33: =EK11 -> 0 | EN33: =EN11 -> 0 | EQ33: =EQ11 -> 0 | ET33: =ET11 -> 0 | EW33: =EW11 -> 0 | EZ33: =EZ11 -> 0 | FC33: =FC11 -> 0 | FF33: =FF11 -> 0 | FI33: =FI11 -> 0 | FL33: =FL11 -> 0 | FO33: =FO11 -> 0 | FR33: =FR11 -> 0 | FU33: =FU11 -> 0 | FX33: =FX11 -> 0 | GA33: =GA11 -> 0 | GD33: =GD11 -> 0 | GG33: =GG11 -> 0 | GJ33: =GJ11 -> 0 | GM33: =GM11 -> 0 | GP33: =GP11 -> 0 | GS33: =GS11 -> 0 | GV33: =GV11 -> 0 | GY33: =GY11 -> 0 | HB33: =HB11 -> 0 | HE33: =HE11 -> 0 | HH33: =HH11 -> 0 | HK33: =HK11 -> 0 | HN33: =HN11 -> 0 | HQ33: =HQ11 -> 0 | HT33: =HT11 -> 0 | HW33: =HW11 -> 0 | HZ33: =HZ11 -> 0 | IC33: =IC11 -> 0 | IF33: =IF11 -> 0 | II33: =II11 -> 0 | IL33: =IL11 -> 0 | IO33: =IO11 -> 0 | IR33: =IR11 -> 0 | IU33: =IU11 -> 0 | IX33: =IX11 -> 0 | JA33: =JA11 -> 0 | JD33: =JD11 -> 0 | JG33: =JG11 -> 0 | JJ33: =JJ11 -> 0 | JM33: =JM11 -> 0 | JP33: =JP11 -> 0 | JS33: =JS11 -> 0 | JV33: =JV11 -> 0 | JY33: =JY11 -> 0 | KB33: =KB11 -> 0 | KE33: =KE11 -> 0 | KH33: =KH11 -> 0 | KK33: =KK11 -> 0 | KN33: =KN11 -> 0 | KQ33: =KQ11 -> 0 | KT33: =KT11 -> 0
H34: NOTAS ACLARATORIAS PARA RECHAZO DE LA PROPUESTA ECONÓMICA
H38: NOTAS ACLARATORIAS DE LA PROPUESTA ECONÓMICA

Sheet FORMULA
B1: =RESUMEN!B1 -> INSTITUTO NACIONAL DE VÍAS
B2: =RESUMEN!B2 -> DIRECCIÓN GENERAL
B3: =RESUMEN!B3 -> DIRECCIÓN DE CONTRATACIÓN
B4: =RESUMEN!B4 -> DIRECCIÓN TÉCNICA - SUBDIRECCIÓN DE PREVENCIÓN Y ATENCIÓN DE EMERGENCIAS
B5: =RESUMEN!B5 -> SELECCIÓN ABREVIADA DE MENOR CUANTÍA SA-MC-DT-CAL-009-2019
B7: =RESUMEN!B7 -> OBJETO: CONSTRUCCION OBRAS DE SEÑALIZACION PARA LA SEGURIDAD VIAL EN VIAS A CARGO DEL INVIAS EN JURISDICCION DE LA DIRECCIÓN TERRITORIAL CALDAS. (VIAS CON DISPOSITIVOS CONTROL Y SEÑALIZACION- SISTEMA CONTENCION VEHICULARCOMPLEMENTARIAS-ZONAS ESCOLARES).
B9: CUADRO No. 3
B10: DETERMINACIÓN DEL PUNTAJE POR VALOR DE LA PROPUESTA
B12: Determinación del Método para la Ponderación de la Propuesta Económica | Q12: No. de Módulos del Proceso
B13: TRM DEL DÍA DE LA INSTALACIÓN DE LA AUDIENCIA DE ASIGNACIÓN DE PUNTAJE | I13: Valor = | J13: 3248.91 | Q13: 1
I14: CENTESIMAS = | J14: =100*(J13-INT(J13)) -> 91
B15: MÉTODO DE PONDERACIÓN = | F15: =IF(OR($Q$13=1,$Q$16=""),IF(AND(J14>=0,J14<=24),"MEDIA ARITMETICA",IF(AND(J14>=25,J14<=49),"MEDIA ARITMETICA ALTA",IF(AND(J14>=50,J14<=74),"MEDIA GEOMETRICA CON PRESUPUESTO OFICIAL","MENOR VALOR"))),IF(Q16="MEDIA ARITMÉTICA","MEDIA ARITMETICA ALTA",IF(Q16="MEDIA ARITMÉTICA ALTA","MEDIA GEOMETRICA CON PRESUPUESTO OFICIAL",IF(Q16="MEDIA GEOMÉTRICA CON PRESUPUESTO OFICIAL","MENOR VALOR","MEDIA ARITMETICA")))) -> MENOR VALOR | Q15: Último Método Utilizado
Q16: NO APLICA
B17: Parámetros para la ponderación de la propuesta económica
I18: Número de propuestas válidas | J18: 5
I19: Mínimo | J19: 101329110
I20: Máximo | J20: 108729155
I21: Media Aritmética =X | J21: 1.0607905e+08
I22: Mediana= Me | J22: 106493869
I23: Desviación estándar =S | J23: 2955020.3
I24: Presupuesto Oficial | J24: 110167236
I25: Puntaje propuesta Económica | J25: 800
B27: 1. Media Aritmética
B28: Media artimética (X) | J28: 1.0607905e+08
B29: 2. Media Aritmética Alta
B30: Media artimética alta (XA) | J30: 1.074041e+08
B31: 3. Media Geométrica con presupuesto oficial
B32: Número de veces que se debe incluir el PO = nv | J32: 2
B33: Producto (1x109) | J33: 1.341109e-05
B34: Ponv(1x109) | J34: 0.01213682
B35: Media geométrica con presupuesto oficial aproximado a números enteros = Mgpo | J35: 1.0720725e+08
B36: 4. Menor Valor
B37: Menor Valor (Vmin) | J37: 101329110
B40: Estadistico usado para ponderar : | F40: =F15 -> MENOR VALOR | J40: 101329110
B43: PONDERACIÓN
B44: CONSECUTIVO | C44: PROP. No. | D44: PROPONENTE | E44: PROPUESTA ECONÓMICA INICIAL | F44: PROPUESTA ECONÓMICA CORREGIDA | G44: % DE ERROR FRENTE AL VALOR DE LA OFERTA ECONÓMICA INICIAL | H44: PROPUESTA ECONÓMICA | I44: PORCENTAJE DE MEJORA | J44: PUNTAJE | K44: CON RESPECTO A PO | L44: CON RESPECTO A M1 | M44: CON RESPECTO A M2 | N44: CON RESPECTO A M3 | O44: CON RESPECTO A M4 | AG44: =UPPER(S44) | AH44: =UPPER(T44) | AI44: =UPPER(U44) | AJ44: =UPPER(V44)
E45: ($) | F45: ($) | G45: (%) | H45: ($1x109) | I45: (%) | J45: (Puntos)
B46: 1 | C46: =RESUMEN!C15 -> 1 | D46: =VLOOKUP(C46,RESUMEN!$C$15:$D$114,2,0) -> JUAN BERNARDO CAÑON PARRA | E46: 108291204 | F46: 108291204 | G46: 0 | H46: 0.1082912 | I46: -0.017028947 | J46: 690.06762 | K46: =IF(ISTEXT(F46),"",F46/$J$24) -> 0.98297105 | L46: =IF(ISTEXT(F46),"",F46/$J$28) -> 1.0208539 | M46: =IF(ISTEXT(F46),"",F46/$J$30) -> 1.0082595 | N46: =IF(ISTEXT(F46),"",F46/$J$35) -> 1.0101109 | O46: =IF(ISTEXT(F46),"",F46/$J$37) -> 1.0687077
B47: 2 | C47: =RESUMEN!C16 -> 2 | D47: =VLOOKUP(C47,RESUMEN!$C$15:$D$114,2,0) -> LESATH SAS | E47: DESCARTADO | F47: DESCARTADO | I47: DESCARTADO | J47: DESCARTADO | K47: =IF(ISTEXT(F47),"",F47/$J$24) | L47: =IF(ISTEXT(F47),"",F47/$J$28) | M47: =IF(ISTEXT(F47),"",F47/$J$30) | N47: =IF(ISTEXT(F47),"",F47/$J$35) | O47: =IF(ISTEXT(F47),"",F47/$J$37)
B48: 3 | C48: =RESUMEN!C17 -> 3 | D48: =VLOOKUP(C48,RESUMEN!$C$15:$D$114,2,0) -> RAUL EDUARDO GALINDO GARCIA | E48: 108729155 | F48: 108729155 | G48: 0 | H48: 0.10872915 | I48: -0.013053618 | J48: 683.15231 | K48: =IF(ISTEXT(F48),"",F48/$J$24) -> 0.98694638 | L48: =IF(ISTEXT(F48),"",F48/$J$28) -> 1.0249824 | M48: =IF(ISTEXT(F48),"",F48/$J$30) -> 1.0123371 | N48: =IF(ISTEXT(F48),"",F48/$J$35) -> 1.014196 | O48: =IF(ISTEXT(F48),"",F48/$J$37) -> 1.0730298
B49: 4 | C49: =RESUMEN!C18 -> 4 | D49: =VLOOKUP(C49,RESUMEN!$C$15:$D$114,2,0) -> JORGE EIVAR TULCAN LOSADA | E49: 106493869 | F49: 106493869 | G49: 0 | H49: 0.10649387 | I49: -0.033343552 | J49: 718.44777 | K49: =IF(ISTEXT(F49),"",F49/$J$24) -> 0.96665645 | L49: =IF(ISTEXT(F49),"",F49/$J$28) -> 1.0039105 | M49: =IF(ISTEXT(F49),"",F49/$J$30) -> 0.99152517 | N49: =IF(ISTEXT(F49),"",F49/$J$35) -> 0.99334582 | O49: =IF(ISTEXT(F49),"",F49/$J$37) -> 1.0509701
B50: 5 | C50: =RESUMEN!C19 -> 5 | D50: =VLOOKUP(C50,RESUMEN!$C$15:$D$114,2,0) -> CONSORCIO SEDILAS 19 | E50: 105551895 | F50: 105551895 | G50: 0 | H50: 0.1055519 | I50: -0.041893953 | J50: 733.32167 | K50: =IF(ISTEXT(F50),"",F50/$J$24) -> 0.95810605 | L50: =IF(ISTEXT(F50),"",F50/$J$28) -> 0.99503058 | M50: =IF(ISTEXT(F50),"",F50/$J$30) -> 0.98275479 | N50: =IF(ISTEXT(F50),"",F50/$J$35) -> 0.98455934 | O50: =IF(ISTEXT(F50),"",F50/$J$37) -> 1.041674
B51: 6 | C51: =RESUMEN!C20 -> 6 | D51: =VLOOKUP(C51,RESUMEN!$C$15:$D$114,2,0) -> CLAUDIA MARIA FERRERO SERRANO | E51: 101329110 | F51: 101329110 | G51: 0 | H51: 0.10132911 | I51: -0.080224632 | J51: 800 | K51: =IF(ISTEXT(F51),"",F51/$J$24) -> 0.91977537 | L51: =IF(ISTEXT(F51),"",F51/$J$28) -> 0.95522267 | M51: =IF(ISTEXT(F51),"",F51/$J$30) -> 0.943438 | N51: =IF(ISTEXT(F51),"",F51/$J$35) -> 0.94517035 | O51: =IF(ISTEXT(F51),"",F51/$J$37) -> 1
B52: 7 | C52: =RESUMEN!C21 -> 7 | K52: =IF(ISTEXT(F52),"",F52/$J$24) -> 0 | L52: =IF(ISTEXT(F52),"",F52/$J$28) -> 0 | M52: =IF(ISTEXT(F52),"",F52/$J$30) -> 0 | N52: =IF(ISTEXT(F52),"",F52/$J$35) -> 0 | O52: =IF(ISTEXT(F52),"",F52/$J$37) -> 0
B53: 8 | C53: =RESUMEN!C22 -> 8 | K53: =IF(ISTEXT(F53),"",F53/$J$24) -> 0 | L53: =IF(ISTEXT(F53),"",F53/$J$28) -> 0 | M53: =IF(ISTEXT(F53),"",F53/$J$30) -> 0 | N53: =IF(ISTEXT(F53),"",F53/$J$35) -> 0 | O53: =IF(ISTEXT(F53),"",F53/$J$37) -> 0
B54: 9 | C54: =RESUMEN!C23 -> 9
B55: 10 | C55: =RESUMEN!C24 -> 10
B145: Estado de la Ponderación
B146: Indicador | J146: Cantidad
B147: Número total de propuestas descartadas | J147: =COUNTIF(J46:J143,"DESCARTADO") -> 1
B148: Número de propuestas inferiores o iguales al estadistico de ponderación | J148: =COUNTIF(F46:F143,"<="&J40) -> 1
B149: Número de propuestas superiores al estadistico de ponderación | J149: =COUNTIF(F46:F143,">"&J40) -> 4
B150: Descuento de la propuesta con mayor ponderación | J150: =DMIN(I44:J143,1,I154:J155) -> -0.080224632
B151: Número propuesta con mayor ponderación | J151: =IF(J18=0,"",DGET(C44:J143,1,J154:J155)) -> 6
B152: Propuesta con mayor ponderación | J152: =IF(J18=0,"",DGET(C44:O143,2,J154:J155)) -> CLAUDIA MARIA FERRERO SERRANO
I154: PORCENTAJE DE MEJORA | J154: PUNTAJE
I155: <0 | J155: =MAX(J46:J143) -> 800
S161: 246500889410 | T161: 242851543086 | U161: 255815367666 | V161: 229461585210 | W161: 251294023456 | X161: 256143018798 | Y161: 254559622968 | Z161: 259137028741 | AA161: 248849829575 | AB161: 246405951109 | AC161: 241537467742 | AD161: 248820873611 | AE161: 236679277932 | AF161: 231590047547 | AG161: 227321068593 | AH161: 249585224523 | AI161: 259120341261 | AJ161: 250076291918 | AK161: 260048521564 | AL161: 239541109341 | AM161: 250814634168 | AN161: 242211742393

Sheet ELEGIBILIDAD
B1: =RESUMEN!B1 -> INSTITUTO NACIONAL DE VÍAS | Q1: =B1 -> INSTITUTO NACIONAL DE VÍAS
B2: =RESUMEN!B2 -> DIRECCIÓN GENERAL | Q2: =B2 -> DIRECCIÓN GENERAL
B3: =RESUMEN!B3 -> DIRECCIÓN DE CONTRATACIÓN | Q3: =B3 -> DIRECCIÓN DE CONTRATACIÓN
B4: =RESUMEN!B4 -> DIRECCIÓN TÉCNICA - SUBDIRECCIÓN DE PREVENCIÓN Y ATENCIÓN DE EMERGENCIAS | Q4: =B4 -> DIRECCIÓN TÉCNICA - SUBDIRECCIÓN DE PREVENCIÓN Y ATENCIÓN DE EMERGENCIAS
B5: =RESUMEN!B5 -> SELECCIÓN ABREVIADA DE MENOR CUANTÍA SA-MC-DT-CAL-009-2019 | Q5: =B5 -> SELECCIÓN ABREVIADA DE MENOR CUANTÍA SA-MC-DT-CAL-009-2019
B7: =RESUMEN!B7 -> OBJETO: CONSTRUCCION OBRAS DE SEÑALIZACION PARA LA SEGURIDAD VIAL EN VIAS A CARGO DEL INVIAS EN JURISDICCION DE LA DIRECCIÓN TERRITORIAL CALDAS. (VIAS CON DISPOSITIVOS CONTROL Y SEÑALIZACION- SISTEMA CONTENCION VEHICULARCOMPLEMENTARIAS-ZONAS ESCOLARES). | Q7: =B7 -> OBJETO: CONSTRUCCION OBRAS DE SEÑALIZACION PARA LA SEGURIDAD VIAL EN VIAS A CARGO DEL INVIAS EN JURISDICCION DE LA DIRECCIÓN TERRITORIAL CALDAS. (VIAS CON DISPOSITIVOS CONTROL Y SEÑALIZACION- SISTEMA CONTENCION VEHICULARCOMPLEMENTARIAS-ZONAS ESCOLARES).
B8: =IF(RESUMEN!B8="","",RESUMEN!B8) | Q8: =B8
B9: CUADRO No. 4
B10: RESÚMEN DE LA PONDERACIÓN OTORGADA | Q10: CUADRO No. 5
P11: JERARQUIA
B12: CONSECUTIVO | C12: PROPUESTA NUMERO | D12: PROPONENTE | E12: PROPUESTA ECONÓMICA INICIAL | F12: PROPUESTA ECONÓMICA CORREGIDA | G12: % DE ERROR FRENTE AL VALOR DE LA OFERTA ECONÓMICA INICIAL | H12: PORCENTAJE DE MEJORA | I12: PUNTAJES OTORGADOS A LOS SIGUIENTES CRITERIOS: | L12: PUNTAJE DEFINITIVO | M12: CIFRA DE AJUSTE | Q12: ORDEN DE ELEGIBILIDAD
I13: Precio | J13: Apoyo a la industria nacional | K13: Factor de Calidad | Q13: =VLOOKUP(R16,D16:F113,3,FALSE) -> 101329110
E14: ($) | F14: ($) | G14: (%) | H14: (%) | I14: =FORMULA!J25:J25 -> 800 | J14: 100 | K14: 100 | L14: =SUM(I14:K14) -> 1000 | Q14: Orden | R14: PROPONENTE | S14: Número Propuesta | T14: PUNTAJE
B16: 1 | C16: =RESUMEN!C15 -> 1 | D16: =VLOOKUP(C16,RESUMEN!$C$15:$D$114,2,0) -> JUAN BERNARDO CAÑON PARRA | E16: 108291204 | F16: 108291204 | G16: 0 | H16: -0.017028947 | I16: 690.06762 | J16: 100 | K16: 100 | L16: 890.06762 | M16: 1e-09 | N16: =C16 -> 1 | P16: =RANK(L16,$L$16:$L$25,0) -> 4 | Q16: 1 | R16: =IF(Q16="","",OFFSET($D$15,MATCH(B16,$P$16:$P$113,0),0)) -> CLAUDIA MARIA FERRERO SERRANO | S16: =IF(R16="","",VLOOKUP(R16,$D$16:$N$113,11,FALSE)) -> 6 | T16: 1000
B17: 2 | C17: =RESUMEN!C16 -> 2 | D17: =VLOOKUP(C17,RESUMEN!$C$15:$D$114,2,0) -> LESATH SAS | E17: DESCARTADO | F17: DESCARTADO | H17: DESCARTADO | I17: DESCARTADO | J17: 0 | K17: 0 | L17: -1.1e-09 | M17: 1.1e-09 | N17: =C17 -> 2 | P17: =RANK(L17,$L$16:$L$25,0) -> 6 | Q17: =Q16+1 -> 2 | R17: =IF(Q17="","",OFFSET($D$15,MATCH(B17,$P$16:$P$113,0),0)) -> CONSORCIO SEDILAS 19 | S17: =IF(R17="","",VLOOKUP(R17,$D$16:$N$113,11,FALSE)) -> 5 | T17: 933.32167
B18: 3 | C18: =RESUMEN!C17 -> 3 | D18: =VLOOKUP(C18,RESUMEN!$C$15:$D$114,2,0) -> RAUL EDUARDO GALINDO GARCIA | E18: 108729155 | F18: 108729155 | G18: 0 | H18: -0.013053618 | I18: 683.15231 | J18: 100 | K18: 100 | L18: 883.15231 | M18: 1.2e-09 | N18: =C18 -> 3 | P18: =RANK(L18,$L$16:$L$25,0) -> 5 | Q18: =Q17+1 -> 3 | R18: =IF(Q18="","",OFFSET($D$15,MATCH(B18,$P$16:$P$113,0),0)) -> JORGE EIVAR TULCAN LOSADA | S18: =IF(R18="","",VLOOKUP(R18,$D$16:$N$113,11,FALSE)) -> 4 | T18: 918.44777
B19: 4 | C19: =RESUMEN!C18 -> 4 | D19: =VLOOKUP(C19,RESUMEN!$C$15:$D$114,2,0) -> JORGE EIVAR TULCAN LOSADA | E19: 106493869 | F19: 106493869 | G19: 0 | H19: -0.033343552 | I19: 718.44777 | J19: 100 | K19: 100 | L19: 918.44777 | M19: 1.3e-09 | N19: =C19 -> 4 | P19: =RANK(L19,$L$16:$L$25,0) -> 3 | Q19: =Q18+1 -> 4 | R19: =IF(Q19="","",OFFSET($D$15,MATCH(B19,$P$16:$P$113,0),0)) -> JUAN BERNARDO CAÑON PARRA | S19: =IF(R19="","",VLOOKUP(R19,$D$16:$N$113,11,FALSE)) -> 1 | T19: 890.06762
B20: 5 | C20: =RESUMEN!C19 -> 5 | D20: =VLOOKUP(C20,RESUMEN!$C$15:$D$114,2,0) -> CONSORCIO SEDILAS 19 | E20: 105551895 | F20: 105551895 | G20: 0 | H20: -0.041893953 | I20: 733.32167 | J20: 100 | K20: 100 | L20: 933.32167 | M20: 1.4e-09 | N20: =C20 -> 5 | P20: =RANK(L20,$L$16:$L$25,0) -> 2 | Q20: =Q19+1 -> 5 | R20: =IF(Q20="","",OFFSET($D$15,MATCH(B20,$P$16:$P$113,0),0)) -> RAUL EDUARDO GALINDO GARCIA | S20: =IF(R20="","",VLOOKUP(R20,$D$16:$N$113,11,FALSE)) -> 3 | T20: 883.15231
B21: 6 | C21: =RESUMEN!C20 -> 6 | D21: =VLOOKUP(C21,RESUMEN!$C$15:$D$114,2,0) -> CLAUDIA MARIA FERRERO SERRANO | E21: 101329110 | F21: 101329110 | G21: 0 | H21: -0.080224632 | I21: 800 | J21: 100 | K21: 100 | L21: 1000 | M21: 1.5e-09 | N21: =C21 -> 6 | P21: =RANK(L21,$L$16:$L$25,0) -> 1 | Q21: =Q20+1 -> 6 | R21: =IF(Q21="","",OFFSET($D$15,MATCH(B21,$P$16:$P$113,0),0)) -> LESATH SAS | S21: =IF(R21="","",VLOOKUP(R21,$D$16:$N$113,11,FALSE)) -> 2 | T21: -1.1e-09
B22: 7 | C22: =RESUMEN!C21 -> 7 | M22: 1.6e-09 | N22: =C22 -> 7 | P22: =RANK(L22,$L$16:$L$25,0) -> #N/A | Q22: =Q21+1 -> 7 | R22: =IF(Q22="","",OFFSET($D$15,MATCH(B22,$P$16:$P$113,0),0)) -> #N/A | S22: =IF(R22="","",VLOOKUP(R22,$D$16:$N$113,11,FALSE)) -> #N/A | T22: #N/A
B23: 8 | C23: =RESUMEN!C22 -> 8 | M23: 1.7e-09 | N23: =C23 -> 8 | P23: =RANK(L23,$L$16:$L$25,0) -> #N/A | Q23: =Q22+1 -> 8 | R23: =IF(Q23="","",OFFSET($D$15,MATCH(B23,$P$16:$P$113,0),0)) -> #N/A | S23: =IF(R23="","",VLOOKUP(R23,$D$16:$N$113,11,FALSE)) -> #N/A | T23: #N/A
B24: 9 | C24: =RESUMEN!C23 -> 9 | M24: 2e-09 | N24: =C24 -> 9 | P24: =RANK(L24,$L$16:$L$25,0) -> #N/A | Q24: =Q23+1 -> 9 | R24: =IF(Q24="","",OFFSET($D$15,MATCH(B24,$P$16:$P$113,0),0)) -> #N/A | S24: =IF(R24="","",VLOOKUP(R24,$D$16:$N$113,11,FALSE)) -> #N/A | T24: #N/A
B25: 10 | C25: =RESUMEN!C24 -> 10 | M25: 2.1e-09 | N25: =C25 -> 10 | P25: =RANK(L25,$L$16:$L$25,0) -> #N/A | Q25: =Q24+1 -> 10 | R25: =IF(Q25="","",OFFSET($D$15,MATCH(B25,$P$16:$P$113,0),0)) -> #N/A | S25: =IF(R25="","",VLOOKUP(R25,$D$16:$N$113,11,FALSE)) -> #N/A | T25: #N/A
B26: 13 | C26: =RESUMEN!C27 -> 0 | D26: =VLOOKUP(C26,RESUMEN!$C$15:$D$114,2,0) -> #N/A | E26: =VLOOKUP(B26,FORMULA!$C$46:$J$143,3,0) -> #N/A | F26: =VLOOKUP(C26,FORMULA!$C$46:$J$143,4,0) -> #N/A | G26: =VLOOKUP(B26,FORMULA!$C$46:$J$143,5,0) -> #N/A | H26: =VLOOKUP(C26,FORMULA!$C$46:$J$143,7,0) -> #N/A | I26: =VLOOKUP(C26,FORMULA!$C$46:$J$143,8,0) -> #N/A | J26: =VLOOKUP($C26,RESUMEN!$C$15:$I$114,4,FALSE) -> #N/A | K26: =VLOOKUP($C26,RESUMEN!$C$15:$I$114,5,FALSE) -> #N/A | L26: =IF(F26="DESCARTADO",-M26,SUM(I26:K26,-M26)) -> #N/A | M26: 2.2e-09 | N26: =C26 -> 0 | P26: =RANK(L26,$L$16:$L$113,0) -> #N/A | Q26: =Q25+1 -> 11 | R26: =IF(Q26="","",OFFSET($D$15,MATCH(B26,$P$16:$P$113,0),0)) -> #N/A | S26: =IF(R26="","",VLOOKUP(R26,$D$16:$N$113,11,FALSE)) -> #N/A | T26: =IF(R26="","",VLOOKUP(R26,$D$16:$L$113,9,FALSE)) -> #N/A
B27: 14 | C27: =RESUMEN!C28 -> 0 | D27: =VLOOKUP(C27,RESUMEN!$C$15:$D$114,2,0) -> #N/A | E27: =VLOOKUP(B27,FORMULA!$C$46:$J$143,3,0) -> #N/A | F27: =VLOOKUP(C27,FORMULA!$C$46:$J$143,4,0) -> #N/A | G27: =VLOOKUP(B27,FORMULA!$C$46:$J$143,5,0) -> #N/A | H27: =VLOOKUP(C27,FORMULA!$C$46:$J$143,7,0) -> #N/A | I27: =VLOOKUP(C27,FORMULA!$C$46:$J$143,8,0) -> #N/A | J27: =VLOOKUP($C27,RESUMEN!$C$15:$I$114,4,FALSE) -> #N/A | K27: =VLOOKUP($C27,RESUMEN!$C$15:$I$114,5,FALSE) -> #N/A | L27: =IF(F27="DESCARTADO",-M27,SUM(I27:K27,-M27)) -> #N/A | M27: 2.3e-09 | N27: =C27 -> 0 | P27: =RANK(L27,$L$16:$L$113,0) -> #N/A | Q27: =Q26+1 -> 12 | R27: =IF(Q27="","",OFFSET($D$15,MATCH(B27,$P$16:$P$113,0),0)) -> #N/A | S27: =IF(R27="","",VLOOKUP(R27,$D$16:$N$113,11,FALSE)) -> #N/A | T27: =IF(R27="","",VLOOKUP(R27,$D$16:$L$113,9,FALSE)) -> #N/A
B28: 15 | C28: =RESUMEN!C29 -> 0 | D28: =VLOOKUP(C28,RESUMEN!$C$15:$D$114,2,0) -> #N/A | E28: =VLOOKUP(B28,FORMULA!$C$46:$J$143,3,0) -> #N/A | F28: =VLOOKUP(C28,FORMULA!$C$46:$J$143,4,0) -> #N/A | G28: =VLOOKUP(B28,FORMULA!$C$46:$J$143,5,0) -> #N/A | H28: =VLOOKUP(C28,FORMULA!$C$46:$J$143,7,0) -> #N/A | I28: =VLOOKUP(C28,FORMULA!$C$46:$J$143,8,0) -> #N/A | J28: =VLOOKUP($C28,RESUMEN!$C$15:$I$114,4,FALSE) -> #N/A | K28: =VLOOKUP($C28,RESUMEN!$C$15:$I$114,5,FALSE) -> #N/A | L28: =IF(F28="DESCARTADO",-M28,SUM(I28:K28,-M28)) -> #N/A | M28: 2.4e-09 | N28: =C28 -> 0 | P28: =RANK(L28,$L$16:$L$113,0) -> #N/A | Q28: =Q27+1 -> 13 | R28: =IF(Q28="","",OFFSET($D$15,MATCH(B28,$P$16:$P$113,0),0)) -> #N/A | S28: =IF(R28="","",VLOOKUP(R28,$D$16:$N$113,11,FALSE)) -> #N/A | T28: =IF(R28="","",VLOOKUP(R28,$D$16:$L$113,9,FALSE)) -> #N/A
B29: 16 | C29: =RESUMEN!C30 -> 0 | D29: =VLOOKUP(C29,RESUMEN!$C$15:$D$114,2,0) -> #N/A | E29: =VLOOKUP(B29,FORMULA!$C$46:$J$143,3,0) -> #N/A | F29: =VLOOKUP(C29,FORMULA!$C$46:$J$143,4,0) -> #N/A | G29: =VLOOKUP(B29,FORMULA!$C$46:$J$143,5,0) -> #N/A | H29: =VLOOKUP(C29,FORMULA!$C$46:$J$143,7,0) -> #N/A | I29: =VLOOKUP(C29,FORMULA!$C$46:$J$143,8,0) -> #N/A | J29: =VLOOKUP($C29,RESUMEN!$C$15:$I$114,4,FALSE) -> #N/A | K29: =VLOOKUP($C29,RESUMEN!$C$15:$I$114,5,FALSE) -> #N/A | L29: =IF(F29="DESCARTADO",-M29,SUM(I29:K29,-M29)) -> #N/A | M29: 2.5e-09 | N29: =C29 -> 0 | P29: =RANK(L29,$L$16:$L$113,0) -> #N/A | Q29: =Q28+1 -> 14 | R29: =IF(Q29="","",OFFSET($D$15,MATCH(B29,$P$16:$P$113,0),0)) -> #N/A | S29: =IF(R29="","",VLOOKUP(R29,$D$16:$N$113,11,FALSE)) -> #N/A | T29: =IF(R29="","",VLOOKUP(R29,$D$16:$L$113,9,FALSE)) -> #N/A
B30: 17 | C30: =RESUMEN!C31 -> 0 | D30: =VLOOKUP(C30,RESUMEN!$C$15:$D$114,2,0) -> #N/A | E30: =VLOOKUP(B30,FORMULA!$C$46:$J$143,3,0) -> #N/A | F30: =VLOOKUP(C30,FORMULA!$C$46:$J$143,4,0) -> #N/A | G30: =VLOOKUP(B30,FORMULA!$C$46:$J$143,5,0) -> #N/A | H30: =VLOOKUP(C30,FORMULA!$C$46:$J$143,7,0) -> #N/A | I30: =VLOOKUP(C30,FORMULA!$C$46:$J$143,8,0) -> #N/A | J30: =VLOOKUP($C30,RESUMEN!$C$15:$I$114,4,FALSE) -> #N/A | K30: =VLOOKUP($C30,RESUMEN!$C$15:$I$114,5,FALSE) -> #N/A | L30: =IF(F30="DESCARTADO",-M30,SUM(I30:K30,-M30)) -> #N/A | M30: 2.6e-09 | N30: =C30 -> 0 | P30: =RANK(L30,$L$16:$L$113,0) -> #N/A | Q30: =Q29+1 -> 15 | R30: =IF(Q30="","",OFFSET($D$15,MATCH(B30,$P$16:$P$113,0),0)) -> #N/A | S30: =IF(R30="","",VLOOKUP(R30,$D$16:$N$113,11,FALSE)) -> #N/A | T30: =IF(R30="","",VLOOKUP(R30,$D$16:$L$113,9,FALSE)) -> #N/A
B31: 18 | C31: =RESUMEN!C32 -> 0 | D31: =VLOOKUP(C31,RESUMEN!$C$15:$D$114,2,0) -> #N/A | E31: =VLOOKUP(B31,FORMULA!$C$46:$J$143,3,0) -> #N/A | F31: =VLOOKUP(C31,FORMULA!$C$46:$J$143,4,0) -> #N/A | G31: =VLOOKUP(B31,FORMULA!$C$46:$J$143,5,0) -> #N/A | H31: =VLOOKUP(C31,FORMULA!$C$46:$J$143,7,0) -> #N/A | I31: =VLOOKUP(C31,FORMULA!$C$46:$J$143,8,0) -> #N/A | J31: =VLOOKUP($C31,RESUMEN!$C$15:$I$114,4,FALSE) -> #N/A | K31: =VLOOKUP($C31,RESUMEN!$C$15:$I$114,5,FALSE) -> #N/A | L31: =IF(F31="DESCARTADO",-M31,SUM(I31:K31,-M31)) -> #N/A | M31: 2.7e-09 | N31: =C31 -> 0 | P31: =RANK(L31,$L$16:$L$113,0) -> #N/A | Q31: =Q30+1 -> 16 | R31: =IF(Q31="","",OFFSET($D$15,MATCH(B31,$P$16:$P$113,0),0)) -> #N/A | S31: =IF(R31="","",VLOOKUP(R31,$D$16:$N$113,11,FALSE)) -> #N/A | T31: =IF(R31="","",VLOOKUP(R31,$D$16:$L$113,9,FALSE)) -> #N/A
B32: 19 | C32: =RESUMEN!C33 -> 0 | D32: =VLOOKUP(C32,RESUMEN!$C$15:$D$114,2,0) -> #N/A | E32: =VLOOKUP(B32,FORMULA!$C$46:$J$143,3,0) -> #N/A | F32: =VLOOKUP(C32,FORMULA!$C$46:$J$143,4,0) -> #N/A | G32: =VLOOKUP(B32,FORMULA!$C$46:$J$143,5,0) -> #N/A | H32: =VLOOKUP(C32,FORMULA!$C$46:$J$143,7,0) -> #N/A | I32: =VLOOKUP(C32,FORMULA!$C$46:$J$143,8,0) -> #N/A | J32: =VLOOKUP($C32,RESUMEN!$C$15:$I$114,4,FALSE) -> #N/A | K32: =VLOOKUP($C32,RESUMEN!$C$15:$I$114,5,FALSE) -> #N/A | L32: =IF(F32="DESCARTADO",-M32,SUM(I32:K32,-M32)) -> #N/A | M32: 2.8e-09 | N32: =C32 -> 0 | P32: =RANK(L32,$L$16:$L$113,0) -> #N/A | Q32: =Q31+1 -> 17 | R32: =IF(Q32="","",OFFSET($D$15,MATCH(B32,$P$16:$P$113,0),0)) -> #N/A | S32: =IF(R32="","",VLOOKUP(R32,$D$16:$N$113,11,FALSE)) -> #N/A | T32: =IF(R32="","",VLOOKUP(R32,$D$16:$L$113,9,FALSE)) -> #N/A
B33: 20 | C33: =RESUMEN!C34 -> 0 | D33: =VLOOKUP(C33,RESUMEN!$C$15:$D$114,2,0) -> #N/A | E33: =VLOOKUP(B33,FORMULA!$C$46:$J$143,3,0) -> #N/A | F33: =VLOOKUP(C33,FORMULA!$C$46:$J$143,4,0) -> #N/A | G33: =VLOOKUP(B33,FORMULA!$C$46:$J$143,5,0) -> #N/A | H33: =VLOOKUP(C33,FORMULA!$C$46:$J$143,7,0) -> #N/A | I33: =VLOOKUP(C33,FORMULA!$C$46:$J$143,8,0) -> #N/A | J33: =VLOOKUP($C33,RESUMEN!$C$15:$I$114,4,FALSE) -> #N/A | K33: =VLOOKUP($C33,RESUMEN!$C$15:$I$114,5,FALSE) -> #N/A | L33: =IF(F33="DESCARTADO",-M33,SUM(I33:K33,-M33)) -> #N/A | M33: 2.9e-09 | N33: =C33 -> 0 | P33: =RANK(L33,$L$16:$L$113,0) -> #N/A | Q33: =Q32+1 -> 18 | R33: =IF(Q33="","",OFFSET($D$15,MATCH(B33,$P$16:$P$113,0),0)) -> #N/A | S33: =IF(R33="","",VLOOKUP(R33,$D$16:$N$113,11,FALSE)) -> #N/A | T33: =IF(R33="","",VLOOKUP(R33,$D$16:$L$113,9,FALSE)) -> #N/A
B34: 21 | C34: =RESUMEN!C35 -> 0 | D34: =VLOOKUP(C34,RESUMEN!$C$15:$D$114,2,0) -> #N/A | E34: =VLOOKUP(B34,FORMULA!$C$46:$J$143,3,0) -> #N/A | F34: =VLOOKUP(C34,FORMULA!$C$46:$J$143,4,0) -> #N/A | G34: =VLOOKUP(B34,FORMULA!$C$46:$J$143,5,0) -> #N/A | H34: =VLOOKUP(C34,FORMULA!$C$46:$J$143,7,0) -> #N/A | I34: =VLOOKUP(C34,FORMULA!$C$46:$J$143,8,0) -> #N/A | J34: =VLOOKUP($C34,RESUMEN!$C$15:$I$114,4,FALSE) -> #N/A | K34: =VLOOKUP($C34,RESUMEN!$C$15:$I$114,5,FALSE) -> #N/A | L34: =IF(F34="DESCARTADO",-M34,SUM(I34:K34,-M34)) -> #N/A | M34: 3e-09 | N34: =C34 -> 0 | P34: =RANK(L34,$L$16:$L$113,0) -> #N/A | Q34: =Q33+1 -> 19 | R34: =IF(Q34="","",OFFSET($D$15,MATCH(B34,$P$16:$P$113,0),0)) -> #N/A | S34: =IF(R34="","",VLOOKUP(R34,$D$16:$N$113,11,FALSE)) -> #N/A | T34: =IF(R34="","",VLOOKUP(R34,$D$16:$L$113,9,FALSE)) -> #N/A
B35: 22 | C35: =RESUMEN!C36 -> 0 | D35: =VLOOKUP(C35,RESUMEN!$C$15:$D$114,2,0) -> #N/A | E35: =VLOOKUP(B35,FORMULA!$C$46:$J$143,3,0) -> #N/A | F35: =VLOOKUP(C35,FORMULA!$C$46:$J$143,4,0) -> #N/A | G35: =VLOOKUP(B35,FORMULA!$C$46:$J$143,5,0) -> #N/A | H35: =VLOOKUP(C35,FORMULA!$C$46:$J$143,7,0) -> #N/A | I35: =VLOOKUP(C35,FORMULA!$C$46:$J$143,8,0) -> #N/A | J35: =VLOOKUP($C35,RESUMEN!$C$15:$I$114,4,FALSE) -> #N/A | K35: =VLOOKUP($C35,RESUMEN!$C$15:$I$114,5,FALSE) -> #N/A | L35: =IF(F35="DESCARTADO",-M35,SUM(I35:K35,-M35)) -> #N/A | M35: 3.1e-09 | N35: =C35 -> 0 | P35: =RANK(L35,$L$16:$L$113,0) -> #N/A | Q35: =Q34+1 -> 20 | R35: =IF(Q35="","",OFFSET($D$15,MATCH(B35,$P$16:$P$113,0),0)) -> #N/A | S35: =IF(R35="","",VLOOKUP(R35,$D$16:$N$113,11,FALSE)) -> #N/A | T35: =IF(R35="","",VLOOKUP(R35,$D$16:$L$113,9,FALSE)) -> #N/A
B36: 23 | C36: =RESUMEN!C37 -> 0 | D36: =VLOOKUP(C36,RESUMEN!$C$15:$D$114,2,0) -> #N/A | E36: =VLOOKUP(B36,FORMULA!$C$46:$J$143,3,0) -> #N/A | F36: =VLOOKUP(C36,FORMULA!$C$46:$J$143,4,0) -> #N/A | G36: =VLOOKUP(B36,FORMULA!$C$46:$J$143,5,0) -> #N/A | H36: =VLOOKUP(C36,FORMULA!$C$46:$J$143,7,0) -> #N/A | I36: =VLOOKUP(C36,FORMULA!$C$46:$J$143,8,0) -> #N/A | J36: =VLOOKUP($C36,RESUMEN!$C$15:$I$114,4,FALSE) -> #N/A | K36: =VLOOKUP($C36,RESUMEN!$C$15:$I$114,5,FALSE) -> #N/A | L36: =IF(F36="DESCARTADO",-M36,SUM(I36:K36,-M36)) -> #N/A | M36: 3.2e-09 | N36: =C36 -> 0 | P36: =RANK(L36,$L$16:$L$113,0) -> #N/A | Q36: =Q35+1 -> 21 | R36: =IF(Q36="","",OFFSET($D$15,MATCH(B36,$P$16:$P$113,0),0)) -> #N/A | S36: =IF(R36="","",VLOOKUP(R36,$D$16:$N$113,11,FALSE)) -> #N/A | T36: =IF(R36="","",VLOOKUP(R36,$D$16:$L$113,9,FALSE)) -> #N/A
B37: 24 | C37: =RESUMEN!C38 -> 0 | D37: =VLOOKUP(C37,RESUMEN!$C$15:$D$114,2,0) -> #N/A | E37: =VLOOKUP(B37,FORMULA!$C$46:$J$143,3,0) -> #N/A | F37: =VLOOKUP(C37,FORMULA!$C$46:$J$143,4,0) -> #N/A | G37: =VLOOKUP(B37,FORMULA!$C$46:$J$143,5,0) -> #N/A | H37: =VLOOKUP(C37,FORMULA!$C$46:$J$143,7,0) -> #N/A | I37: =VLOOKUP(C37,FORMULA!$C$46:$J$143,8,0) -> #N/A | J37: =VLOOKUP($C37,RESUMEN!$C$15:$I$114,4,FALSE) -> #N/A | K37: =VLOOKUP($C37,RESUMEN!$C$15:$I$114,5,FALSE) -> #N/A | L37: =IF(F37="DESCARTADO",-M37,SUM(I37:K37,-M37)) -> #N/A | M37: 3.3e-09 | N37: =C37 -> 0 | P37: =RANK(L37,$L$16:$L$113,0) -> #N/A | Q37: =Q36+1 -> 22 | R37: =IF(Q37="","",OFFSET($D$15,MATCH(B37,$P$16:$P$113,0),0)) -> #N/A | S37: =IF(R37="","",VLOOKUP(R37,$D$16:$N$113,11,FALSE)) -> #N/A | T37: =IF(R37="","",VLOOKUP(R37,$D$16:$L$113,9,FALSE)) -> #N/A
... B113: 100 | C113: =RESUMEN!C114 -> 0 | D113: =VLOOKUP(C113,RESUMEN!$C$15:$D$114,2,0) -> #N/A | E113: =VLOOKUP(B113,FORMULA!$C$46:$J$143,3,0) -> #N/A | F113: =VLOOKUP(C113,FORMULA!$C$46:$J$143,4,0) -> #N/A | G113: =VLOOKUP(B113,FORMULA!$C$46:$J$143,5,0) -> #N/A | H113: =VLOOKUP(C113,FORMULA!$C$46:$J$143,7,0) -> #N/A | I113: =VLOOKUP(C113,FORMULA!$C$46:$J$143,8,0) -> #N/A | J113: =VLOOKUP($C113,RESUMEN!$C$15:$I$114,4,FALSE) -> #N/A | K113: =VLOOKUP($C113,RESUMEN!$C$15:$I$114,5,FALSE) -> #N/A | L113: =IF(F113="DESCARTADO",-M113,SUM(I113:K113,-M113)) -> #N/A | M113: 1.09e-08 | N113: =C113 -> 0 | P113: =RANK(L113,$L$16:$L$113,0) -> #N/A | Q113: =Q112+1 -> 98 | R113: =IF(Q113="","",OFFSET($D$15,MATCH(B113,$P$16:$P$113,0),0)) -> #N/A | S113: =IF(R113="","",VLOOKUP(R113,$D$16:$N$113,11,FALSE)) -> #N/A | T113: =IF(R113="","",VLOOKUP(R113,$D$16:$L$113,9,FALSE)) -> #N/A
N114: =C114 -> 0
Q116: =IF(Q13="DESCARTADO","MODULO DESIERTO","")

Sheet Listas
A1: ID | B1: DEPENDENCIAS | C1: RESULTADO | D1: MÉTODOS DE EVALUACIÓN
A2: 1 | B2: DIRECCIÓN GENERAL | C2: ADMISIBLE | D2: MEDIA ARITMÉTICA
A3: 2 | B3: SECRETARIA GENERAL - SUBDIRECCIÓN ADMINISTRATIVA | C3: NO ADMISIBLE | D3: MEDIA ARITMÉTICA ALTA
A4: 3 | B4: SECRETARIA GENERAL - SUBDIRECCIÓN FINANCIERA | C4: RECHAZO | D4: MEDIA GEOMÉTRICA CON PRESUPUESTO OFICIAL
A5: 4 | B5: DIRECCIÓN OPERATIVA - DIRECCIONES TERRITORIALES | D5: MENOR VALOR
A6: 5 | B6: DIRECCIÓN OPERATIVA - GERENCIA DE GRANDES PROYECTOS | D6: NO APLICA
A7: 6 | B7: DIRECCIÓN OPERATIVA - GRUPO PLAN 2500
A8: 7 | B8: DIRECCIÓN TÉCNICA - SUBDIRECCIÓN DE ESTUDIOS DE INNOVACIÓN
A9: 8 | B9: DIRECCIÓN TÉCNICA - SUBDIRECCIÓN DE MEDIO AMBIENTE Y GESTIÓN SOCIAL
A10: 9 | B10: DIRECCIÓN TÉCNICA - SUBDIRECCIÓN DE PREVENCIÓN Y ATENCIÓN DE EMERGENCIAS
A11: 10 | B11: DIRECCIÓN OPERATIVA - SUBDIRECCIÓN MARÍTIMA Y FLUVIAL
A12: 11 | B12: DIRECCIÓN OPERATIVA - SUBDIRECCIÓN RED NACIONAL DE CARRETERAS
A13: 12 | B13: DIRECCIÓN OPERATIVA - SUBDIRECCIÓN RED TERCIARIA Y FERREA
A14: 13 | B14: DIRECCIÓN TÉCNICA
A15: 14 | B15: DIRECCIÓN OPERATIVA - GRUPO TÚNEL DE LA LÍNEA
A16: 15 | B16: DIRECCIÓN OPERATIVA
